Workbook
Name _ftn1: Sintético!#REF!
Name _ftnref1: Sintético!#REF!
Name Area: 'Gastos com Pessoal'!$E$129:$E$130
Name Benefícios: Analítico!$B$44:$B$50
Name Beneficios2: Analítico!$B$45:$B$50
Name Beneficios3: 'Gastos com Pessoal'!$BG$1:$BG$7
Name Bens: Analítico!$B$118:$B$130
Name Dropdown1: Sintético!#REF!
Name Gerais: Analítico!$B$54:$B$115
Name VinculoPT: INDIRECT(CONCATENATE("'Gastos das Atividades'!$B$5:$B$",COUNTA('Gastos das Atividades'!$B$5:$B$34)+4))

Sheet Capa
A1: Termo de Parceria celebrado entre o Instituto Estadual do Patrimônio Histórico e Artístico de Minas Gerais - IEPHA/MG e a Associação Pró-Cultura e Promoção das Artes - APPA
A3: Período Proposto
A4: 01 de janeiro de 2018 a 31 de dezembro de 2019
A7: Versão 5.2 do Modelo de Memória de Cálculo - Janeiro de 2017

Sheet Sintético
C1: =Capa!A1 -> Termo de Parceria celebrado entre o Instituto Estadual do Patrimônio Histórico e Artístico de Minas Gerais - IEPHA/MG e a Associação Pró-Cultura e Promoção das Artes - APPA
C2: Tabela 1 - Previsão Sintética de Receitas e Gastos Mensais em Regime de Competência | O2: Tabela 1 - Previsão Sintética de Receitas e Gastos Mensais em Regime de Competência | AA2: Tabela 1 - Previsão Sintética de Receitas e Gastos Mensais em Regime de Competência
C3: =Analítico!C4 -> Mês 1 | D3: =Analítico!D4 -> Mês 2 | E3: =Analítico!E4 -> Mês 3 | F3: =Analítico!F4 -> Mês 4 | G3: =Analítico!G4 -> Mês 5 | H3: =Analítico!H4 -> Mês 6 | I3: =Analítico!I4 -> Mês 7 | J3: =Analítico!J4 -> Mês 8 | ... AL3: =Analítico!AL4 -> Mês 36 | AM3: Total | AN3: % do Total
A4: SR | B4: Saldo Remanescente | C4: =Analítico!C5 -> 0 | AM4: =C4 -> 0 | AN4: =IF($C$4=0,0,C4/$AM$13) -> 0
A6: 1 | B6: Entrada de Recursos
A7: 1.1 | B7: Receitas
A8: 1.1.1 | B8: Repasses do Termo de Parceria | C8: =Analítico!C9 -> 957808.4 | D8: =Analítico!D9 -> 0 | E8: =Analítico!E9 -> 0 | F8: =Analítico!F9 -> 0 | G8: =Analítico!G9 -> 473861.13 | H8: =Analítico!H9 -> 0 | I8: =Analítico!I9 -> 0 | J8: =Analítico!J9 -> 422750.02 | ... AL8: =Analítico!AL9 -> 0 | AM8: =SUM(C8:AL8) -> 3839002.2 | AN8: =IF($AM$13=0,0,AM8/$AM$13) -> 1
A9: 1.1.2 | B9: Receita Arrecadada em Função do TP | C9: =Analítico!C10 -> 0 | D9: =Analítico!D10 -> 0 | E9: =Analítico!E10 -> 0 | F9: =Analítico!F10 -> 0 | G9: =Analítico!G10 -> 0 | H9: =Analítico!H10 -> 0 | I9: =Analítico!I10 -> 0 | J9: =Analítico!J10 -> 0 | ... AL9: =Analítico!AL10 -> 0 | AM9: =SUM(C9:AL9) -> 0 | AN9: =IF($AM$13=0,0,AM9/$AM$13) -> 0
A10: 1.1.3 | B10: Outras Receitas | C10: =Analítico!C11 -> 0 | D10: =Analítico!D11 -> 0 | E10: =Analítico!E11 -> 0 | F10: =Analítico!F11 -> 0 | G10: =Analítico!G11 -> 0 | H10: =Analítico!H11 -> 0 | I10: =Analítico!I11 -> 0 | J10: =Analítico!J11 -> 0 | ... AL10: =Analítico!AL11 -> 0 | AM10: =SUM(C10:AL10) -> 0 | AN10: =IF($AM$13=0,0,AM10/$AM$13) -> 0
A11: 1.2 | B11: Rendimentos de Aplicações Fin. | C11: =Analítico!C12 -> 0 | D11: =Analítico!D12 -> 0 | E11: =Analítico!E12 -> 0 | F11: =Analítico!F12 -> 0 | G11: =Analítico!G12 -> 0 | H11: =Analítico!H12 -> 0 | I11: =Analítico!I12 -> 0 | J11: =Analítico!J12 -> 0 | ... AL11: =Analítico!AL12 -> 0 | AM11: =SUM(C11:AL11) -> 0 | AN11: =IF($AM$13=0,0,AM11/$AM$13) -> 0
A12: (E) Total de Entradas: | C12: =SUBTOTAL(109,C8:C11) -> 957808.4 | D12: =SUBTOTAL(109,D8:D11) -> 0 | E12: =SUBTOTAL(109,E8:E11) -> 0 | F12: =SUBTOTAL(109,F8:F11) -> 0 | G12: =SUBTOTAL(109,G8:G11) -> 473861.13 | H12: =SUBTOTAL(109,H8:H11) -> 0 | I12: =SUBTOTAL(109,I8:I11) -> 0 | J12: =SUBTOTAL(109,J8:J11) -> 422750.02 | ... AL12: =SUBTOTAL(109,AL8:AL11) -> 0 | AM12: =SUM(C12:AL12) -> 3839002.2 | AN12: =IF($AM$13=0,0,AM12/$AM$13) -> 1
A13: S. Rem. (SR) + Ent. (E) | C13: =SUBTOTAL(109,C4:C12) -> 957808.4 | D13: =SUBTOTAL(109,D4:D12) -> 0 | E13: =SUBTOTAL(109,E4:E12) -> 0 | F13: =SUBTOTAL(109,F4:F12) -> 0 | G13: =SUBTOTAL(109,G4:G12) -> 473861.13 | H13: =SUBTOTAL(109,H4:H12) -> 0 | I13: =SUBTOTAL(109,I4:I12) -> 0 | J13: =SUBTOTAL(109,J4:J12) -> 422750.02 | ... AL13: =SUBTOTAL(109,AL4:AL12) -> 0 | AM13: =SUM(C13:AL13) -> 3839002.2 | AN13: =IF($AM$13=0,0,AM13/$AM$13) -> 1
A15: 2 | B15: Saída de Recursos
A16: 2.1 | B16: Gastos com Pessoal
A17: 2.1.1 | B17: Salários | C17: =Analítico!C24 -> 31000 | D17: =Analítico!D24 -> 31000 | E17: =Analítico!E24 -> 31000 | F17: =Analítico!F24 -> 31000 | G17: =Analítico!G24 -> 31310 | H17: =Analítico!H24 -> 31310 | I17: =Analítico!I24 -> 31310 | J17: =Analítico!J24 -> 31310 | ... AL17: =Analítico!AL24 -> 0 | AM17: =SUM(C17:AL17) -> 752704.8 | AN17: =IF($AM$25=0,0,AM17/$AM$25) -> 0.19606782
A18: 2.1.2 | B18: Estagiários | C18: =Analítico!C28 -> 0 | D18: =Analítico!D28 -> 15785.28 | E18: =Analítico!E28 -> 15785.28 | F18: =Analítico!F28 -> 20295.36 | G18: =Analítico!G28 -> 21017.302 | H18: =Analítico!H28 -> 21017.302 | I18: =Analítico!I28 -> 21017.302 | J18: =Analítico!J28 -> 21017.302 | ... AL18: =Analítico!AL28 -> 0 | AM18: =SUM(C18:AL18) -> 473462.75 | AN18: =IF($AM$25=0,0,AM18/$AM$25) -> 0.12332964
A19: 2.1.3 | B19: Encargos | C19: =Analítico!C42 -> 20650.366 | D19: =Analítico!D42 -> 20650.366 | E19: =Analítico!E42 -> 20650.366 | F19: =Analítico!F42 -> 20650.366 | G19: =Analítico!G42 -> 20856.87 | H19: =Analítico!H42 -> 20856.87 | I19: =Analítico!I42 -> 20856.87 | J19: =Analítico!J42 -> 20856.87 | ... AL19: =Analítico!AL42 -> 0 | AM19: =SUM(C19:AL19) -> 469901.36 | AN19: =IF($AM$25=0,0,AM19/$AM$25) -> 0.12240195
A20: 2.1.4 | B20: Benefícios | C20: =Analítico!C51 -> 3736 | D20: =Analítico!D51 -> 4016 | E20: =Analítico!E51 -> 4016 | F20: =Analítico!F51 -> 4096 | G20: =Analítico!G51 -> 4131.76 | H20: =Analítico!H51 -> 4131.76 | I20: =Analítico!I51 -> 4131.76 | J20: =Analítico!J51 -> 4131.76 | ... AL20: =Analítico!AL51 -> 0 | AM20: =SUM(C20:AL20) -> 98788.141 | AN20: =IF($AM$25=0,0,AM20/$AM$25) -> 0.025732765
A21: Subtotal (Pessoal): | C21: =SUBTOTAL(109,C17:C20) -> 55386.366 | D21: =SUBTOTAL(109,D17:D20) -> 71451.646 | E21: =SUBTOTAL(109,E17:E20) -> 71451.646 | F21: =SUBTOTAL(109,F17:F20) -> 76041.726 | G21: =SUBTOTAL(109,G17:G20) -> 77315.932 | H21: =SUBTOTAL(109,H17:H20) -> 77315.932 | I21: =SUBTOTAL(109,I17:I20) -> 77315.932 | J21: =SUBTOTAL(109,J17:J20) -> 77315.932 | ... AL21: =SUBTOTAL(109,AL17:AL20) -> 0 | AM21: =SUM(C21:AL21) -> 1794857.1 | AN21: =IF($AM$25=0,0,AM21/$AM$25) -> 0.46753218
A22: 2.2 | B22: Gastos Gerais | C22: =Analítico!C116 -> 170644.44 | D22: =Analítico!D116 -> 177977.78 | E22: =Analítico!E116 -> 198971.11 | F22: =Analítico!F116 -> 100637.78 | G22: =Analítico!G116 -> 100637.78 | H22: =Analítico!H116 -> 70637.778 | I22: =Analítico!I116 -> 70637.778 | J22: =Analítico!J116 -> 70637.778 | ... AL22: =Analítico!AL116 -> 0 | AM22: =SUM(C22:AL22) -> 1996899.2 | AN22: =IF($AM$25=0,0,AM22/$AM$25) -> 0.52016101
A23: 2.3 | B23: Aquisição de Bens Permanentes | C23: =Analítico!C131 -> 35245.9 | D23: =Analítico!D131 -> 0 | E23: =Analítico!E131 -> 0 | F23: =Analítico!F131 -> 0 | G23: =Analítico!G131 -> 0 | H23: =Analítico!H131 -> 0 | I23: =Analítico!I131 -> 0 | J23: =Analítico!J131 -> 0 | ... AL23: =Analítico!AL131 -> 0 | AM23: =SUM(C23:AL23) -> 47245.9 | AN23: =IF($AM$25=0,0,AM23/$AM$25) -> 0.012306818
A24: 2.4 | B24: Transferência para Reserva de Recursos | C24: =Analítico!C132 -> 0 | D24: =Analítico!D132 -> 0 | E24: =Analítico!E132 -> 0 | F24: =Analítico!F132 -> 0 | G24: =Analítico!G132 -> 0 | H24: =Analítico!H132 -> 0 | I24: =Analítico!I132 -> 0 | J24: =Analítico!J132 -> 0 | ... AL24: =Analítico!AL132 -> 0 | AM24: =SUM(C24:AL24) -> 0 | AN24: =IF($AM$25=0,0,AM24/$AM$25) -> 0
A25: (S) Total de Saídas: | C25: =SUBTOTAL(109,C17:C24) -> 261276.71 | D25: =SUBTOTAL(109,D17:D24) -> 249429.42 | E25: =SUBTOTAL(109,E17:E24) -> 270422.76 | F25: =SUBTOTAL(109,F17:F24) -> 176679.5 | G25: =SUBTOTAL(109,G17:G24) -> 177953.71 | H25: =SUBTOTAL(109,H17:H24) -> 147953.71 | I25: =SUBTOTAL(109,I17:I24) -> 147953.71 | J25: =SUBTOTAL(109,J17:J24) -> 147953.71 | ... AL25: =SUBTOTAL(109,AL17:AL24) -> 0 | AM25: =SUM(C25:AL25) -> 3839002.2 | AN25: =IF($AM$25=0,0,AM25/$AM$25) -> 1

Sheet Gastos das Atividades
C1: 1 | D1: 2 | E1: 3 | F1: 4 | G1: 5 | H1: 6 | I1: 7 | J1: 8 | K1: 9 | L1: 10 | M1: 11 | N1: 12 | O1: 13 | P1: 14 | Q1: 15 | R1: 16 | S1: 17 | T1: 18 | U1: 19 | V1: 20 | W1: 21 | X1: 22 | Y1: 23 | Z1: 24 | AA1: 25 | AB1: 26 | AC1: 27 | AD1: 28 | AE1: 29 | AF1: 30 | AG1: 31
B2: =Capa!A1 -> Termo de Parceria celebrado entre o Instituto Estadual do Patrimônio Histórico e Artístico de Minas Gerais - IEPHA/MG e a Associação Pró-Cultura e Promoção das Artes - APPA
B3: Tabela 2 - Previsão de Gastos Gerais das Atividades do Termo de Parceria
A4: Nº | B4: Atividades do Termo de Parceria - Vinculação ao Programa de Trabalho | C4: Mês 1 | D4: Mês 2 | E4: Mês 3 | F4: Mês 4 | G4: Mês 5 | H4: Mês 6 | I4: Mês 7 | J4: Mês 8 | K4: Mês 9 | L4: Mês 10 | M4: Mês 11 | N4: Mês 12 | O4: Mês 13 | P4: Mês 14 | Q4: Mês 15 | R4: Mês 16 | S4: Mês 17 | T4: Mês 18 | U4: Mês 19 | V4: Mês 20 | W4: Mês 21 | X4: Mês 22 | Y4: Mês 23 | Z4: Mês 24 | AA4: Mês 25 | AB4: Mês 26 | AC4: Mês 27 | AD4: Mês 28 | AE4: Mês 29 | AF4: Mês 30 | AG4: Mês 31 | AH4: Ano 1 Valor | AI4: Ano 2 Valor | AJ4: Ano 3 Valor | AK4: Total | AL4: Ano 1 % | AM4: Ano 2 % | AN4: Ano 3 % | AO4: % do Total
A5: 1 | B5: Aquisição de Bens Permanentes | C5: =SUMPRODUCT(-(Bens!$D$4:$D$103='Gastos das Atividades'!C1),-(Bens!$G$4:$G$103)) -> 35245.9 | D5: =SUMPRODUCT(-(Bens!$D$4:$D$103='Gastos das Atividades'!D1),-(Bens!$G$4:$G$103)) -> 0 | E5: =SUMPRODUCT(-(Bens!$D$4:$D$103='Gastos das Atividades'!E1),-(Bens!$G$4:$G$103)) -> 0 | F5: =SUMPRODUCT(-(Bens!$D$4:$D$103='Gastos das Atividades'!F1),-(Bens!$G$4:$G$103)) -> 0 | G5: =SUMPRODUCT(-(Bens!$D$4:$D$103='Gastos das Atividades'!G1),-(Bens!$G$4:$G$103)) -> 0 | H5: =SUMPRODUCT(-(Bens!$D$4:$D$103='Gastos das Atividades'!H1),-(Bens!$G$4:$G$103)) -> 0 | I5: =SUMPRODUCT(-(Bens!$D$4:$D$103='Gastos das Atividades'!I1),-(Bens!$G$4:$G$103)) -> 0 | J5: =SUMPRODUCT(-(Bens!$D$4:$D$103='Gastos das Atividades'!J1),-(Bens!$G$4:$G$103)) -> 0 | ... AG5: =SUMPRODUCT(-(Bens!$D$4:$D$103='Gastos das Atividades'!AG1),-(Bens!$G$4:$G$103)) -> 0 | AH5: =SUM(C5:N5) -> 35245.9 | AI5: =SUM(O5:Z5) -> 12000 | AJ5: =SUM(AA5:AG5) -> 0 | AK5: =SUM(C5:AG5) -> 47245.9 | AL5: =IF($AK$35=0,0,AH5/$AK$35) -> 0.017242367 | AM5: =IF($AK$35=0,0,AI5/$AK$35) -> 0.0058704246 | AN5: =IF($AK$35=0,0,AJ5/$AK$35) -> 0 | AO5: =IF($AK$35=0,0,AK5/$AK$35) -> 0.023112791
A6: 2 | B6: Área Meio - Atividades e Gastos | C6: =SUMPRODUCT(-('Fluxo de Gastos Gerais'!$F$4:$F$1003='Gastos das Atividades'!$B6),-('Gastos das Atividades'!C$1>='Fluxo de Gastos Gerais'!$D$4:$D$1003),-('Gastos das Atividades'!C$1<='Fluxo de Gastos Gerais'!$E$4:$E$1003),-('Fluxo de Gastos Gerais'!$C$4:$C$1003)) -> 12866.667 | D6: =SUMPRODUCT(-('Fluxo de Gastos Gerais'!$F$4:$F$1003='Gastos das Atividades'!$B6),-('Gastos das Atividades'!D$1>='Fluxo de Gastos Gerais'!$D$4:$D$1003),-('Gastos das Atividades'!D$1<='Fluxo de Gastos Gerais'!$E$4:$E$1003),-('Fluxo de Gastos Gerais'!$C$4:$C$1003)) -> 12866.667 | E6: =SUMPRODUCT(-('Fluxo de Gastos Gerais'!$F$4:$F$1003='Gastos das Atividades'!$B6),-('Gastos das Atividades'!E$1>='Fluxo de Gastos Gerais'!$D$4:$D$1003),-('Gastos das Atividades'!E$1<='Fluxo de Gastos Gerais'!$E$4:$E$1003),-('Fluxo de Gastos Gerais'!$C$4:$C$1003)) -> 12866.667 | F6: =SUMPRODUCT(-('Fluxo de Gastos Gerais'!$F$4:$F$1003='Gastos das Atividades'!$B6),-('Gastos das Atividades'!F$1>='Fluxo de Gastos Gerais'!$D$4:$D$1003),-('Gastos das Atividades'!F$1<='Fluxo de Gastos Gerais'!$E$4:$E$1003),-('Fluxo de Gastos Gerais'!$C$4:$C$1003)) -> 12866.667 | G6: =SUMPRODUCT(-('Fluxo de Gastos Gerais'!$F$4:$F$1003='Gastos das Atividades'!$B6),-('Gastos das Atividades'!G$1>='Fluxo de Gastos Gerais'!$D$4:$D$1003),-('Gastos das Atividades'!G$1<='Fluxo de Gastos Gerais'!$E$4:$E$1003),-('Fluxo de Gastos Gerais'!$C$4:$C$1003)) -> 12866.667 | H6: =SUMPRODUCT(-('Fluxo de Gastos Gerais'!$F$4:$F$1003='Gastos das Atividades'!$B6),-('Gastos das Atividades'!H$1>='Fluxo de Gastos Gerais'!$D$4:$D$1003),-('Gastos das Atividades'!H$1<='Fluxo de Gastos Gerais'!$E$4:$E$1003),-('Fluxo de Gastos Gerais'!$C$4:$C$1003)) -> 12866.667 | I6: =SUMPRODUCT(-('Fluxo de Gastos Gerais'!$F$4:$F$1003='Gastos das Atividades'!$B6),-('Gastos das Atividades'!I$1>='Fluxo de Gastos Gerais'!$D$4:$D$1003),-('Gastos das Atividades'!I$1<='Fluxo de Gastos Gerais'!$E$4:$E$1003),-('Fluxo de Gastos Gerais'!$C$4:$C$1003)) -> 12866.667 | J6: =SUMPRODUCT(-('Fluxo de Gastos Gerais'!$F$4:$F$1003='Gastos das Atividades'!$B6),-('Gastos das Atividades'!J$1>='Fluxo de Gastos Gerais'!$D$4:$D$1003),-('Gastos das Atividades'!J$1<='Fluxo de Gastos Gerais'!$E$4:$E$1003),-('Fluxo de Gastos Gerais'!$C$4:$C$1003)) -> 12866.667 | ... AG6: =SUMPRODUCT(-('Fluxo de Gastos Gerais'!$F$4:$F$1003='Gastos das Atividades'!$B6),-('Gastos das Atividades'!AG$1>='Fluxo de Gastos Gerais'!$D$4:$D$1003),-('Gastos das Atividades'!AG$1<='Fluxo de Gastos Gerais'!$E$4:$E$1003),-('Fluxo de Gastos Gerais'!$C$4:$C$1003)) -> 0 | AH6: =SUM(C6:N6) -> 154400 | AI6: =SUM(O6:Z6) -> 167500 | AJ6: =SUM(AA6:AG6) -> 0 | AK6: =SUM(C6:AG6) -> 321900 | AL6: =IF($AK$35=0,0,AH6/$AK$35) -> 0.075532797 | AM6: =IF($AK$35=0,0,AI6/$AK$35) -> 0.081941345 | AN6: =IF($AK$35=0,0,AJ6/$AK$35) -> 0 | AO6: =IF($AK$35=0,0,AK6/$AK$35) -> 0.15747414
A7: 3 | B7: Educação Patrimonial | C7: =SUMPRODUCT(-('Fluxo de Gastos Gerais'!$F$4:$F$1003='Gastos das Atividades'!$B7),-('Gastos das Atividades'!C$1>='Fluxo de Gastos Gerais'!$D$4:$D$1003),-('Gastos das Atividades'!C$1<='Fluxo de Gastos Gerais'!$E$4:$E$1003),-('Fluxo de Gastos Gerais'!$C$4:$C$1003)) -> 8333.3333 | D7: =SUMPRODUCT(-('Fluxo de Gastos Gerais'!$F$4:$F$1003='Gastos das Atividades'!$B7),-('Gastos das Atividades'!D$1>='Fluxo de Gastos Gerais'!$D$4:$D$1003),-('Gastos das Atividades'!D$1<='Fluxo de Gastos Gerais'!$E$4:$E$1003),-('Fluxo de Gastos Gerais'!$C$4:$C$1003)) -> 15666.667 | E7: =SUMPRODUCT(-('Fluxo de Gastos Gerais'!$F$4:$F$1003='Gastos das Atividades'!$B7),-('Gastos das Atividades'!E$1>='Fluxo de Gastos Gerais'!$D$4:$D$1003),-('Gastos das Atividades'!E$1<='Fluxo de Gastos Gerais'!$E$4:$E$1003),-('Fluxo de Gastos Gerais'!$C$4:$C$1003)) -> 36660 | F7: =SUMPRODUCT(-('Fluxo de Gastos Gerais'!$F$4:$F$1003='Gastos das Atividades'!$B7),-('Gastos das Atividades'!F$1>='Fluxo de Gastos Gerais'!$D$4:$D$1003),-('Gastos das Atividades'!F$1<='Fluxo de Gastos Gerais'!$E$4:$E$1003),-('Fluxo de Gastos Gerais'!$C$4:$C$1003)) -> 36660 | G7: =SUMPRODUCT(-('Fluxo de Gastos Gerais'!$F$4:$F$1003='Gastos das Atividades'!$B7),-('Gastos das Atividades'!G$1>='Fluxo de Gastos Gerais'!$D$4:$D$1003),-('Gastos das Atividades'!G$1<='Fluxo de Gastos Gerais'!$E$4:$E$1003),-('Fluxo de Gastos Gerais'!$C$4:$C$1003)) -> 36660 | H7: =SUMPRODUCT(-('Fluxo de Gastos Gerais'!$F$4:$F$1003='Gastos das Atividades'!$B7),-('Gastos das Atividades'!H$1>='Fluxo de Gastos Gerais'!$D$4:$D$1003),-('Gastos das Atividades'!H$1<='Fluxo de Gastos Gerais'!$E$4:$E$1003),-('Fluxo de Gastos Gerais'!$C$4:$C$1003)) -> 36660 | I7: =SUMPRODUCT(-('Fluxo de Gastos Gerais'!$F$4:$F$1003='Gastos das Atividades'!$B7),-('Gastos das Atividades'!I$1>='Fluxo de Gastos Gerais'!$D$4:$D$1003),-('Gastos das Atividades'!I$1<='Fluxo de Gastos Gerais'!$E$4:$E$1003),-('Fluxo de Gastos Gerais'!$C$4:$C$1003)) -> 36660 | J7: =SUMPRODUCT(-('Fluxo de Gastos Gerais'!$F$4:$F$1003='Gastos das Atividades'!$B7),-('Gastos das Atividades'!J$1>='Fluxo de Gastos Gerais'!$D$4:$D$1003),-('Gastos das Atividades'!J$1<='Fluxo de Gastos Gerais'!$E$4:$E$1003),-('Fluxo de Gastos Gerais'!$C$4:$C$1003)) -> 36660 | ... AG7: =SUMPRODUCT(-('Fluxo de Gastos Gerais'!$F$4:$F$1003='Gastos das Atividades'!$B7),-('Gastos das Atividades'!AG$1>='Fluxo de Gastos Gerais'!$D$4:$D$1003),-('Gastos das Atividades'!AG$1<='Fluxo de Gastos Gerais'!$E$4:$E$1003),-('Fluxo de Gastos Gerais'!$C$4:$C$1003)) -> 0 | AH7: =SUM(C7:N7) -> 390600 | AI7: =SUM(O7:Z7) -> 425500 | AJ7: =SUM(AA7:AG7) -> 0 | AK7: =SUM(C7:AG7) -> 816100 | AL7: =IF($AK$35=0,0,AH7/$AK$35) -> 0.19108232 | AM7: =IF($AK$35=0,0,AI7/$AK$35) -> 0.20815547 | AN7: =IF($AK$35=0,0,AJ7/$AK$35) -> 0 | AO7: =IF($AK$35=0,0,AK7/$AK$35) -> 0.3992378
A8: 4 | B8: Promoção do Patrimônio | C8: =SUMPRODUCT(-('Fluxo de Gastos Gerais'!$F$4:$F$1003='Gastos das Atividades'!$B8),-('Gastos das Atividades'!C$1>='Fluxo de Gastos Gerais'!$D$4:$D$1003),-('Gastos das Atividades'!C$1<='Fluxo de Gastos Gerais'!$E$4:$E$1003),-('Fluxo de Gastos Gerais'!$C$4:$C$1003)) -> 149444.44 | D8: =SUMPRODUCT(-('Fluxo de Gastos Gerais'!$F$4:$F$1003='Gastos das Atividades'!$B8),-('Gastos das Atividades'!D$1>='Fluxo de Gastos Gerais'!$D$4:$D$1003),-('Gastos das Atividades'!D$1<='Fluxo de Gastos Gerais'!$E$4:$E$1003),-('Fluxo de Gastos Gerais'!$C$4:$C$1003)) -> 149444.44 | E8: =SUMPRODUCT(-('Fluxo de Gastos Gerais'!$F$4:$F$1003='Gastos das Atividades'!$B8),-('Gastos das Atividades'!E$1>='Fluxo de Gastos Gerais'!$D$4:$D$1003),-('Gastos das Atividades'!E$1<='Fluxo de Gastos Gerais'!$E$4:$E$1003),-('Fluxo de Gastos Gerais'!$C$4:$C$1003)) -> 149444.44 | F8: =SUMPRODUCT(-('Fluxo de Gastos Gerais'!$F$4:$F$1003='Gastos das Atividades'!$B8),-('Gastos das Atividades'!F$1>='Fluxo de Gastos Gerais'!$D$4:$D$1003),-('Gastos das Atividades'!F$1<='Fluxo de Gastos Gerais'!$E$4:$E$1003),-('Fluxo de Gastos Gerais'!$C$4:$C$1003)) -> 51111.111 | G8: =SUMPRODUCT(-('Fluxo de Gastos Gerais'!$F$4:$F$1003='Gastos das Atividades'!$B8),-('Gastos das Atividades'!G$1>='Fluxo de Gastos Gerais'!$D$4:$D$1003),-('Gastos das Atividades'!G$1<='Fluxo de Gastos Gerais'!$E$4:$E$1003),-('Fluxo de Gastos Gerais'!$C$4:$C$1003)) -> 51111.111 | H8: =SUMPRODUCT(-('Fluxo de Gastos Gerais'!$F$4:$F$1003='Gastos das Atividades'!$B8),-('Gastos das Atividades'!H$1>='Fluxo de Gastos Gerais'!$D$4:$D$1003),-('Gastos das Atividades'!H$1<='Fluxo de Gastos Gerais'!$E$4:$E$1003),-('Fluxo de Gastos Gerais'!$C$4:$C$1003)) -> 21111.111 | I8: =SUMPRODUCT(-('Fluxo de Gastos Gerais'!$F$4:$F$1003='Gastos das Atividades'!$B8),-('Gastos das Atividades'!I$1>='Fluxo de Gastos Gerais'!$D$4:$D$1003),-('Gastos das Atividades'!I$1<='Fluxo de Gastos Gerais'!$E$4:$E$1003),-('Fluxo de Gastos Gerais'!$C$4:$C$1003)) -> 21111.111 | J8: =SUMPRODUCT(-('Fluxo de Gastos Gerais'!$F$4:$F$1003='Gastos das Atividades'!$B8),-('Gastos das Atividades'!J$1>='Fluxo de Gastos Gerais'!$D$4:$D$1003),-('Gastos das Atividades'!J$1<='Fluxo de Gastos Gerais'!$E$4:$E$1003),-('Fluxo de Gastos Gerais'!$C$4:$C$1003)) -> 21111.111 | ... AG8: =SUMPRODUCT(-('Fluxo de Gastos Gerais'!$F$4:$F$1003='Gastos das Atividades'!$B8),-('Gastos das Atividades'!AG$1>='Fluxo de Gastos Gerais'!$D$4:$D$1003),-('Gastos das Atividades'!AG$1<='Fluxo de Gastos Gerais'!$E$4:$E$1003),-('Fluxo de Gastos Gerais'!$C$4:$C$1003)) -> 0 | AH8: =SUM(C8:N8) -> 635000 | AI8: =SUM(O8:Z8) -> 223899.24 | AJ8: =SUM(AA8:AG8) -> 0 | AK8: =SUM(C8:AG8) -> 858899.24 | AL8: =IF($AK$35=0,0,AH8/$AK$35) -> 0.3106433 | AM8: =IF($AK$35=0,0,AI8/$AK$35) -> 0.10953197 | AN8: =IF($AK$35=0,0,AJ8/$AK$35) -> 0 | AO8: =IF($AK$35=0,0,AK8/$AK$35) -> 0.42017527
A9: 5 | C9: =SUMPRODUCT(-('Fluxo de Gastos Gerais'!$F$4:$F$1003='Gastos das Atividades'!$B9),-('Gastos das Atividades'!C$1>='Fluxo de Gastos Gerais'!$D$4:$D$1003),-('Gastos das Atividades'!C$1<='Fluxo de Gastos Gerais'!$E$4:$E$1003),-('Fluxo de Gastos Gerais'!$C$4:$C$1003)) -> 0 | D9: =SUMPRODUCT(-('Fluxo de Gastos Gerais'!$F$4:$F$1003='Gastos das Atividades'!$B9),-('Gastos das Atividades'!D$1>='Fluxo de Gastos Gerais'!$D$4:$D$1003),-('Gastos das Atividades'!D$1<='Fluxo de Gastos Gerais'!$E$4:$E$1003),-('Fluxo de Gastos Gerais'!$C$4:$C$1003)) -> 0 | E9: =SUMPRODUCT(-('Fluxo de Gastos Gerais'!$F$4:$F$1003='Gastos das Atividades'!$B9),-('Gastos das Atividades'!E$1>='Fluxo de Gastos Gerais'!$D$4:$D$1003),-('Gastos das Atividades'!E$1<='Fluxo de Gastos Gerais'!$E$4:$E$1003),-('Fluxo de Gastos Gerais'!$C$4:$C$1003)) -> 0 | F9: =SUMPRODUCT(-('Fluxo de Gastos Gerais'!$F$4:$F$1003='Gastos das Atividades'!$B9),-('Gastos das Atividades'!F$1>='Fluxo de Gastos Gerais'!$D$4:$D$1003),-('Gastos das Atividades'!F$1<='Fluxo de Gastos Gerais'!$E$4:$E$1003),-('Fluxo de Gastos Gerais'!$C$4:$C$1003)) -> 0 | G9: =SUMPRODUCT(-('Fluxo de Gastos Gerais'!$F$4:$F$1003='Gastos das Atividades'!$B9),-('Gastos das Atividades'!G$1>='Fluxo de Gastos Gerais'!$D$4:$D$1003),-('Gastos das Atividades'!G$1<='Fluxo de Gastos Gerais'!$E$4:$E$1003),-('Fluxo de Gastos Gerais'!$C$4:$C$1003)) -> 0 | H9: =SUMPRODUCT(-('Fluxo de Gastos Gerais'!$F$4:$F$1003='Gastos das Atividades'!$B9),-('Gastos das Atividades'!H$1>='Fluxo de Gastos Gerais'!$D$4:$D$1003),-('Gastos das Atividades'!H$1<='Fluxo de Gastos Gerais'!$E$4:$E$1003),-('Fluxo de Gastos Gerais'!$C$4:$C$1003)) -> 0 | I9: =SUMPRODUCT(-('Fluxo de Gastos Gerais'!$F$4:$F$1003='Gastos das Atividades'!$B9),-('Gastos das Atividades'!I$1>='Fluxo de Gastos Gerais'!$D$4:$D$1003),-('Gastos das Atividades'!I$1<='Fluxo de Gastos Gerais'!$E$4:$E$1003),-('Fluxo de Gastos Gerais'!$C$4:$C$1003)) -> 0 | J9: =SUMPRODUCT(-('Fluxo de Gastos Gerais'!$F$4:$F$1003='Gastos das Atividades'!$B9),-('Gastos das Atividades'!J$1>='Fluxo de Gastos Gerais'!$D$4:$D$1003),-('Gastos das Atividades'!J$1<='Fluxo de Gastos Gerais'!$E$4:$E$1003),-('Fluxo de Gastos Gerais'!$C$4:$C$1003)) -> 0 | ... AG9: =SUMPRODUCT(-('Fluxo de Gastos Gerais'!$F$4:$F$1003='Gastos das Atividades'!$B9),-('Gastos das Atividades'!AG$1>='Fluxo de Gastos Gerais'!$D$4:$D$1003),-('Gastos das Atividades'!AG$1<='Fluxo de Gastos Gerais'!$E$4:$E$1003),-('Fluxo de Gastos Gerais'!$C$4:$C$1003)) -> 0 | AH9: =SUM(C9:N9) -> 0 | AI9: =SUM(O9:Z9) -> 0 | AJ9: =SUM(AA9:AG9) -> 0 | AK9: =SUM(C9:AG9) -> 0 | AL9: =IF($AK$35=0,0,AH9/$AK$35) -> 0 | AM9: =IF($AK$35=0,0,AI9/$AK$35) -> 0 | AN9: =IF($AK$35=0,0,AJ9/$AK$35) -> 0 | AO9: =IF($AK$35=0,0,AK9/$AK$35) -> 0
A10: 6 | C10: =SUMPRODUCT(-('Fluxo de Gastos Gerais'!$F$4:$F$1003='Gastos das Atividades'!$B10),-('Gastos das Atividades'!C$1>='Fluxo de Gastos Gerais'!$D$4:$D$1003),-('Gastos das Atividades'!C$1<='Fluxo de Gastos Gerais'!$E$4:$E$1003),-('Fluxo de Gastos Gerais'!$C$4:$C$1003)) -> 0 | D10: =SUMPRODUCT(-('Fluxo de Gastos Gerais'!$F$4:$F$1003='Gastos das Atividades'!$B10),-('Gastos das Atividades'!D$1>='Fluxo de Gastos Gerais'!$D$4:$D$1003),-('Gastos das Atividades'!D$1<='Fluxo de Gastos Gerais'!$E$4:$E$1003),-('Fluxo de Gastos Gerais'!$C$4:$C$1003)) -> 0 | E10: =SUMPRODUCT(-('Fluxo de Gastos Gerais'!$F$4:$F$1003='Gastos das Atividades'!$B10),-('Gastos das Atividades'!E$1>='Fluxo de Gastos Gerais'!$D$4:$D$1003),-('Gastos das Atividades'!E$1<='Fluxo de Gastos Gerais'!$E$4:$E$1003),-('Fluxo de Gastos Gerais'!$C$4:$C$1003)) -> 0 | F10: =SUMPRODUCT(-('Fluxo de Gastos Gerais'!$F$4:$F$1003='Gastos das Atividades'!$B10),-('Gastos das Atividades'!F$1>='Fluxo de Gastos Gerais'!$D$4:$D$1003),-('Gastos das Atividades'!F$1<='Fluxo de Gastos Gerais'!$E$4:$E$1003),-('Fluxo de Gastos Gerais'!$C$4:$C$1003)) -> 0 | G10: =SUMPRODUCT(-('Fluxo de Gastos Gerais'!$F$4:$F$1003='Gastos das Atividades'!$B10),-('Gastos das Atividades'!G$1>='Fluxo de Gastos Gerais'!$D$4:$D$1003),-('Gastos das Atividades'!G$1<='Fluxo de Gastos Gerais'!$E$4:$E$1003),-('Fluxo de Gastos Gerais'!$C$4:$C$1003)) -> 0 | H10: =SUMPRODUCT(-('Fluxo de Gastos Gerais'!$F$4:$F$1003='Gastos das Atividades'!$B10),-('Gastos das Atividades'!H$1>='Fluxo de Gastos Gerais'!$D$4:$D$1003),-('Gastos das Atividades'!H$1<='Fluxo de Gastos Gerais'!$E$4:$E$1003),-('Fluxo de Gastos Gerais'!$C$4:$C$1003)) -> 0 | I10: =SUMPRODUCT(-('Fluxo de Gastos Gerais'!$F$4:$F$1003='Gastos das Atividades'!$B10),-('Gastos das Atividades'!I$1>='Fluxo de Gastos Gerais'!$D$4:$D$1003),-('Gastos das Atividades'!I$1<='Fluxo de Gastos Gerais'!$E$4:$E$1003),-('Fluxo de Gastos Gerais'!$C$4:$C$1003)) -> 0 | J10: =SUMPRODUCT(-('Fluxo de Gastos Gerais'!$F$4:$F$1003='Gastos das Atividades'!$B10),-('Gastos das Atividades'!J$1>='Fluxo de Gastos Gerais'!$D$4:$D$1003),-('Gastos das Atividades'!J$1<='Fluxo de Gastos Gerais'!$E$4:$E$1003),-('Fluxo de Gastos Gerais'!$C$4:$C$1003)) -> 0 | ... AG10: =SUMPRODUCT(-('Fluxo de Gastos Gerais'!$F$4:$F$1003='Gastos das Atividades'!$B10),-('Gastos das Atividades'!AG$1>='Fluxo de Gastos Gerais'!$D$4:$D$1003),-('Gastos das Atividades'!AG$1<='Fluxo de Gastos Gerais'!$E$4:$E$1003),-('Fluxo de Gastos Gerais'!$C$4:$C$1003)) -> 0 | AH10: =SUM(C10:N10) -> 0 | AI10: =SUM(O10:Z10) -> 0 | AJ10: =SUM(AA10:AG10) -> 0 | AK10: =SUM(C10:AG10) -> 0 | AL10: =IF($AK$35=0,0,AH10/$AK$35) -> 0 | AM10: =IF($AK$35=0,0,AI10/$AK$35) -> 0 | AN10: =IF($AK$35=0,0,AJ10/$AK$35) -> 0 | AO10: =IF($AK$35=0,0,AK10/$AK$35) -> 0
A11: 7 | C11: =SUMPRODUCT(-('Fluxo de Gastos Gerais'!$F$4:$F$1003='Gastos das Atividades'!$B11),-('Gastos das Atividades'!C$1>='Fluxo de Gastos Gerais'!$D$4:$D$1003),-('Gastos das Atividades'!C$1<='Fluxo de Gastos Gerais'!$E$4:$E$1003),-('Fluxo de Gastos Gerais'!$C$4:$C$1003)) -> 0 | D11: =SUMPRODUCT(-('Fluxo de Gastos Gerais'!$F$4:$F$1003='Gastos das Atividades'!$B11),-('Gastos das Atividades'!D$1>='Fluxo de Gastos Gerais'!$D$4:$D$1003),-('Gastos das Atividades'!D$1<='Fluxo de Gastos Gerais'!$E$4:$E$1003),-('Fluxo de Gastos Gerais'!$C$4:$C$1003)) -> 0 | E11: =SUMPRODUCT(-('Fluxo de Gastos Gerais'!$F$4:$F$1003='Gastos das Atividades'!$B11),-('Gastos das Atividades'!E$1>='Fluxo de Gastos Gerais'!$D$4:$D$1003),-('Gastos das Atividades'!E$1<='Fluxo de Gastos Gerais'!$E$4:$E$1003),-('Fluxo de Gastos Gerais'!$C$4:$C$1003)) -> 0 | F11: =SUMPRODUCT(-('Fluxo de Gastos Gerais'!$F$4:$F$1003='Gastos das Atividades'!$B11),-('Gastos das Atividades'!F$1>='Fluxo de Gastos Gerais'!$D$4:$D$1003),-('Gastos das Atividades'!F$1<='Fluxo de Gastos Gerais'!$E$4:$E$1003),-('Fluxo de Gastos Gerais'!$C$4:$C$1003)) -> 0 | G11: =SUMPRODUCT(-('Fluxo de Gastos Gerais'!$F$4:$F$1003='Gastos das Atividades'!$B11),-('Gastos das Atividades'!G$1>='Fluxo de Gastos Gerais'!$D$4:$D$1003),-('Gastos das Atividades'!G$1<='Fluxo de Gastos Gerais'!$E$4:$E$1003),-('Fluxo de Gastos Gerais'!$C$4:$C$1003)) -> 0 | H11: =SUMPRODUCT(-('Fluxo de Gastos Gerais'!$F$4:$F$1003='Gastos das Atividades'!$B11),-('Gastos das Atividades'!H$1>='Fluxo de Gastos Gerais'!$D$4:$D$1003),-('Gastos das Atividades'!H$1<='Fluxo de Gastos Gerais'!$E$4:$E$1003),-('Fluxo de Gastos Gerais'!$C$4:$C$1003)) -> 0 | I11: =SUMPRODUCT(-('Fluxo de Gastos Gerais'!$F$4:$F$1003='Gastos das Atividades'!$B11),-('Gastos das Atividades'!I$1>='Fluxo de Gastos Gerais'!$D$4:$D$1003),-('Gastos das Atividades'!I$1<='Fluxo de Gastos Gerais'!$E$4:$E$1003),-('Fluxo de Gastos Gerais'!$C$4:$C$1003)) -> 0 | J11: =SUMPRODUCT(-('Fluxo de Gastos Gerais'!$F$4:$F$1003='Gastos das Atividades'!$B11),-('Gastos das Atividades'!J$1>='Fluxo de Gastos Gerais'!$D$4:$D$1003),-('Gastos das Atividades'!J$1<='Fluxo de Gastos Gerais'!$E$4:$E$1003),-('Fluxo de Gastos Gerais'!$C$4:$C$1003)) -> 0 | ... AG11: =SUMPRODUCT(-('Fluxo de Gastos Gerais'!$F$4:$F$1003='Gastos das Atividades'!$B11),-('Gastos das Atividades'!AG$1>='Fluxo de Gastos Gerais'!$D$4:$D$1003),-('Gastos das Atividades'!AG$1<='Fluxo de Gastos Gerais'!$E$4:$E$1003),-('Fluxo de Gastos Gerais'!$C$4:$C$1003)) -> 0 | AH11: =SUM(C11:N11) -> 0 | AI11: =SUM(O11:Z11) -> 0 | AJ11: =SUM(AA11:AG11) -> 0 | AK11: =SUM(C11:AG11) -> 0 | AL11: =IF($AK$35=0,0,AH11/$AK$35) -> 0 | AM11: =IF($AK$35=0,0,AI11/$AK$35) -> 0 | AN11: =IF($AK$35=0,0,AJ11/$AK$35) -> 0 | AO11: =IF($AK$35=0,0,AK11/$AK$35) -> 0
A12: 8 | C12: =SUMPRODUCT(-('Fluxo de Gastos Gerais'!$F$4:$F$1003='Gastos das Atividades'!$B12),-('Gastos das Atividades'!C$1>='Fluxo de Gastos Gerais'!$D$4:$D$1003),-('Gastos das Atividades'!C$1<='Fluxo de Gastos Gerais'!$E$4:$E$1003),-('Fluxo de Gastos Gerais'!$C$4:$C$1003)) -> 0 | D12: =SUMPRODUCT(-('Fluxo de Gastos Gerais'!$F$4:$F$1003='Gastos das Atividades'!$B12),-('Gastos das Atividades'!D$1>='Fluxo de Gastos Gerais'!$D$4:$D$1003),-('Gastos das Atividades'!D$1<='Fluxo de Gastos Gerais'!$E$4:$E$1003),-('Fluxo de Gastos Gerais'!$C$4:$C$1003)) -> 0 | E12: =SUMPRODUCT(-('Fluxo de Gastos Gerais'!$F$4:$F$1003='Gastos das Atividades'!$B12),-('Gastos das Atividades'!E$1>='Fluxo de Gastos Gerais'!$D$4:$D$1003),-('Gastos das Atividades'!E$1<='Fluxo de Gastos Gerais'!$E$4:$E$1003),-('Fluxo de Gastos Gerais'!$C$4:$C$1003)) -> 0 | F12: =SUMPRODUCT(-('Fluxo de Gastos Gerais'!$F$4:$F$1003='Gastos das Atividades'!$B12),-('Gastos das Atividades'!F$1>='Fluxo de Gastos Gerais'!$D$4:$D$1003),-('Gastos das Atividades'!F$1<='Fluxo de Gastos Gerais'!$E$4:$E$1003),-('Fluxo de Gastos Gerais'!$C$4:$C$1003)) -> 0 | G12: =SUMPRODUCT(-('Fluxo de Gastos Gerais'!$F$4:$F$1003='Gastos das Atividades'!$B12),-('Gastos das Atividades'!G$1>='Fluxo de Gastos Gerais'!$D$4:$D$1003),-('Gastos das Atividades'!G$1<='Fluxo de Gastos Gerais'!$E$4:$E$1003),-('Fluxo de Gastos Gerais'!$C$4:$C$1003)) -> 0 | H12: =SUMPRODUCT(-('Fluxo de Gastos Gerais'!$F$4:$F$1003='Gastos das Atividades'!$B12),-('Gastos das Atividades'!H$1>='Fluxo de Gastos Gerais'!$D$4:$D$1003),-('Gastos das Atividades'!H$1<='Fluxo de Gastos Gerais'!$E$4:$E$1003),-('Fluxo de Gastos Gerais'!$C$4:$C$1003)) -> 0 | I12: =SUMPRODUCT(-('Fluxo de Gastos Gerais'!$F$4:$F$1003='Gastos das Atividades'!$B12),-('Gastos das Atividades'!I$1>='Fluxo de Gastos Gerais'!$D$4:$D$1003),-('Gastos das Atividades'!I$1<='Fluxo de Gastos Gerais'!$E$4:$E$1003),-('Fluxo de Gastos Gerais'!$C$4:$C$1003)) -> 0 | J12: =SUMPRODUCT(-('Fluxo de Gastos Gerais'!$F$4:$F$1003='Gastos das Atividades'!$B12),-('Gastos das Atividades'!J$1>='Fluxo de Gastos Gerais'!$D$4:$D$1003),-('Gastos das Atividades'!J$1<='Fluxo de Gastos Gerais'!$E$4:$E$1003),-('Fluxo de Gastos Gerais'!$C$4:$C$1003)) -> 0 | ... AG12: =SUMPRODUCT(-('Fluxo de Gastos Gerais'!$F$4:$F$1003='Gastos das Atividades'!$B12),-('Gastos das Atividades'!AG$1>='Fluxo de Gastos Gerais'!$D$4:$D$1003),-('Gastos das Atividades'!AG$1<='Fluxo de Gastos Gerais'!$E$4:$E$1003),-('Fluxo de Gastos Gerais'!$C$4:$C$1003)) -> 0 | AH12: =SUM(C12:N12) -> 0 | AI12: =SUM(O12:Z12) -> 0 | AJ12: =SUM(AA12:AG12) -> 0 | AK12: =SUM(C12:AG12) -> 0 | AL12: =IF($AK$35=0,0,AH12/$AK$35) -> 0 | AM12: =IF($AK$35=0,0,AI12/$AK$35) -> 0 | AN12: =IF($AK$35=0,0,AJ12/$AK$35) -> 0 | AO12: =IF($AK$35=0,0,AK12/$AK$35) -> 0
A13: 9 | C13: =SUMPRODUCT(-('Fluxo de Gastos Gerais'!$F$4:$F$1003='Gastos das Atividades'!$B13),-('Gastos das Atividades'!C$1>='Fluxo de Gastos Gerais'!$D$4:$D$1003),-('Gastos das Atividades'!C$1<='Fluxo de Gastos Gerais'!$E$4:$E$1003),-('Fluxo de Gastos Gerais'!$C$4:$C$1003)) -> 0 | D13: =SUMPRODUCT(-('Fluxo de Gastos Gerais'!$F$4:$F$1003='Gastos das Atividades'!$B13),-('Gastos das Atividades'!D$1>='Fluxo de Gastos Gerais'!$D$4:$D$1003),-('Gastos das Atividades'!D$1<='Fluxo de Gastos Gerais'!$E$4:$E$1003),-('Fluxo de Gastos Gerais'!$C$4:$C$1003)) -> 0 | E13: =SUMPRODUCT(-('Fluxo de Gastos Gerais'!$F$4:$F$1003='Gastos das Atividades'!$B13),-('Gastos das Atividades'!E$1>='Fluxo de Gastos Gerais'!$D$4:$D$1003),-('Gastos das Atividades'!E$1<='Fluxo de Gastos Gerais'!$E$4:$E$1003),-('Fluxo de Gastos Gerais'!$C$4:$C$1003)) -> 0 | F13: =SUMPRODUCT(-('Fluxo de Gastos Gerais'!$F$4:$F$1003='Gastos das Atividades'!$B13),-('Gastos das Atividades'!F$1>='Fluxo de Gastos Gerais'!$D$4:$D$1003),-('Gastos das Atividades'!F$1<='Fluxo de Gastos Gerais'!$E$4:$E$1003),-('Fluxo de Gastos Gerais'!$C$4:$C$1003)) -> 0 | G13: =SUMPRODUCT(-('Fluxo de Gastos Gerais'!$F$4:$F$1003='Gastos das Atividades'!$B13),-('Gastos das Atividades'!G$1>='Fluxo de Gastos Gerais'!$D$4:$D$1003),-('Gastos das Atividades'!G$1<='Fluxo de Gastos Gerais'!$E$4:$E$1003),-('Fluxo de Gastos Gerais'!$C$4:$C$1003)) -> 0 | H13: =SUMPRODUCT(-('Fluxo de Gastos Gerais'!$F$4:$F$1003='Gastos das Atividades'!$B13),-('Gastos das Atividades'!H$1>='Fluxo de Gastos Gerais'!$D$4:$D$1003),-('Gastos das Atividades'!H$1<='Fluxo de Gastos Gerais'!$E$4:$E$1003),-('Fluxo de Gastos Gerais'!$C$4:$C$1003)) -> 0 | I13: =SUMPRODUCT(-('Fluxo de Gastos Gerais'!$F$4:$F$1003='Gastos das Atividades'!$B13),-('Gastos das Atividades'!I$1>='Fluxo de Gastos Gerais'!$D$4:$D$1003),-('Gastos das Atividades'!I$1<='Fluxo de Gastos Gerais'!$E$4:$E$1003),-('Fluxo de Gastos Gerais'!$C$4:$C$1003)) -> 0 | J13: =SUMPRODUCT(-('Fluxo de Gastos Gerais'!$F$4:$F$1003='Gastos das Atividades'!$B13),-('Gastos das Atividades'!J$1>='Fluxo de Gastos Gerais'!$D$4:$D$1003),-('Gastos das Atividades'!J$1<='Fluxo de Gastos Gerais'!$E$4:$E$1003),-('Fluxo de Gastos Gerais'!$C$4:$C$1003)) -> 0 | ... AG13: =SUMPRODUCT(-('Fluxo de Gastos Gerais'!$F$4:$F$1003='Gastos das Atividades'!$B13),-('Gastos das Atividades'!AG$1>='Fluxo de Gastos Gerais'!$D$4:$D$1003),-('Gastos das Atividades'!AG$1<='Fluxo de Gastos Gerais'!$E$4:$E$1003),-('Fluxo de Gastos Gerais'!$C$4:$C$1003)) -> 0 | AH13: =SUM(C13:N13) -> 0 | AI13: =SUM(O13:Z13) -> 0 | AJ13: =SUM(AA13:AG13) -> 0 | AK13: =SUM(C13:AG13) -> 0 | AL13: =IF($AK$35=0,0,AH13/$AK$35) -> 0 | AM13: =IF($AK$35=0,0,AI13/$AK$35) -> 0 | AN13: =IF($AK$35=0,0,AJ13/$AK$35) -> 0 | AO13: =IF($AK$35=0,0,AK13/$AK$35) -> 0
A14: 10 | C14: =SUMPRODUCT(-('Fluxo de Gastos Gerais'!$F$4:$F$1003='Gastos das Atividades'!$B14),-('Gastos das Atividades'!C$1>='Fluxo de Gastos Gerais'!$D$4:$D$1003),-('Gastos das Atividades'!C$1<='Fluxo de Gastos Gerais'!$E$4:$E$1003),-('Fluxo de Gastos Gerais'!$C$4:$C$1003)) -> 0 | D14: =SUMPRODUCT(-('Fluxo de Gastos Gerais'!$F$4:$F$1003='Gastos das Atividades'!$B14),-('Gastos das Atividades'!D$1>='Fluxo de Gastos Gerais'!$D$4:$D$1003),-('Gastos das Atividades'!D$1<='Fluxo de Gastos Gerais'!$E$4:$E$1003),-('Fluxo de Gastos Gerais'!$C$4:$C$1003)) -> 0 | E14: =SUMPRODUCT(-('Fluxo de Gastos Gerais'!$F$4:$F$1003='Gastos das Atividades'!$B14),-('Gastos das Atividades'!E$1>='Fluxo de Gastos Gerais'!$D$4:$D$1003),-('Gastos das Atividades'!E$1<='Fluxo de Gastos Gerais'!$E$4:$E$1003),-('Fluxo de Gastos Gerais'!$C$4:$C$1003)) -> 0 | F14: =SUMPRODUCT(-('Fluxo de Gastos Gerais'!$F$4:$F$1003='Gastos das Atividades'!$B14),-('Gastos das Atividades'!F$1>='Fluxo de Gastos Gerais'!$D$4:$D$1003),-('Gastos das Atividades'!F$1<='Fluxo de Gastos Gerais'!$E$4:$E$1003),-('Fluxo de Gastos Gerais'!$C$4:$C$1003)) -> 0 | G14: =SUMPRODUCT(-('Fluxo de Gastos Gerais'!$F$4:$F$1003='Gastos das Atividades'!$B14),-('Gastos das Atividades'!G$1>='Fluxo de Gastos Gerais'!$D$4:$D$1003),-('Gastos das Atividades'!G$1<='Fluxo de Gastos Gerais'!$E$4:$E$1003),-('Fluxo de Gastos Gerais'!$C$4:$C$1003)) -> 0 | H14: =SUMPRODUCT(-('Fluxo de Gastos Gerais'!$F$4:$F$1003='Gastos das Atividades'!$B14),-('Gastos das Atividades'!H$1>='Fluxo de Gastos Gerais'!$D$4:$D$1003),-('Gastos das Atividades'!H$1<='Fluxo de Gastos Gerais'!$E$4:$E$1003),-('Fluxo de Gastos Gerais'!$C$4:$C$1003)) -> 0 | I14: =SUMPRODUCT(-('Fluxo de Gastos Gerais'!$F$4:$F$1003='Gastos das Atividades'!$B14),-('Gastos das Atividades'!I$1>='Fluxo de Gastos Gerais'!$D$4:$D$1003),-('Gastos das Atividades'!I$1<='Fluxo de Gastos Gerais'!$E$4:$E$1003),-('Fluxo de Gastos Gerais'!$C$4:$C$1003)) -> 0 | J14: =SUMPRODUCT(-('Fluxo de Gastos Gerais'!$F$4:$F$1003='Gastos das Atividades'!$B14),-('Gastos das Atividades'!J$1>='Fluxo de Gastos Gerais'!$D$4:$D$1003),-('Gastos das Atividades'!J$1<='Fluxo de Gastos Gerais'!$E$4:$E$1003),-('Fluxo de Gastos Gerais'!$C$4:$C$1003)) -> 0 | ... AG14: =SUMPRODUCT(-('Fluxo de Gastos Gerais'!$F$4:$F$1003='Gastos das Atividades'!$B14),-('Gastos das Atividades'!AG$1>='Fluxo de Gastos Gerais'!$D$4:$D$1003),-('Gastos das Atividades'!AG$1<='Fluxo de Gastos Gerais'!$E$4:$E$1003),-('Fluxo de Gastos Gerais'!$C$4:$C$1003)) -> 0 | AH14: =SUM(C14:N14) -> 0 | AI14: =SUM(O14:Z14) -> 0 | AJ14: =SUM(AA14:AG14) -> 0 | AK14: =SUM(C14:AG14) -> 0 | AL14: =IF($AK$35=0,0,AH14/$AK$35) -> 0 | AM14: =IF($AK$35=0,0,AI14/$AK$35) -> 0 | AN14: =IF($AK$35=0,0,AJ14/$AK$35) -> 0 | AO14: =IF($AK$35=0,0,AK14/$AK$35) -> 0
A15: 11 | C15: =SUMPRODUCT(-('Fluxo de Gastos Gerais'!$F$4:$F$1003='Gastos das Atividades'!$B15),-('Gastos das Atividades'!C$1>='Fluxo de Gastos Gerais'!$D$4:$D$1003),-('Gastos das Atividades'!C$1<='Fluxo de Gastos Gerais'!$E$4:$E$1003),-('Fluxo de Gastos Gerais'!$C$4:$C$1003)) -> 0 | D15: =SUMPRODUCT(-('Fluxo de Gastos Gerais'!$F$4:$F$1003='Gastos das Atividades'!$B15),-('Gastos das Atividades'!D$1>='Fluxo de Gastos Gerais'!$D$4:$D$1003),-('Gastos das Atividades'!D$1<='Fluxo de Gastos Gerais'!$E$4:$E$1003),-('Fluxo de Gastos Gerais'!$C$4:$C$1003)) -> 0 | E15: =SUMPRODUCT(-('Fluxo de Gastos Gerais'!$F$4:$F$1003='Gastos das Atividades'!$B15),-('Gastos das Atividades'!E$1>='Fluxo de Gastos Gerais'!$D$4:$D$1003),-('Gastos das Atividades'!E$1<='Fluxo de Gastos Gerais'!$E$4:$E$1003),-('Fluxo de Gastos Gerais'!$C$4:$C$1003)) -> 0 | F15: =SUMPRODUCT(-('Fluxo de Gastos Gerais'!$F$4:$F$1003='Gastos das Atividades'!$B15),-('Gastos das Atividades'!F$1>='Fluxo de Gastos Gerais'!$D$4:$D$1003),-('Gastos das Atividades'!F$1<='Fluxo de Gastos Gerais'!$E$4:$E$1003),-('Fluxo de Gastos Gerais'!$C$4:$C$1003)) -> 0 | G15: =SUMPRODUCT(-('Fluxo de Gastos Gerais'!$F$4:$F$1003='Gastos das Atividades'!$B15),-('Gastos das Atividades'!G$1>='Fluxo de Gastos Gerais'!$D$4:$D$1003),-('Gastos das Atividades'!G$1<='Fluxo de Gastos Gerais'!$E$4:$E$1003),-('Fluxo de Gastos Gerais'!$C$4:$C$1003)) -> 0 | H15: =SUMPRODUCT(-('Fluxo de Gastos Gerais'!$F$4:$F$1003='Gastos das Atividades'!$B15),-('Gastos das Atividades'!H$1>='Fluxo de Gastos Gerais'!$D$4:$D$1003),-('Gastos das Atividades'!H$1<='Fluxo de Gastos Gerais'!$E$4:$E$1003),-('Fluxo de Gastos Gerais'!$C$4:$C$1003)) -> 0 | I15: =SUMPRODUCT(-('Fluxo de Gastos Gerais'!$F$4:$F$1003='Gastos das Atividades'!$B15),-('Gastos das Atividades'!I$1>='Fluxo de Gastos Gerais'!$D$4:$D$1003),-('Gastos das Atividades'!I$1<='Fluxo de Gastos Gerais'!$E$4:$E$1003),-('Fluxo de Gastos Gerais'!$C$4:$C$1003)) -> 0 | J15: =SUMPRODUCT(-('Fluxo de Gastos Gerais'!$F$4:$F$1003='Gastos das Atividades'!$B15),-('Gastos das Atividades'!J$1>='Fluxo de Gastos Gerais'!$D$4:$D$1003),-('Gastos das Atividades'!J$1<='Fluxo de Gastos Gerais'!$E$4:$E$1003),-('Fluxo de Gastos Gerais'!$C$4:$C$1003)) -> 0 | ... AG15: =SUMPRODUCT(-('Fluxo de Gastos Gerais'!$F$4:$F$1003='Gastos das Atividades'!$B15),-('Gastos das Atividades'!AG$1>='Fluxo de Gastos Gerais'!$D$4:$D$1003),-('Gastos das Atividades'!AG$1<='Fluxo de Gastos Gerais'!$E$4:$E$1003),-('Fluxo de Gastos Gerais'!$C$4:$C$1003)) -> 0 | AH15: =SUM(C15:N15) -> 0 | AI15: =SUM(O15:Z15) -> 0 | AJ15: =SUM(AA15:AG15) -> 0 | AK15: =SUM(C15:AG15) -> 0 | AL15: =IF($AK$35=0,0,AH15/$AK$35) -> 0 | AM15: =IF($AK$35=0,0,AI15/$AK$35) -> 0 | AN15: =IF($AK$35=0,0,AJ15/$AK$35) -> 0 | AO15: =IF($AK$35=0,0,AK15/$AK$35) -> 0
A16: 12 | C16: =SUMPRODUCT(-('Fluxo de Gastos Gerais'!$F$4:$F$1003='Gastos das Atividades'!$B16),-('Gastos das Atividades'!C$1>='Fluxo de Gastos Gerais'!$D$4:$D$1003),-('Gastos das Atividades'!C$1<='Fluxo de Gastos Gerais'!$E$4:$E$1003),-('Fluxo de Gastos Gerais'!$C$4:$C$1003)) -> 0 | D16: =SUMPRODUCT(-('Fluxo de Gastos Gerais'!$F$4:$F$1003='Gastos das Atividades'!$B16),-('Gastos das Atividades'!D$1>='Fluxo de Gastos Gerais'!$D$4:$D$1003),-('Gastos das Atividades'!D$1<='Fluxo de Gastos Gerais'!$E$4:$E$1003),-('Fluxo de Gastos Gerais'!$C$4:$C$1003)) -> 0 | E16: =SUMPRODUCT(-('Fluxo de Gastos Gerais'!$F$4:$F$1003='Gastos das Atividades'!$B16),-('Gastos das Atividades'!E$1>='Fluxo de Gastos Gerais'!$D$4:$D$1003),-('Gastos das Atividades'!E$1<='Fluxo de Gastos Gerais'!$E$4:$E$1003),-('Fluxo de Gastos Gerais'!$C$4:$C$1003)) -> 0 | F16: =SUMPRODUCT(-('Fluxo de Gastos Gerais'!$F$4:$F$1003='Gastos das Atividades'!$B16),-('Gastos das Atividades'!F$1>='Fluxo de Gastos Gerais'!$D$4:$D$1003),-('Gastos das Atividades'!F$1<='Fluxo de Gastos Gerais'!$E$4:$E$1003),-('Fluxo de Gastos Gerais'!$C$4:$C$1003)) -> 0 | G16: =SUMPRODUCT(-('Fluxo de Gastos Gerais'!$F$4:$F$1003='Gastos das Atividades'!$B16),-('Gastos das Atividades'!G$1>='Fluxo de Gastos Gerais'!$D$4:$D$1003),-('Gastos das Atividades'!G$1<='Fluxo de Gastos Gerais'!$E$4:$E$1003),-('Fluxo de Gastos Gerais'!$C$4:$C$1003)) -> 0 | H16: =SUMPRODUCT(-('Fluxo de Gastos Gerais'!$F$4:$F$1003='Gastos das Atividades'!$B16),-('Gastos das Atividades'!H$1>='Fluxo de Gastos Gerais'!$D$4:$D$1003),-('Gastos das Atividades'!H$1<='Fluxo de Gastos Gerais'!$E$4:$E$1003),-('Fluxo de Gastos Gerais'!$C$4:$C$1003)) -> 0 | I16: =SUMPRODUCT(-('Fluxo de Gastos Gerais'!$F$4:$F$1003='Gastos das Atividades'!$B16),-('Gastos das Atividades'!I$1>='Fluxo de Gastos Gerais'!$D$4:$D$1003),-('Gastos das Atividades'!I$1<='Fluxo de Gastos Gerais'!$E$4:$E$1003),-('Fluxo de Gastos Gerais'!$C$4:$C$1003)) -> 0 | J16: =SUMPRODUCT(-('Fluxo de Gastos Gerais'!$F$4:$F$1003='Gastos das Atividades'!$B16),-('Gastos das Atividades'!J$1>='Fluxo de Gastos Gerais'!$D$4:$D$1003),-('Gastos das Atividades'!J$1<='Fluxo de Gastos Gerais'!$E$4:$E$1003),-('Fluxo de Gastos Gerais'!$C$4:$C$1003)) -> 0 | ... AG16: =SUMPRODUCT(-('Fluxo de Gastos Gerais'!$F$4:$F$1003='Gastos das Atividades'!$B16),-('Gastos das Atividades'!AG$1>='Fluxo de Gastos Gerais'!$D$4:$D$1003),-('Gastos das Atividades'!AG$1<='Fluxo de Gastos Gerais'!$E$4:$E$1003),-('Fluxo de Gastos Gerais'!$C$4:$C$1003)) -> 0 | AH16: =SUM(C16:N16) -> 0 | AI16: =SUM(O16:Z16) -> 0 | AJ16: =SUM(AA16:AG16) -> 0 | AK16: =SUM(C16:AG16) -> 0 | AL16: =IF($AK$35=0,0,AH16/$AK$35) -> 0 | AM16: =IF($AK$35=0,0,AI16/$AK$35) -> 0 | AN16: =IF($AK$35=0,0,AJ16/$AK$35) -> 0 | AO16: =IF($AK$35=0,0,AK16/$AK$35) -> 0
A17: 13 | C17: =SUMPRODUCT(-('Fluxo de Gastos Gerais'!$F$4:$F$1003='Gastos das Atividades'!$B17),-('Gastos das Atividades'!C$1>='Fluxo de Gastos Gerais'!$D$4:$D$1003),-('Gastos das Atividades'!C$1<='Fluxo de Gastos Gerais'!$E$4:$E$1003),-('Fluxo de Gastos Gerais'!$C$4:$C$1003)) -> 0 | D17: =SUMPRODUCT(-('Fluxo de Gastos Gerais'!$F$4:$F$1003='Gastos das Atividades'!$B17),-('Gastos das Atividades'!D$1>='Fluxo de Gastos Gerais'!$D$4:$D$1003),-('Gastos das Atividades'!D$1<='Fluxo de Gastos Gerais'!$E$4:$E$1003),-('Fluxo de Gastos Gerais'!$C$4:$C$1003)) -> 0 | E17: =SUMPRODUCT(-('Fluxo de Gastos Gerais'!$F$4:$F$1003='Gastos das Atividades'!$B17),-('Gastos das Atividades'!E$1>='Fluxo de Gastos Gerais'!$D$4:$D$1003),-('Gastos das Atividades'!E$1<='Fluxo de Gastos Gerais'!$E$4:$E$1003),-('Fluxo de Gastos Gerais'!$C$4:$C$1003)) -> 0 | F17: =SUMPRODUCT(-('Fluxo de Gastos Gerais'!$F$4:$F$1003='Gastos das Atividades'!$B17),-('Gastos das Atividades'!F$1>='Fluxo de Gastos Gerais'!$D$4:$D$1003),-('Gastos das Atividades'!F$1<='Fluxo de Gastos Gerais'!$E$4:$E$1003),-('Fluxo de Gastos Gerais'!$C$4:$C$1003)) -> 0 | G17: =SUMPRODUCT(-('Fluxo de Gastos Gerais'!$F$4:$F$1003='Gastos das Atividades'!$B17),-('Gastos das Atividades'!G$1>='Fluxo de Gastos Gerais'!$D$4:$D$1003),-('Gastos das Atividades'!G$1<='Fluxo de Gastos Gerais'!$E$4:$E$1003),-('Fluxo de Gastos Gerais'!$C$4:$C$1003)) -> 0 | H17: =SUMPRODUCT(-('Fluxo de Gastos Gerais'!$F$4:$F$1003='Gastos das Atividades'!$B17),-('Gastos das Atividades'!H$1>='Fluxo de Gastos Gerais'!$D$4:$D$1003),-('Gastos das Atividades'!H$1<='Fluxo de Gastos Gerais'!$E$4:$E$1003),-('Fluxo de Gastos Gerais'!$C$4:$C$1003)) -> 0 | I17: =SUMPRODUCT(-('Fluxo de Gastos Gerais'!$F$4:$F$1003='Gastos das Atividades'!$B17),-('Gastos das Atividades'!I$1>='Fluxo de Gastos Gerais'!$D$4:$D$1003),-('Gastos das Atividades'!I$1<='Fluxo de Gastos Gerais'!$E$4:$E$1003),-('Fluxo de Gastos Gerais'!$C$4:$C$1003)) -> 0 | J17: =SUMPRODUCT(-('Fluxo de Gastos Gerais'!$F$4:$F$1003='Gastos das Atividades'!$B17),-('Gastos das Atividades'!J$1>='Fluxo de Gastos Gerais'!$D$4:$D$1003),-('Gastos das Atividades'!J$1<='Fluxo de Gastos Gerais'!$E$4:$E$1003),-('Fluxo de Gastos Gerais'!$C$4:$C$1003)) -> 0 | ... AG17: =SUMPRODUCT(-('Fluxo de Gastos Gerais'!$F$4:$F$1003='Gastos das Atividades'!$B17),-('Gastos das Atividades'!AG$1>='Fluxo de Gastos Gerais'!$D$4:$D$1003),-('Gastos das Atividades'!AG$1<='Fluxo de Gastos Gerais'!$E$4:$E$1003),-('Fluxo de Gastos Gerais'!$C$4:$C$1003)) -> 0 | AH17: =SUM(C17:N17) -> 0 | AI17: =SUM(O17:Z17) -> 0 | AJ17: =SUM(AA17:AG17) -> 0 | AK17: =SUM(C17:AG17) -> 0 | AL17: =IF($AK$35=0,0,AH17/$AK$35) -> 0 | AM17: =IF($AK$35=0,0,AI17/$AK$35) -> 0 | AN17: =IF($AK$35=0,0,AJ17/$AK$35) -> 0 | AO17: =IF($AK$35=0,0,AK17/$AK$35) -> 0
A18: 14 | C18: =SUMPRODUCT(-('Fluxo de Gastos Gerais'!$F$4:$F$1003='Gastos das Atividades'!$B18),-('Gastos das Atividades'!C$1>='Fluxo de Gastos Gerais'!$D$4:$D$1003),-('Gastos das Atividades'!C$1<='Fluxo de Gastos Gerais'!$E$4:$E$1003),-('Fluxo de Gastos Gerais'!$C$4:$C$1003)) -> 0 | D18: =SUMPRODUCT(-('Fluxo de Gastos Gerais'!$F$4:$F$1003='Gastos das Atividades'!$B18),-('Gastos das Atividades'!D$1>='Fluxo de Gastos Gerais'!$D$4:$D$1003),-('Gastos das Atividades'!D$1<='Fluxo de Gastos Gerais'!$E$4:$E$1003),-('Fluxo de Gastos Gerais'!$C$4:$C$1003)) -> 0 | E18: =SUMPRODUCT(-('Fluxo de Gastos Gerais'!$F$4:$F$1003='Gastos das Atividades'!$B18),-('Gastos das Atividades'!E$1>='Fluxo de Gastos Gerais'!$D$4:$D$1003),-('Gastos das Atividades'!E$1<='Fluxo de Gastos Gerais'!$E$4:$E$1003),-('Fluxo de Gastos Gerais'!$C$4:$C$1003)) -> 0 | F18: =SUMPRODUCT(-('Fluxo de Gastos Gerais'!$F$4:$F$1003='Gastos das Atividades'!$B18),-('Gastos das Atividades'!F$1>='Fluxo de Gastos Gerais'!$D$4:$D$1003),-('Gastos das Atividades'!F$1<='Fluxo de Gastos Gerais'!$E$4:$E$1003),-('Fluxo de Gastos Gerais'!$C$4:$C$1003)) -> 0 | G18: =SUMPRODUCT(-('Fluxo de Gastos Gerais'!$F$4:$F$1003='Gastos das Atividades'!$B18),-('Gastos das Atividades'!G$1>='Fluxo de Gastos Gerais'!$D$4:$D$1003),-('Gastos das Atividades'!G$1<='Fluxo de Gastos Gerais'!$E$4:$E$1003),-('Fluxo de Gastos Gerais'!$C$4:$C$1003)) -> 0 | H18: =SUMPRODUCT(-('Fluxo de Gastos Gerais'!$F$4:$F$1003='Gastos das Atividades'!$B18),-('Gastos das Atividades'!H$1>='Fluxo de Gastos Gerais'!$D$4:$D$1003),-('Gastos das Atividades'!H$1<='Fluxo de Gastos Gerais'!$E$4:$E$1003),-('Fluxo de Gastos Gerais'!$C$4:$C$1003)) -> 0 | I18: =SUMPRODUCT(-('Fluxo de Gastos Gerais'!$F$4:$F$1003='Gastos das Atividades'!$B18),-('Gastos das Atividades'!I$1>='Fluxo de Gastos Gerais'!$D$4:$D$1003),-('Gastos das Atividades'!I$1<='Fluxo de Gastos Gerais'!$E$4:$E$1003),-('Fluxo de Gastos Gerais'!$C$4:$C$1003)) -> 0 | J18: =SUMPRODUCT(-('Fluxo de Gastos Gerais'!$F$4:$F$1003='Gastos das Atividades'!$B18),-('Gastos das Atividades'!J$1>='Fluxo de Gastos Gerais'!$D$4:$D$1003),-('Gastos das Atividades'!J$1<='Fluxo de Gastos Gerais'!$E$4:$E$1003),-('Fluxo de Gastos Gerais'!$C$4:$C$1003)) -> 0 | ... AG18: =SUMPRODUCT(-('Fluxo de Gastos Gerais'!$F$4:$F$1003='Gastos das Atividades'!$B18),-('Gastos das Atividades'!AG$1>='Fluxo de Gastos Gerais'!$D$4:$D$1003),-('Gastos das Atividades'!AG$1<='Fluxo de Gastos Gerais'!$E$4:$E$1003),-('Fluxo de Gastos Gerais'!$C$4:$C$1003)) -> 0 | AH18: =SUM(C18:N18) -> 0 | AI18: =SUM(O18:Z18) -> 0 | AJ18: =SUM(AA18:AG18) -> 0 | AK18: =SUM(C18:AG18) -> 0 | AL18: =IF($AK$35=0,0,AH18/$AK$35) -> 0 | AM18: =IF($AK$35=0,0,AI18/$AK$35) -> 0 | AN18: =IF($AK$35=0,0,AJ18/$AK$35) -> 0 | AO18: =IF($AK$35=0,0,AK18/$AK$35) -> 0
A19: 15 | C19: =SUMPRODUCT(-('Fluxo de Gastos Gerais'!$F$4:$F$1003='Gastos das Atividades'!$B19),-('Gastos das Atividades'!C$1>='Fluxo de Gastos Gerais'!$D$4:$D$1003),-('Gastos das Atividades'!C$1<='Fluxo de Gastos Gerais'!$E$4:$E$1003),-('Fluxo de Gastos Gerais'!$C$4:$C$1003)) -> 0 | D19: =SUMPRODUCT(-('Fluxo de Gastos Gerais'!$F$4:$F$1003='Gastos das Atividades'!$B19),-('Gastos das Atividades'!D$1>='Fluxo de Gastos Gerais'!$D$4:$D$1003),-('Gastos das Atividades'!D$1<='Fluxo de Gastos Gerais'!$E$4:$E$1003),-('Fluxo de Gastos Gerais'!$C$4:$C$1003)) -> 0 | E19: =SUMPRODUCT(-('Fluxo de Gastos Gerais'!$F$4:$F$1003='Gastos das Atividades'!$B19),-('Gastos das Atividades'!E$1>='Fluxo de Gastos Gerais'!$D$4:$D$1003),-('Gastos das Atividades'!E$1<='Fluxo de Gastos Gerais'!$E$4:$E$1003),-('Fluxo de Gastos Gerais'!$C$4:$C$1003)) -> 0 | F19: =SUMPRODUCT(-('Fluxo de Gastos Gerais'!$F$4:$F$1003='Gastos das Atividades'!$B19),-('Gastos das Atividades'!F$1>='Fluxo de Gastos Gerais'!$D$4:$D$1003),-('Gastos das Atividades'!F$1<='Fluxo de Gastos Gerais'!$E$4:$E$1003),-('Fluxo de Gastos Gerais'!$C$4:$C$1003)) -> 0 | G19: =SUMPRODUCT(-('Fluxo de Gastos Gerais'!$F$4:$F$1003='Gastos das Atividades'!$B19),-('Gastos das Atividades'!G$1>='Fluxo de Gastos Gerais'!$D$4:$D$1003),-('Gastos das Atividades'!G$1<='Fluxo de Gastos Gerais'!$E$4:$E$1003),-('Fluxo de Gastos Gerais'!$C$4:$C$1003)) -> 0 | H19: =SUMPRODUCT(-('Fluxo de Gastos Gerais'!$F$4:$F$1003='Gastos das Atividades'!$B19),-('Gastos das Atividades'!H$1>='Fluxo de Gastos Gerais'!$D$4:$D$1003),-('Gastos das Atividades'!H$1<='Fluxo de Gastos Gerais'!$E$4:$E$1003),-('Fluxo de Gastos Gerais'!$C$4:$C$1003)) -> 0 | I19: =SUMPRODUCT(-('Fluxo de Gastos Gerais'!$F$4:$F$1003='Gastos das Atividades'!$B19),-('Gastos das Atividades'!I$1>='Fluxo de Gastos Gerais'!$D$4:$D$1003),-('Gastos das Atividades'!I$1<='Fluxo de Gastos Gerais'!$E$4:$E$1003),-('Fluxo de Gastos Gerais'!$C$4:$C$1003)) -> 0 | J19: =SUMPRODUCT(-('Fluxo de Gastos Gerais'!$F$4:$F$1003='Gastos das Atividades'!$B19),-('Gastos das Atividades'!J$1>='Fluxo de Gastos Gerais'!$D$4:$D$1003),-('Gastos das Atividades'!J$1<='Fluxo de Gastos Gerais'!$E$4:$E$1003),-('Fluxo de Gastos Gerais'!$C$4:$C$1003)) -> 0 | ... AG19: =SUMPRODUCT(-('Fluxo de Gastos Gerais'!$F$4:$F$1003='Gastos das Atividades'!$B19),-('Gastos das Atividades'!AG$1>='Fluxo de Gastos Gerais'!$D$4:$D$1003),-('Gastos das Atividades'!AG$1<='Fluxo de Gastos Gerais'!$E$4:$E$1003),-('Fluxo de Gastos Gerais'!$C$4:$C$1003)) -> 0 | AH19: =SUM(C19:N19) -> 0 | AI19: =SUM(O19:Z19) -> 0 | AJ19: =SUM(AA19:AG19) -> 0 | AK19: =SUM(C19:AG19) -> 0 | AL19: =IF($AK$35=0,0,AH19/$AK$35) -> 0 | AM19: =IF($AK$35=0,0,AI19/$AK$35) -> 0 | AN19: =IF($AK$35=0,0,AJ19/$AK$35) -> 0 | AO19: =IF($AK$35=0,0,AK19/$AK$35) -> 0
A20: 16 | C20: =SUMPRODUCT(-('Fluxo de Gastos Gerais'!$F$4:$F$1003='Gastos das Atividades'!$B20),-('Gastos das Atividades'!C$1>='Fluxo de Gastos Gerais'!$D$4:$D$1003),-('Gastos das Atividades'!C$1<='Fluxo de Gastos Gerais'!$E$4:$E$1003),-('Fluxo de Gastos Gerais'!$C$4:$C$1003)) -> 0 | D20: =SUMPRODUCT(-('Fluxo de Gastos Gerais'!$F$4:$F$1003='Gastos das Atividades'!$B20),-('Gastos das Atividades'!D$1>='Fluxo de Gastos Gerais'!$D$4:$D$1003),-('Gastos das Atividades'!D$1<='Fluxo de Gastos Gerais'!$E$4:$E$1003),-('Fluxo de Gastos Gerais'!$C$4:$C$1003)) -> 0 | E20: =SUMPRODUCT(-('Fluxo de Gastos Gerais'!$F$4:$F$1003='Gastos das Atividades'!$B20),-('Gastos das Atividades'!E$1>='Fluxo de Gastos Gerais'!$D$4:$D$1003),-('Gastos das Atividades'!E$1<='Fluxo de Gastos Gerais'!$E$4:$E$1003),-('Fluxo de Gastos Gerais'!$C$4:$C$1003)) -> 0 | F20: =SUMPRODUCT(-('Fluxo de Gastos Gerais'!$F$4:$F$1003='Gastos das Atividades'!$B20),-('Gastos das Atividades'!F$1>='Fluxo de Gastos Gerais'!$D$4:$D$1003),-('Gastos das Atividades'!F$1<='Fluxo de Gastos Gerais'!$E$4:$E$1003),-('Fluxo de Gastos Gerais'!$C$4:$C$1003)) -> 0 | G20: =SUMPRODUCT(-('Fluxo de Gastos Gerais'!$F$4:$F$1003='Gastos das Atividades'!$B20),-('Gastos das Atividades'!G$1>='Fluxo de Gastos Gerais'!$D$4:$D$1003),-('Gastos das Atividades'!G$1<='Fluxo de Gastos Gerais'!$E$4:$E$1003),-('Fluxo de Gastos Gerais'!$C$4:$C$1003)) -> 0 | H20: =SUMPRODUCT(-('Fluxo de Gastos Gerais'!$F$4:$F$1003='Gastos das Atividades'!$B20),-('Gastos das Atividades'!H$1>='Fluxo de Gastos Gerais'!$D$4:$D$1003),-('Gastos das Atividades'!H$1<='Fluxo de Gastos Gerais'!$E$4:$E$1003),-('Fluxo de Gastos Gerais'!$C$4:$C$1003)) -> 0 | I20: =SUMPRODUCT(-('Fluxo de Gastos Gerais'!$F$4:$F$1003='Gastos das Atividades'!$B20),-('Gastos das Atividades'!I$1>='Fluxo de Gastos Gerais'!$D$4:$D$1003),-('Gastos das Atividades'!I$1<='Fluxo de Gastos Gerais'!$E$4:$E$1003),-('Fluxo de Gastos Gerais'!$C$4:$C$1003)) -> 0 | J20: =SUMPRODUCT(-('Fluxo de Gastos Gerais'!$F$4:$F$1003='Gastos das Atividades'!$B20),-('Gastos das Atividades'!J$1>='Fluxo de Gastos Gerais'!$D$4:$D$1003),-('Gastos das Atividades'!J$1<='Fluxo de Gastos Gerais'!$E$4:$E$1003),-('Fluxo de Gastos Gerais'!$C$4:$C$1003)) -> 0 | ... AG20: =SUMPRODUCT(-('Fluxo de Gastos Gerais'!$F$4:$F$1003='Gastos das Atividades'!$B20),-('Gastos das Atividades'!AG$1>='Fluxo de Gastos Gerais'!$D$4:$D$1003),-('Gastos das Atividades'!AG$1<='Fluxo de Gastos Gerais'!$E$4:$E$1003),-('Fluxo de Gastos Gerais'!$C$4:$C$1003)) -> 0 | AH20: =SUM(C20:N20) -> 0 | AI20: =SUM(O20:Z20) -> 0 | AJ20: =SUM(AA20:AG20) -> 0 | AK20: =SUM(C20:AG20) -> 0 | AL20: =IF($AK$35=0,0,AH20/$AK$35) -> 0 | AM20: =IF($AK$35=0,0,AI20/$AK$35) -> 0 | AN20: =IF($AK$35=0,0,AJ20/$AK$35) -> 0 | AO20: =IF($AK$35=0,0,AK20/$AK$35) -> 0
... A34: 30 | C34: =SUMPRODUCT(-('Fluxo de Gastos Gerais'!$F$4:$F$1003='Gastos das Atividades'!$B34),-('Gastos das Atividades'!C$1>='Fluxo de Gastos Gerais'!$D$4:$D$1003),-('Gastos das Atividades'!C$1<='Fluxo de Gastos Gerais'!$E$4:$E$1003),-('Fluxo de Gastos Gerais'!$C$4:$C$1003)) -> 0 | D34: =SUMPRODUCT(-('Fluxo de Gastos Gerais'!$F$4:$F$1003='Gastos das Atividades'!$B34),-('Gastos das Atividades'!D$1>='Fluxo de Gastos Gerais'!$D$4:$D$1003),-('Gastos das Atividades'!D$1<='Fluxo de Gastos Gerais'!$E$4:$E$1003),-('Fluxo de Gastos Gerais'!$C$4:$C$1003)) -> 0 | E34: =SUMPRODUCT(-('Fluxo de Gastos Gerais'!$F$4:$F$1003='Gastos das Atividades'!$B34),-('Gastos das Atividades'!E$1>='Fluxo de Gastos Gerais'!$D$4:$D$1003),-('Gastos das Atividades'!E$1<='Fluxo de Gastos Gerais'!$E$4:$E$1003),-('Fluxo de Gastos Gerais'!$C$4:$C$1003)) -> 0 | F34: =SUMPRODUCT(-('Fluxo de Gastos Gerais'!$F$4:$F$1003='Gastos das Atividades'!$B34),-('Gastos das Atividades'!F$1>='Fluxo de Gastos Gerais'!$D$4:$D$1003),-('Gastos das Atividades'!F$1<='Fluxo de Gastos Gerais'!$E$4:$E$1003),-('Fluxo de Gastos Gerais'!$C$4:$C$1003)) -> 0 | G34: =SUMPRODUCT(-('Fluxo de Gastos Gerais'!$F$4:$F$1003='Gastos das Atividades'!$B34),-('Gastos das Atividades'!G$1>='Fluxo de Gastos Gerais'!$D$4:$D$1003),-('Gastos das Atividades'!G$1<='Fluxo de Gastos Gerais'!$E$4:$E$1003),-('Fluxo de Gastos Gerais'!$C$4:$C$1003)) -> 0 | H34: =SUMPRODUCT(-('Fluxo de Gastos Gerais'!$F$4:$F$1003='Gastos das Atividades'!$B34),-('Gastos das Atividades'!H$1>='Fluxo de Gastos Gerais'!$D$4:$D$1003),-('Gastos das Atividades'!H$1<='Fluxo de Gastos Gerais'!$E$4:$E$1003),-('Fluxo de Gastos Gerais'!$C$4:$C$1003)) -> 0 | I34: =SUMPRODUCT(-('Fluxo de Gastos Gerais'!$F$4:$F$1003='Gastos das Atividades'!$B34),-('Gastos das Atividades'!I$1>='Fluxo de Gastos Gerais'!$D$4:$D$1003),-('Gastos das Atividades'!I$1<='Fluxo de Gastos Gerais'!$E$4:$E$1003),-('Fluxo de Gastos Gerais'!$C$4:$C$1003)) -> 0 | J34: =SUMPRODUCT(-('Fluxo de Gastos Gerais'!$F$4:$F$1003='Gastos das Atividades'!$B34),-('Gastos das Atividades'!J$1>='Fluxo de Gastos Gerais'!$D$4:$D$1003),-('Gastos das Atividades'!J$1<='Fluxo de Gastos Gerais'!$E$4:$E$1003),-('Fluxo de Gastos Gerais'!$C$4:$C$1003)) -> 0 | ... AG34: =SUMPRODUCT(-('Fluxo de Gastos Gerais'!$F$4:$F$1003='Gastos das Atividades'!$B34),-('Gastos das Atividades'!AG$1>='Fluxo de Gastos Gerais'!$D$4:$D$1003),-('Gastos das Atividades'!AG$1<='Fluxo de Gastos Gerais'!$E$4:$E$1003),-('Fluxo de Gastos Gerais'!$C$4:$C$1003)) -> 0 | AH34: =SUM(C34:N34) -> 0 | AI34: =SUM(O34:Z34) -> 0 | AJ34: =SUM(AA34:AG34) -> 0 | AK34: =SUM(C34:AG34) -> 0 | AL34: =IF($AK$35=0,0,AH34/$AK$35) -> 0 | AM34: =IF($AK$35=0,0,AI34/$AK$35) -> 0 | AN34: =IF($AK$35=0,0,AJ34/$AK$35) -> 0 | AO34: =IF($AK$35=0,0,AK34/$AK$35) -> 0
B35: Total | C35: =SUBTOTAL(109,C5:C34) -> 205890.34 | D35: =SUBTOTAL(109,D5:D34) -> 177977.78 | E35: =SUBTOTAL(109,E5:E34) -> 198971.11 | F35: =SUBTOTAL(109,F5:F34) -> 100637.78 | G35: =SUBTOTAL(109,G5:G34) -> 100637.78 | H35: =SUBTOTAL(109,H5:H34) -> 70637.778 | I35: =SUBTOTAL(109,I5:I34) -> 70637.778 | J35: =SUBTOTAL(109,J5:J34) -> 70637.778 | ... AG35: =SUBTOTAL(109,AG5:AG34) -> 0 | AH35: =SUM(AH5:AH34) -> 1215245.9 | AI35: =SUM(AI5:AI34) -> 828899.24 | AJ35: =SUM(AJ5:AJ34) -> 0 | AK35: =SUM(AK5:AK34) -> 2044145.1 | AL35: =SUM(AL5:AL34) -> 0.59450079 | AM35: =SUM(AM5:AM34) -> 0.40549921 | AN35: =SUM(AN5:AN34) -> 0 | AO35: =IF($AK$35=0,0,AK35/$AK$35) -> 1
B38: Destinação dos Gastos do Termo de Parceria
B39: Destinação | AH39: Categoria | AI39: Valor | AJ39: %
B40: Área Meio | AH40: Pessoal | AI40: ='Gastos com Pessoal'!H129 -> 691889.37 | AJ40: =IF($AI$46=0,0,AI40/$AI$46) -> 0.17875931
B41: Área Meio | AH41: Gerais | AI41: =AK5 -> 47245.9 | AJ41: =IF($AI$46=0,0,AI41/$AI$46) -> 0.01220664
B42: Área Meio | AH42: Subtotal | AI42: =SUBTOTAL(9,AI40:AI41) -> 739135.27 | AJ42: =IF($AI$46=0,0,AI42/$AI$46) -> 0.19096595
B43: Área Fim | AH43: Pessoal | AI43: ='Gastos com Pessoal'!H130 -> 1134473.7 | AJ43: =IF($AI$46=0,0,AI43/$AI$46) -> 0.29310717
B44: Área Fim | AH44: Gerais | AI44: =AK35-AK5 -> 1996899.2 | AJ44: =IF($AI$46=0,0,AI44/$AI$46) -> 0.51592688
B45: Área Fim | AH45: Subtotal | AI45: =SUBTOTAL(9,AI43:AI44) -> 3131373 | AJ45: =IF($AI$46=0,0,AI45/$AI$46) -> 0.80903405
B46: Total: | AI46: =SUBTOTAL(9,AI40:AI45) -> 3870508.3 | AJ46: =IF($AI$46=0,0,AI46/$AI$46) -> 1

Sheet Analítico
C1: 1 | D1: 2 | E1: 3 | F1: 4 | G1: 5 | H1: 6 | I1: 7 | J1: 8 | K1: 9 | L1: 10 | M1: 11 | N1: 12 | O1: 13 | P1: 14 | Q1: 15 | R1: 16 | S1: 17 | T1: 18 | U1: 19 | V1: 20 | W1: 21 | X1: 22 | Y1: 23 | Z1: 24 | AA1: 25 | AB1: 26 | AC1: 27 | AD1: 28 | AE1: 29 | AF1: 30 | AG1: 31 | AH1: 32 | AI1: 33 | AJ1: 34 | AK1: 35 | AL1: 36
C2: =Capa!A1 -> Termo de Parceria celebrado entre o Instituto Estadual do Patrimônio Histórico e Artístico de Minas Gerais - IEPHA/MG e a Associação Pró-Cultura e Promoção das Artes - APPA
C3: Tabela 3 - Previsão Analítica de Receitas e Gastos Mensais em Regime de Competência | O3: Tabela 3 - Previsão Analítica de Receitas e Gastos Mensais em Regime de Competência | AA3: Tabela 3 - Previsão Analítica de Receitas e Gastos Mensais em Regime de Competência
C4: Mês 1 | D4: Mês 2 | E4: Mês 3 | F4: Mês 4 | G4: Mês 5 | H4: Mês 6 | I4: Mês 7 | J4: Mês 8 | K4: Mês 9 | L4: Mês 10 | M4: Mês 11 | N4: Mês 12 | O4: Mês 13 | P4: Mês 14 | Q4: Mês 15 | R4: Mês 16 | S4: Mês 17 | T4: Mês 18 | U4: Mês 19 | V4: Mês 20 | W4: Mês 21 | X4: Mês 22 | Y4: Mês 23 | Z4: Mês 24 | AA4: Mês 25 | AB4: Mês 26 | AC4: Mês 27 | AD4: Mês 28 | AE4: Mês 29 | AF4: Mês 30 | AG4: Mês 31 | AH4: Mês 32 | AI4: Mês 33 | AJ4: Mês 34 | AK4: Mês 35 | AL4: Mês 36 | AM4: Total | AN4: % do Total
A5: SR | B5: Saldo Remanescente | C5: 0 | AM5: =C5 -> 0 | AN5: =IF($AM$14=0,0,AM5/$AM$14) -> 0
A7: 1 | B7: Entrada de Recursos
A8: 1.1 | B8: Receitas
A9: 1.1.1 | B9: Repasses do Termo de Parceria | C9: =SUM(C133:F133) -> 957808.4 | D9: 0 | E9: 0 | F9: 0 | G9: =SUM(G133:I133) -> 473861.13 | H9: 0 | I9: 0 | J9: =SUM(J133:L133) -> 422750.02 | K9: 0 | L9: 0 | M9: =2134311.11-C9-G9-J9 -> 279891.56 | N9: 0 | O9: =1704691.09-P9-S9-V9-Y9 -> 131029.23 | P9: =SUM(P133:R133) -> 469606.02 | Q9: 0 | R9: 0 | S9: =SUM(S133:U133) -> 437770.94 | T9: 0 | U9: 0 | V9: =SUM(V133:X133) -> 416659.83 | W9: 0 | X9: 0 | Y9: =SUM(Y133:Z133) -> 249625.07 | Z9: 0 | AA9: 0 | AB9: 0 | AC9: 0 | AD9: 0 | AE9: 0 | AF9: 0 | AG9: 0 | AH9: 0 | AI9: 0 | AJ9: 0 | AK9: 0 | AL9: 0 | AM9: =SUM(C9:AL9) -> 3839002.2 | AN9: =IF($AM$14=0,0,AM9/$AM$14) -> 1
A10: 1.1.2 | B10: Receita Arrecadada em Função do TP | C10: 0 | D10: 0 | E10: 0 | F10: 0 | G10: 0 | H10: 0 | I10: 0 | J10: 0 | K10: 0 | L10: 0 | M10: 0 | N10: 0 | O10: 0 | P10: 0 | Q10: 0 | R10: 0 | S10: 0 | T10: 0 | U10: 0 | V10: 0 | W10: 0 | X10: 0 | Y10: 0 | Z10: 0 | AA10: 0 | AB10: 0 | AC10: 0 | AD10: 0 | AE10: 0 | AF10: 0 | AG10: 0 | AH10: 0 | AI10: 0 | AJ10: 0 | AK10: 0 | AL10: 0 | AM10: =SUM(C10:AL10) -> 0 | AN10: =IF($AM$14=0,0,AM10/$AM$14) -> 0
A11: 1.1.3 | B11: Outras Receitas | C11: 0 | D11: 0 | E11: 0 | F11: 0 | G11: 0 | H11: 0 | I11: 0 | J11: 0 | K11: 0 | L11: 0 | M11: 0 | N11: 0 | O11: 0 | P11: 0 | Q11: 0 | R11: 0 | S11: 0 | T11: 0 | U11: 0 | V11: 0 | W11: 0 | X11: 0 | Y11: 0 | Z11: 0 | AA11: 0 | AB11: 0 | AC11: 0 | AD11: 0 | AE11: 0 | AF11: 0 | AG11: 0 | AH11: 0 | AI11: 0 | AJ11: 0 | AK11: 0 | AL11: 0 | AM11: =SUM(C11:AL11) -> 0 | AN11: =IF($AM$14=0,0,AM11/$AM$14) -> 0
A12: 1.2 | B12: Rendimentos de Aplicações Fin. | C12: 0 | D12: 0 | E12: 0 | F12: 0 | G12: 0 | H12: 0 | I12: 0 | J12: 0 | K12: 0 | L12: 0 | M12: 0 | N12: 0 | O12: 0 | P12: 0 | Q12: 0 | R12: 0 | S12: 0 | T12: 0 | U12: 0 | V12: 0 | W12: 0 | X12: 0 | Y12: 0 | Z12: 0 | AA12: 0 | AB12: 0 | AC12: 0 | AD12: 0 | AE12: 0 | AF12: 0 | AG12: 0 | AH12: 0 | AI12: 0 | AJ12: 0 | AK12: 0 | AL12: 0 | AM12: =SUM(C12:AL12) -> 0 | AN12: =IF($AM$14=0,0,AM12/$AM$14) -> 0
A13: (E) Total de Entradas | C13: =SUBTOTAL(109,C9:C12) -> 957808.4 | D13: =SUBTOTAL(109,D9:D12) -> 0 | E13: =SUBTOTAL(109,E9:E12) -> 0 | F13: =SUBTOTAL(109,F9:F12) -> 0 | G13: =SUBTOTAL(109,G9:G12) -> 473861.13 | H13: =SUBTOTAL(109,H9:H12) -> 0 | I13: =SUBTOTAL(109,I9:I12) -> 0 | J13: =SUBTOTAL(109,J9:J12) -> 422750.02 | ... AL13: =SUBTOTAL(109,AL9:AL12) -> 0 | AM13: =SUM(C13:AL13) -> 3839002.2 | AN13: =IF($AM$14=0,0,AM13/$AM$14) -> 1
A14: Saldo Rem. (SR) + Entradas (E) | C14: =SUBTOTAL(109,C5:C13) -> 957808.4 | D14: =SUBTOTAL(109,D5:D13) -> 0 | E14: =SUBTOTAL(109,E5:E13) -> 0 | F14: =SUBTOTAL(109,F5:F13) -> 0 | G14: =SUBTOTAL(109,G5:G13) -> 473861.13 | H14: =SUBTOTAL(109,H5:H13) -> 0 | I14: =SUBTOTAL(109,I5:I13) -> 0 | J14: =SUBTOTAL(109,J5:J13) -> 422750.02 | ... AL14: =SUBTOTAL(109,AL5:AL13) -> 0 | AM14: =SUM(C14:AL14) -> 3839002.2 | AN14: =IF($AM$14=0,0,AM14/$AM$14) -> 1
AX15: Salários+Encargos | AY15: Bolsa+Encargos | AZ15: Beneficio | BA15: Reajuste dos Beneficios | BB15: Reajuste2 dos Beneficios | BC15: Reajuste3 dos Beneficios
A16: 2 | B16: Saída de Recursos | AX16: Celetistas | AY16: Estagiários | AZ16: Estagiários | BA16: Estagiários
A17: 2.1 | B17: Gastos com Pessoal
A18: 2.1.1 | B18: Salários e Remunerações | AX18: Intervalo Manual
A19: 2.1.1.1 | B19: Salários | C19: {=SUM((C$1>='Gastos com Pessoal'!$F$7:$F$106)*(C$1<='Gastos com Pessoal'!$G$7:$G$106)*INDIRECT(CONCATENATE("'Encargos e Benefícios'!",$AX19))*(IF('Gastos com Pessoal'!$H$7:$H$106<=C$1,('Gastos com Pessoal'!$I$7:$I$106)+1,1))*(IF('Gastos com Pessoal'!$M$7:$M$106<=C$1,('Gastos com Pessoal'!$N$7:$N$106)+1,1))*(IF('Gastos com Pessoal'!$R$7:$R$106<=C$1,('Gastos com Pessoal'!$S$7:$S$106)+1,1)))} -> 31000 | D19: {=SUM((D$1>='Gastos com Pessoal'!$F$7:$F$106)*(D$1<='Gastos com Pessoal'!$G$7:$G$106)*INDIRECT(CONCATENATE("'Encargos e Benefícios'!",$AX19))*(IF('Gastos com Pessoal'!$H$7:$H$106<=D$1,('Gastos com Pessoal'!$I$7:$I$106)+1,1))*(IF('Gastos com Pessoal'!$M$7:$M$106<=D$1,('Gastos com Pessoal'!$N$7:$N$106)+1,1))*(IF('Gastos com Pessoal'!$R$7:$R$106<=D$1,('Gastos com Pessoal'!$S$7:$S$106)+1,1)))} -> 31000 | E19: {=SUM((E$1>='Gastos com Pessoal'!$F$7:$F$106)*(E$1<='Gastos com Pessoal'!$G$7:$G$106)*INDIRECT(CONCATENATE("'Encargos e Benefícios'!",$AX19))*(IF('Gastos com Pessoal'!$H$7:$H$106<=E$1,('Gastos com Pessoal'!$I$7:$I$106)+1,1))*(IF('Gastos com Pessoal'!$M$7:$M$106<=E$1,('Gastos com Pessoal'!$N$7:$N$106)+1,1))*(IF('Gastos com Pessoal'!$R$7:$R$106<=E$1,('Gastos com Pessoal'!$S$7:$S$106)+1,1)))} -> 31000 | F19: {=SUM((F$1>='Gastos com Pessoal'!$F$7:$F$106)*(F$1<='Gastos com Pessoal'!$G$7:$G$106)*INDIRECT(CONCATENATE("'Encargos e Benefícios'!",$AX19))*(IF('Gastos com Pessoal'!$H$7:$H$106<=F$1,('Gastos com Pessoal'!$I$7:$I$106)+1,1))*(IF('Gastos com Pessoal'!$M$7:$M$106<=F$1,('Gastos com Pessoal'!$N$7:$N$106)+1,1))*(IF('Gastos com Pessoal'!$R$7:$R$106<=F$1,('Gastos com Pessoal'!$S$7:$S$106)+1,1)))} -> 31000 | G19: {=SUM((G$1>='Gastos com Pessoal'!$F$7:$F$106)*(G$1<='Gastos com Pessoal'!$G$7:$G$106)*INDIRECT(CONCATENATE("'Encargos e Benefícios'!",$AX19))*(IF('Gastos com Pessoal'!$H$7:$H$106<=G$1,('Gastos com Pessoal'!$I$7:$I$106)+1,1))*(IF('Gastos com Pessoal'!$M$7:$M$106<=G$1,('Gastos com Pessoal'!$N$7:$N$106)+1,1))*(IF('Gastos com Pessoal'!$R$7:$R$106<=G$1,('Gastos com Pessoal'!$S$7:$S$106)+1,1)))} -> 31310 | H19: {=SUM((H$1>='Gastos com Pessoal'!$F$7:$F$106)*(H$1<='Gastos com Pessoal'!$G$7:$G$106)*INDIRECT(CONCATENATE("'Encargos e Benefícios'!",$AX19))*(IF('Gastos com Pessoal'!$H$7:$H$106<=H$1,('Gastos com Pessoal'!$I$7:$I$106)+1,1))*(IF('Gastos com Pessoal'!$M$7:$M$106<=H$1,('Gastos com Pessoal'!$N$7:$N$106)+1,1))*(IF('Gastos com Pessoal'!$R$7:$R$106<=H$1,('Gastos com Pessoal'!$S$7:$S$106)+1,1)))} -> 31310 | I19: {=SUM((I$1>='Gastos com Pessoal'!$F$7:$F$106)*(I$1<='Gastos com Pessoal'!$G$7:$G$106)*INDIRECT(CONCATENATE("'Encargos e Benefícios'!",$AX19))*(IF('Gastos com Pessoal'!$H$7:$H$106<=I$1,('Gastos com Pessoal'!$I$7:$I$106)+1,1))*(IF('Gastos com Pessoal'!$M$7:$M$106<=I$1,('Gastos com Pessoal'!$N$7:$N$106)+1,1))*(IF('Gastos com Pessoal'!$R$7:$R$106<=I$1,('Gastos com Pessoal'!$S$7:$S$106)+1,1)))} -> 31310 | J19: {=SUM((J$1>='Gastos com Pessoal'!$F$7:$F$106)*(J$1<='Gastos com Pessoal'!$G$7:$G$106)*INDIRECT(CONCATENATE("'Encargos e Benefícios'!",$AX19))*(IF('Gastos com Pessoal'!$H$7:$H$106<=J$1,('Gastos com Pessoal'!$I$7:$I$106)+1,1))*(IF('Gastos com Pessoal'!$M$7:$M$106<=J$1,('Gastos com Pessoal'!$N$7:$N$106)+1,1))*(IF('Gastos com Pessoal'!$R$7:$R$106<=J$1,('Gastos com Pessoal'!$S$7:$S$106)+1,1)))} -> 31310 | ... AL19: {=SUM((AL$1>='Gastos com Pessoal'!$F$7:$F$106)*(AL$1<='Gastos com Pessoal'!$G$7:$G$106)*INDIRECT(CONCATENATE("'Encargos e Benefícios'!",$AX19))*(IF('Gastos com Pessoal'!$H$7:$H$106<=AL$1,('Gastos com Pessoal'!$I$7:$I$106)+1,1))*(IF('Gastos com Pessoal'!$M$7:$M$106<=AL$1,('Gastos com Pessoal'!$N$7:$N$106)+1,1))*(IF('Gastos com Pessoal'!$R$7:$R$106<=AL$1,('Gastos com Pessoal'!$S$7:$S$106)+1,1)))} -> 0 | AM19: =SUM(C19:AL19) -> 752704.8 | AN19: =IF($AM$133=0,0,AM19/$AM$133) -> 0.19606782 | AW19: Padrao | AX19: $E$6:$E$105
A20: 2.1.1.2 | B20: Adicional Noturno | C20: 0 | D20: 0 | E20: 0 | F20: 0 | G20: 0 | H20: 0 | I20: 0 | J20: 0 | K20: 0 | L20: 0 | M20: 0 | N20: 0 | O20: 0 | P20: 0 | Q20: 0 | R20: 0 | S20: 0 | T20: 0 | U20: 0 | V20: 0 | W20: 0 | X20: 0 | Y20: 0 | Z20: 0 | AA20: 0 | AB20: 0 | AC20: 0 | AD20: 0 | AE20: 0 | AF20: 0 | AG20: 0 | AH20: 0 | AI20: 0 | AJ20: 0 | AK20: 0 | AL20: 0 | AM20: =SUM(C20:AL20) -> 0 | AN20: =IF($AM$133=0,0,AM20/$AM$133) -> 0 | AX20: Coluna Manual
A21: 2.1.1.3 | B21: Hora Extra | C21: 0 | D21: 0 | E21: 0 | F21: 0 | G21: 0 | H21: 0 | I21: 0 | J21: 0 | K21: 0 | L21: 0 | M21: 0 | N21: 0 | O21: 0 | P21: 0 | Q21: 0 | R21: 0 | S21: 0 | T21: 0 | U21: 0 | V21: 0 | W21: 0 | X21: 0 | Y21: 0 | Z21: 0 | AA21: 0 | AB21: 0 | AC21: 0 | AD21: 0 | AE21: 0 | AF21: 0 | AG21: 0 | AH21: 0 | AI21: 0 | AJ21: 0 | AK21: 0 | AL21: 0 | AM21: =SUM(C21:AL21) -> 0 | AN21: =IF($AM$133=0,0,AM21/$AM$133) -> 0
A22: 2.1.1.4 | B22: DSR sobre Hora Extra/Adic. Noturno | C22: 0 | D22: 0 | E22: 0 | F22: 0 | G22: 0 | H22: 0 | I22: 0 | J22: 0 | K22: 0 | L22: 0 | M22: 0 | N22: 0 | O22: 0 | P22: 0 | Q22: 0 | R22: 0 | S22: 0 | T22: 0 | U22: 0 | V22: 0 | W22: 0 | X22: 0 | Y22: 0 | Z22: 0 | AA22: 0 | AB22: 0 | AC22: 0 | AD22: 0 | AE22: 0 | AF22: 0 | AG22: 0 | AH22: 0 | AI22: 0 | AJ22: 0 | AK22: 0 | AL22: 0 | AM22: =SUM(C22:AL22) -> 0 | AN22: =IF($AM$133=0,0,AM22/$AM$133) -> 0
A23: 2.1.1.5 | B23: Outros Gastos com Pessoal | C23: 0 | D23: 0 | E23: 0 | F23: 0 | G23: 0 | H23: 0 | I23: 0 | J23: 0 | K23: 0 | L23: 0 | M23: 0 | N23: 0 | O23: 0 | P23: 0 | Q23: 0 | R23: 0 | S23: 0 | T23: 0 | U23: 0 | V23: 0 | W23: 0 | X23: 0 | Y23: 0 | Z23: 0 | AA23: 0 | AB23: 0 | AC23: 0 | AD23: 0 | AE23: 0 | AF23: 0 | AG23: 0 | AH23: 0 | AI23: 0 | AJ23: 0 | AK23: 0 | AL23: 0 | AM23: =SUM(C23:AL23) -> 0 | AN23: =IF($AM$133=0,0,AM23/$AM$133) -> 0
B24: Subtotal Salários : | C24: =SUBTOTAL(109,C19:C23) -> 31000 | D24: =SUBTOTAL(109,D19:D23) -> 31000 | E24: =SUBTOTAL(109,E19:E23) -> 31000 | F24: =SUBTOTAL(109,F19:F23) -> 31000 | G24: =SUBTOTAL(109,G19:G23) -> 31310 | H24: =SUBTOTAL(109,H19:H23) -> 31310 | I24: =SUBTOTAL(109,I19:I23) -> 31310 | J24: =SUBTOTAL(109,J19:J23) -> 31310 | ... AM24: =SUBTOTAL(109,AM19:AM23) -> 752704.8 | AN24: =IF($AM$133=0,0,AM24/$AM$133) -> 0.19606782
A25: 2.1.2 | B25: Estagiários
A26: 2.1.2.1 | B26: Bolsa Estágio | C26: {=SUM((C$1>='Gastos com Pessoal'!$F$113:$F$122)*(C$1<='Gastos com Pessoal'!$G$113:$G$122)*INDIRECT(CONCATENATE("'Encargos e Benefícios'!",$AY26))*(IF('Gastos com Pessoal'!$H$113:$H$122<=C$1,('Gastos com Pessoal'!$I$113:$I$122)+1,1))*(IF('Gastos com Pessoal'!$M$113:$M$122<=C$1,('Gastos com Pessoal'!$N$113:$N$122)+1,1))*(IF('Gastos com Pessoal'!$R$113:$R$122<=C$1,('Gastos com Pessoal'!$S$113:$S$122)+1,1)))} -> 0 | D26: {=SUM((D$1>='Gastos com Pessoal'!$F$113:$F$122)*(D$1<='Gastos com Pessoal'!$G$113:$G$122)*INDIRECT(CONCATENATE("'Encargos e Benefícios'!",$AY26))*(IF('Gastos com Pessoal'!$H$113:$H$122<=D$1,('Gastos com Pessoal'!$I$113:$I$122)+1,1))*(IF('Gastos com Pessoal'!$M$113:$M$122<=D$1,('Gastos com Pessoal'!$N$113:$N$122)+1,1))*(IF('Gastos com Pessoal'!$R$113:$R$122<=D$1,('Gastos com Pessoal'!$S$113:$S$122)+1,1)))} -> 12040 | E26: {=SUM((E$1>='Gastos com Pessoal'!$F$113:$F$122)*(E$1<='Gastos com Pessoal'!$G$113:$G$122)*INDIRECT(CONCATENATE("'Encargos e Benefícios'!",$AY26))*(IF('Gastos com Pessoal'!$H$113:$H$122<=E$1,('Gastos com Pessoal'!$I$113:$I$122)+1,1))*(IF('Gastos com Pessoal'!$M$113:$M$122<=E$1,('Gastos com Pessoal'!$N$113:$N$122)+1,1))*(IF('Gastos com Pessoal'!$R$113:$R$122<=E$1,('Gastos com Pessoal'!$S$113:$S$122)+1,1)))} -> 12040 | F26: {=SUM((F$1>='Gastos com Pessoal'!$F$113:$F$122)*(F$1<='Gastos com Pessoal'!$G$113:$G$122)*INDIRECT(CONCATENATE("'Encargos e Benefícios'!",$AY26))*(IF('Gastos com Pessoal'!$H$113:$H$122<=F$1,('Gastos com Pessoal'!$I$113:$I$122)+1,1))*(IF('Gastos com Pessoal'!$M$113:$M$122<=F$1,('Gastos com Pessoal'!$N$113:$N$122)+1,1))*(IF('Gastos com Pessoal'!$R$113:$R$122<=F$1,('Gastos com Pessoal'!$S$113:$S$122)+1,1)))} -> 15480 | G26: {=SUM((G$1>='Gastos com Pessoal'!$F$113:$F$122)*(G$1<='Gastos com Pessoal'!$G$113:$G$122)*INDIRECT(CONCATENATE("'Encargos e Benefícios'!",$AY26))*(IF('Gastos com Pessoal'!$H$113:$H$122<=G$1,('Gastos com Pessoal'!$I$113:$I$122)+1,1))*(IF('Gastos com Pessoal'!$M$113:$M$122<=G$1,('Gastos com Pessoal'!$N$113:$N$122)+1,1))*(IF('Gastos com Pessoal'!$R$113:$R$122<=G$1,('Gastos com Pessoal'!$S$113:$S$122)+1,1)))} -> 15634.8 | H26: {=SUM((H$1>='Gastos com Pessoal'!$F$113:$F$122)*(H$1<='Gastos com Pessoal'!$G$113:$G$122)*INDIRECT(CONCATENATE("'Encargos e Benefícios'!",$AY26))*(IF('Gastos com Pessoal'!$H$113:$H$122<=H$1,('Gastos com Pessoal'!$I$113:$I$122)+1,1))*(IF('Gastos com Pessoal'!$M$113:$M$122<=H$1,('Gastos com Pessoal'!$N$113:$N$122)+1,1))*(IF('Gastos com Pessoal'!$R$113:$R$122<=H$1,('Gastos com Pessoal'!$S$113:$S$122)+1,1)))} -> 15634.8 | I26: {=SUM((I$1>='Gastos com Pessoal'!$F$113:$F$122)*(I$1<='Gastos com Pessoal'!$G$113:$G$122)*INDIRECT(CONCATENATE("'Encargos e Benefícios'!",$AY26))*(IF('Gastos com Pessoal'!$H$113:$H$122<=I$1,('Gastos com Pessoal'!$I$113:$I$122)+1,1))*(IF('Gastos com Pessoal'!$M$113:$M$122<=I$1,('Gastos com Pessoal'!$N$113:$N$122)+1,1))*(IF('Gastos com Pessoal'!$R$113:$R$122<=I$1,('Gastos com Pessoal'!$S$113:$S$122)+1,1)))} -> 15634.8 | J26: {=SUM((J$1>='Gastos com Pessoal'!$F$113:$F$122)*(J$1<='Gastos com Pessoal'!$G$113:$G$122)*INDIRECT(CONCATENATE("'Encargos e Benefícios'!",$AY26))*(IF('Gastos com Pessoal'!$H$113:$H$122<=J$1,('Gastos com Pessoal'!$I$113:$I$122)+1,1))*(IF('Gastos com Pessoal'!$M$113:$M$122<=J$1,('Gastos com Pessoal'!$N$113:$N$122)+1,1))*(IF('Gastos com Pessoal'!$R$113:$R$122<=J$1,('Gastos com Pessoal'!$S$113:$S$122)+1,1)))} -> 15634.8 | ... AL26: {=SUM((AL$1>='Gastos com Pessoal'!$F$113:$F$122)*(AL$1<='Gastos com Pessoal'!$G$113:$G$122)*INDIRECT(CONCATENATE("'Encargos e Benefícios'!",$AY26))*(IF('Gastos com Pessoal'!$H$113:$H$122<=AL$1,('Gastos com Pessoal'!$I$113:$I$122)+1,1))*(IF('Gastos com Pessoal'!$M$113:$M$122<=AL$1,('Gastos com Pessoal'!$N$113:$N$122)+1,1))*(IF('Gastos com Pessoal'!$R$113:$R$122<=AL$1,('Gastos com Pessoal'!$S$113:$S$122)+1,1)))} -> 0 | AM26: =SUM(C26:AL26) -> 353506.78 | AN26: =IF($AM$133=0,0,AM26/$AM$133) -> 0.092082985 | AW26: Padrao | AY26: $E$112:$E$121
A27: 2.1.2.2 | B27: Auxílio Transporte | C27: {=SUM((C$1>='Gastos com Pessoal'!$F$113:$F$122)*(C$1<='Gastos com Pessoal'!$G$113:$G$122)*INDIRECT(CONCATENATE("'Encargos e Benefícios'!",$AY27)))+SUM((C$1>='Gastos com Pessoal'!$F$113:$F$122)*(C$1<='Gastos com Pessoal'!$G$113:$G$122)*(IF('Gastos com Pessoal'!$H$113:$H$122<=C$1,1,0))*INDIRECT(CONCATENATE("'Gastos com Pessoal'!",$BA27)))+SUM((C$1>='Gastos com Pessoal'!$F$113:$F$122)*(C$1<='Gastos com Pessoal'!$G$113:$G$122)*(IF('Gastos com Pessoal'!$M$113:$M$122<=C$1,1,0))*INDIRECT(CONCATENATE("'Gastos com Pessoal'!",$BB27)))+SUM((C$1>='Gastos com Pessoal'!$F$113:$F$122)*(C$1<='Gastos com Pessoal'!$G$113:$G$122)*(IF('Gastos com Pessoal'!$R$113:$R$122<=C$1,1,0))*INDIRECT(CONCATENATE("'Gastos com Pessoal'!",$BC27)))} -> 0 | D27: {=SUM((D$1>='Gastos com Pessoal'!$F$113:$F$122)*(D$1<='Gastos com Pessoal'!$G$113:$G$122)*INDIRECT(CONCATENATE("'Encargos e Benefícios'!",$AY27)))+SUM((D$1>='Gastos com Pessoal'!$F$113:$F$122)*(D$1<='Gastos com Pessoal'!$G$113:$G$122)*(IF('Gastos com Pessoal'!$H$113:$H$122<=D$1,1,0))*INDIRECT(CONCATENATE("'Gastos com Pessoal'!",$BA27)))+SUM((D$1>='Gastos com Pessoal'!$F$113:$F$122)*(D$1<='Gastos com Pessoal'!$G$113:$G$122)*(IF('Gastos com Pessoal'!$M$113:$M$122<=D$1,1,0))*INDIRECT(CONCATENATE("'Gastos com Pessoal'!",$BB27)))+SUM((D$1>='Gastos com Pessoal'!$F$113:$F$122)*(D$1<='Gastos com Pessoal'!$G$113:$G$122)*(IF('Gastos com Pessoal'!$R$113:$R$122<=D$1,1,0))*INDIRECT(CONCATENATE("'Gastos com Pessoal'!",$BC27)))} -> 3745.28 | E27: {=SUM((E$1>='Gastos com Pessoal'!$F$113:$F$122)*(E$1<='Gastos com Pessoal'!$G$113:$G$122)*INDIRECT(CONCATENATE("'Encargos e Benefícios'!",$AY27)))+SUM((E$1>='Gastos com Pessoal'!$F$113:$F$122)*(E$1<='Gastos com Pessoal'!$G$113:$G$122)*(IF('Gastos com Pessoal'!$H$113:$H$122<=E$1,1,0))*INDIRECT(CONCATENATE("'Gastos com Pessoal'!",$BA27)))+SUM((E$1>='Gastos com Pessoal'!$F$113:$F$122)*(E$1<='Gastos com Pessoal'!$G$113:$G$122)*(IF('Gastos com Pessoal'!$M$113:$M$122<=E$1,1,0))*INDIRECT(CONCATENATE("'Gastos com Pessoal'!",$BB27)))+SUM((E$1>='Gastos com Pessoal'!$F$113:$F$122)*(E$1<='Gastos com Pessoal'!$G$113:$G$122)*(IF('Gastos com Pessoal'!$R$113:$R$122<=E$1,1,0))*INDIRECT(CONCATENATE("'Gastos com Pessoal'!",$BC27)))} -> 3745.28 | F27: {=SUM((F$1>='Gastos com Pessoal'!$F$113:$F$122)*(F$1<='Gastos com Pessoal'!$G$113:$G$122)*INDIRECT(CONCATENATE("'Encargos e Benefícios'!",$AY27)))+SUM((F$1>='Gastos com Pessoal'!$F$113:$F$122)*(F$1<='Gastos com Pessoal'!$G$113:$G$122)*(IF('Gastos com Pessoal'!$H$113:$H$122<=F$1,1,0))*INDIRECT(CONCATENATE("'Gastos com Pessoal'!",$BA27)))+SUM((F$1>='Gastos com Pessoal'!$F$113:$F$122)*(F$1<='Gastos com Pessoal'!$G$113:$G$122)*(IF('Gastos com Pessoal'!$M$113:$M$122<=F$1,1,0))*INDIRECT(CONCATENATE("'Gastos com Pessoal'!",$BB27)))+SUM((F$1>='Gastos com Pessoal'!$F$113:$F$122)*(F$1<='Gastos com Pessoal'!$G$113:$G$122)*(IF('Gastos com Pessoal'!$R$113:$R$122<=F$1,1,0))*INDIRECT(CONCATENATE("'Gastos com Pessoal'!",$BC27)))} -> 4815.36 | G27: {=SUM((G$1>='Gastos com Pessoal'!$F$113:$F$122)*(G$1<='Gastos com Pessoal'!$G$113:$G$122)*INDIRECT(CONCATENATE("'Encargos e Benefícios'!",$AY27)))+SUM((G$1>='Gastos com Pessoal'!$F$113:$F$122)*(G$1<='Gastos com Pessoal'!$G$113:$G$122)*(IF('Gastos com Pessoal'!$H$113:$H$122<=G$1,1,0))*INDIRECT(CONCATENATE("'Gastos com Pessoal'!",$BA27)))+SUM((G$1>='Gastos com Pessoal'!$F$113:$F$122)*(G$1<='Gastos com Pessoal'!$G$113:$G$122)*(IF('Gastos com Pessoal'!$M$113:$M$122<=G$1,1,0))*INDIRECT(CONCATENATE("'Gastos com Pessoal'!",$BB27)))+SUM((G$1>='Gastos com Pessoal'!$F$113:$F$122)*(G$1<='Gastos com Pessoal'!$G$113:$G$122)*(IF('Gastos com Pessoal'!$R$113:$R$122<=G$1,1,0))*INDIRECT(CONCATENATE("'Gastos com Pessoal'!",$BC27)))} -> 5382.5024 | H27: {=SUM((H$1>='Gastos com Pessoal'!$F$113:$F$122)*(H$1<='Gastos com Pessoal'!$G$113:$G$122)*INDIRECT(CONCATENATE("'Encargos e Benefícios'!",$AY27)))+SUM((H$1>='Gastos com Pessoal'!$F$113:$F$122)*(H$1<='Gastos com Pessoal'!$G$113:$G$122)*(IF('Gastos com Pessoal'!$H$113:$H$122<=H$1,1,0))*INDIRECT(CONCATENATE("'Gastos com Pessoal'!",$BA27)))+SUM((H$1>='Gastos com Pessoal'!$F$113:$F$122)*(H$1<='Gastos com Pessoal'!$G$113:$G$122)*(IF('Gastos com Pessoal'!$M$113:$M$122<=H$1,1,0))*INDIRECT(CONCATENATE("'Gastos com Pessoal'!",$BB27)))+SUM((H$1>='Gastos com Pessoal'!$F$113:$F$122)*(H$1<='Gastos com Pessoal'!$G$113:$G$122)*(IF('Gastos com Pessoal'!$R$113:$R$122<=H$1,1,0))*INDIRECT(CONCATENATE("'Gastos com Pessoal'!",$BC27)))} -> 5382.5024 | I27: {=SUM((I$1>='Gastos com Pessoal'!$F$113:$F$122)*(I$1<='Gastos com Pessoal'!$G$113:$G$122)*INDIRECT(CONCATENATE("'Encargos e Benefícios'!",$AY27)))+SUM((I$1>='Gastos com Pessoal'!$F$113:$F$122)*(I$1<='Gastos com Pessoal'!$G$113:$G$122)*(IF('Gastos com Pessoal'!$H$113:$H$122<=I$1,1,0))*INDIRECT(CONCATENATE("'Gastos com Pessoal'!",$BA27)))+SUM((I$1>='Gastos com Pessoal'!$F$113:$F$122)*(I$1<='Gastos com Pessoal'!$G$113:$G$122)*(IF('Gastos com Pessoal'!$M$113:$M$122<=I$1,1,0))*INDIRECT(CONCATENATE("'Gastos com Pessoal'!",$BB27)))+SUM((I$1>='Gastos com Pessoal'!$F$113:$F$122)*(I$1<='Gastos com Pessoal'!$G$113:$G$122)*(IF('Gastos com Pessoal'!$R$113:$R$122<=I$1,1,0))*INDIRECT(CONCATENATE("'Gastos com Pessoal'!",$BC27)))} -> 5382.5024 | J27: {=SUM((J$1>='Gastos com Pessoal'!$F$113:$F$122)*(J$1<='Gastos com Pessoal'!$G$113:$G$122)*INDIRECT(CONCATENATE("'Encargos e Benefícios'!",$AY27)))+SUM((J$1>='Gastos com Pessoal'!$F$113:$F$122)*(J$1<='Gastos com Pessoal'!$G$113:$G$122)*(IF('Gastos com Pessoal'!$H$113:$H$122<=J$1,1,0))*INDIRECT(CONCATENATE("'Gastos com Pessoal'!",$BA27)))+SUM((J$1>='Gastos com Pessoal'!$F$113:$F$122)*(J$1<='Gastos com Pessoal'!$G$113:$G$122)*(IF('Gastos com Pessoal'!$M$113:$M$122<=J$1,1,0))*INDIRECT(CONCATENATE("'Gastos com Pessoal'!",$BB27)))+SUM((J$1>='Gastos com Pessoal'!$F$113:$F$122)*(J$1<='Gastos com Pessoal'!$G$113:$G$122)*(IF('Gastos com Pessoal'!$R$113:$R$122<=J$1,1,0))*INDIRECT(CONCATENATE("'Gastos com Pessoal'!",$BC27)))} -> 5382.5024 | ... AL27: {=SUM((AL$1>='Gastos com Pessoal'!$F$113:$F$122)*(AL$1<='Gastos com Pessoal'!$G$113:$G$122)*INDIRECT(CONCATENATE("'Encargos e Benefícios'!",$AY27)))+SUM((AL$1>='Gastos com Pessoal'!$F$113:$F$122)*(AL$1<='Gastos com Pessoal'!$G$113:$G$122)*(IF('Gastos com Pessoal'!$H$113:$H$122<=AL$1,1,0))*INDIRECT(CONCATENATE("'Gastos com Pessoal'!",$BA27)))+SUM((AL$1>='Gastos com Pessoal'!$F$113:$F$122)*(AL$1<='Gastos com Pessoal'!$G$113:$G$122)*(IF('Gastos com Pessoal'!$M$113:$M$122<=AL$1,1,0))*INDIRECT(CONCATENATE("'Gastos com Pessoal'!",$BB27)))+SUM((AL$1>='Gastos com Pessoal'!$F$113:$F$122)*(AL$1<='Gastos com Pessoal'!$G$113:$G$122)*(IF('Gastos com Pessoal'!$R$113:$R$122<=AL$1,1,0))*INDIRECT(CONCATENATE("'Gastos com Pessoal'!",$BC27)))} -> 0 | AM27: =SUM(C27:AL27) -> 119955.97 | AN27: =IF($AM$133=0,0,AM27/$AM$133) -> 0.031246653 | AW27: Triplicada | AY27: $G$112:$G$121 | BA27: =IF(ISNA('Gastos com Pessoal'!AW8),"$ZZ$113:$ZZ$122",'Gastos com Pessoal'!AW8) -> $J$113:$J$122 | BB27: =IF(ISNA('Gastos com Pessoal'!BA8),"$ZZ$113:$ZZ$122",'Gastos com Pessoal'!BA8) -> $ZZ$113:$ZZ$122 | BC27: =IF(ISNA('Gastos com Pessoal'!BE8),"$ZZ$113:$ZZ$122",'Gastos com Pessoal'!BE8) -> $ZZ$113:$ZZ$122
B28: Subtotal Estagiários: | C28: =SUBTOTAL(109,C26:C27) -> 0 | D28: =SUBTOTAL(109,D26:D27) -> 15785.28 | E28: =SUBTOTAL(109,E26:E27) -> 15785.28 | F28: =SUBTOTAL(109,F26:F27) -> 20295.36 | G28: =SUBTOTAL(109,G26:G27) -> 21017.302 | H28: =SUBTOTAL(109,H26:H27) -> 21017.302 | I28: =SUBTOTAL(109,I26:I27) -> 21017.302 | J28: =SUBTOTAL(109,J26:J27) -> 21017.302 | ... AL28: =SUBTOTAL(109,AL26:AL27) -> 0 | AM28: =SUBTOTAL(109,AM26:AM26) -> 353506.78 | AN28: =IF($AM$133=0,0,AM28/$AM$133) -> 0.092082985
A29: 2.1.3 | B29: Encargos | AX29: Intervalo Manual
A30: 2.1.3.1 | B30: INSS Patronal | C30: {=SUM((C$1>='Gastos com Pessoal'!$F$7:$F$106)*(C$1<='Gastos com Pessoal'!$G$7:$G$106)*INDIRECT(CONCATENATE("'Encargos e Benefícios'!",$AX30))*(IF('Gastos com Pessoal'!$H$7:$H$106<=C$1,('Gastos com Pessoal'!$I$7:$I$106)+1,1))*(IF('Gastos com Pessoal'!$M$7:$M$106<=C$1,('Gastos com Pessoal'!$N$7:$N$106)+1,1))*(IF('Gastos com Pessoal'!$R$7:$R$106<=C$1,('Gastos com Pessoal'!$S$7:$S$106)+1,1)))} -> 9811.7183 | D30: {=SUM((D$1>='Gastos com Pessoal'!$F$7:$F$106)*(D$1<='Gastos com Pessoal'!$G$7:$G$106)*INDIRECT(CONCATENATE("'Encargos e Benefícios'!",$AX30))*(IF('Gastos com Pessoal'!$H$7:$H$106<=D$1,('Gastos com Pessoal'!$I$7:$I$106)+1,1))*(IF('Gastos com Pessoal'!$M$7:$M$106<=D$1,('Gastos com Pessoal'!$N$7:$N$106)+1,1))*(IF('Gastos com Pessoal'!$R$7:$R$106<=D$1,('Gastos com Pessoal'!$S$7:$S$106)+1,1)))} -> 9811.7183 | E30: {=SUM((E$1>='Gastos com Pessoal'!$F$7:$F$106)*(E$1<='Gastos com Pessoal'!$G$7:$G$106)*INDIRECT(CONCATENATE("'Encargos e Benefícios'!",$AX30))*(IF('Gastos com Pessoal'!$H$7:$H$106<=E$1,('Gastos com Pessoal'!$I$7:$I$106)+1,1))*(IF('Gastos com Pessoal'!$M$7:$M$106<=E$1,('Gastos com Pessoal'!$N$7:$N$106)+1,1))*(IF('Gastos com Pessoal'!$R$7:$R$106<=E$1,('Gastos com Pessoal'!$S$7:$S$106)+1,1)))} -> 9811.7183 | F30: {=SUM((F$1>='Gastos com Pessoal'!$F$7:$F$106)*(F$1<='Gastos com Pessoal'!$G$7:$G$106)*INDIRECT(CONCATENATE("'Encargos e Benefícios'!",$AX30))*(IF('Gastos com Pessoal'!$H$7:$H$106<=F$1,('Gastos com Pessoal'!$I$7:$I$106)+1,1))*(IF('Gastos com Pessoal'!$M$7:$M$106<=F$1,('Gastos com Pessoal'!$N$7:$N$106)+1,1))*(IF('Gastos com Pessoal'!$R$7:$R$106<=F$1,('Gastos com Pessoal'!$S$7:$S$106)+1,1)))} -> 9811.7183 | G30: {=SUM((G$1>='Gastos com Pessoal'!$F$7:$F$106)*(G$1<='Gastos com Pessoal'!$G$7:$G$106)*INDIRECT(CONCATENATE("'Encargos e Benefícios'!",$AX30))*(IF('Gastos com Pessoal'!$H$7:$H$106<=G$1,('Gastos com Pessoal'!$I$7:$I$106)+1,1))*(IF('Gastos com Pessoal'!$M$7:$M$106<=G$1,('Gastos com Pessoal'!$N$7:$N$106)+1,1))*(IF('Gastos com Pessoal'!$R$7:$R$106<=G$1,('Gastos com Pessoal'!$S$7:$S$106)+1,1)))} -> 9909.8355 | H30: {=SUM((H$1>='Gastos com Pessoal'!$F$7:$F$106)*(H$1<='Gastos com Pessoal'!$G$7:$G$106)*INDIRECT(CONCATENATE("'Encargos e Benefícios'!",$AX30))*(IF('Gastos com Pessoal'!$H$7:$H$106<=H$1,('Gastos com Pessoal'!$I$7:$I$106)+1,1))*(IF('Gastos com Pessoal'!$M$7:$M$106<=H$1,('Gastos com Pessoal'!$N$7:$N$106)+1,1))*(IF('Gastos com Pessoal'!$R$7:$R$106<=H$1,('Gastos com Pessoal'!$S$7:$S$106)+1,1)))} -> 9909.8355 | I30: {=SUM((I$1>='Gastos com Pessoal'!$F$7:$F$106)*(I$1<='Gastos com Pessoal'!$G$7:$G$106)*INDIRECT(CONCATENATE("'Encargos e Benefícios'!",$AX30))*(IF('Gastos com Pessoal'!$H$7:$H$106<=I$1,('Gastos com Pessoal'!$I$7:$I$106)+1,1))*(IF('Gastos com Pessoal'!$M$7:$M$106<=I$1,('Gastos com Pessoal'!$N$7:$N$106)+1,1))*(IF('Gastos com Pessoal'!$R$7:$R$106<=I$1,('Gastos com Pessoal'!$S$7:$S$106)+1,1)))} -> 9909.8355 | J30: {=SUM((J$1>='Gastos com Pessoal'!$F$7:$F$106)*(J$1<='Gastos com Pessoal'!$G$7:$G$106)*INDIRECT(CONCATENATE("'Encargos e Benefícios'!",$AX30))*(IF('Gastos com Pessoal'!$H$7:$H$106<=J$1,('Gastos com Pessoal'!$I$7:$I$106)+1,1))*(IF('Gastos com Pessoal'!$M$7:$M$106<=J$1,('Gastos com Pessoal'!$N$7:$N$106)+1,1))*(IF('Gastos com Pessoal'!$R$7:$R$106<=J$1,('Gastos com Pessoal'!$S$7:$S$106)+1,1)))} -> 9909.8355 | ... AL30: {=SUM((AL$1>='Gastos com Pessoal'!$F$7:$F$106)*(AL$1<='Gastos com Pessoal'!$G$7:$G$106)*INDIRECT(CONCATENATE("'Encargos e Benefícios'!",$AX30))*(IF('Gastos com Pessoal'!$H$7:$H$106<=AL$1,('Gastos com Pessoal'!$I$7:$I$106)+1,1))*(IF('Gastos com Pessoal'!$M$7:$M$106<=AL$1,('Gastos com Pessoal'!$N$7:$N$106)+1,1))*(IF('Gastos com Pessoal'!$R$7:$R$106<=AL$1,('Gastos com Pessoal'!$S$7:$S$106)+1,1)))} -> 0 | AM30: =SUM(C30:AL30) -> 238236.37 | AN30: =IF($AM$133=0,0,AM30/$AM$133) -> 0.062056847 | AW30: Padrao | AX30: $F$6:$F$105
A31: 2.1.3.2 | B31: PIS | C31: {=SUM((C$1>='Gastos com Pessoal'!$F$7:$F$106)*(C$1<='Gastos com Pessoal'!$G$7:$G$106)*INDIRECT(CONCATENATE("'Encargos e Benefícios'!",$AX31))*(IF('Gastos com Pessoal'!$H$7:$H$106<=C$1,('Gastos com Pessoal'!$I$7:$I$106)+1,1))*(IF('Gastos com Pessoal'!$M$7:$M$106<=C$1,('Gastos com Pessoal'!$N$7:$N$106)+1,1))*(IF('Gastos com Pessoal'!$R$7:$R$106<=C$1,('Gastos com Pessoal'!$S$7:$S$106)+1,1)))} -> 370.25352 | D31: {=SUM((D$1>='Gastos com Pessoal'!$F$7:$F$106)*(D$1<='Gastos com Pessoal'!$G$7:$G$106)*INDIRECT(CONCATENATE("'Encargos e Benefícios'!",$AX31))*(IF('Gastos com Pessoal'!$H$7:$H$106<=D$1,('Gastos com Pessoal'!$I$7:$I$106)+1,1))*(IF('Gastos com Pessoal'!$M$7:$M$106<=D$1,('Gastos com Pessoal'!$N$7:$N$106)+1,1))*(IF('Gastos com Pessoal'!$R$7:$R$106<=D$1,('Gastos com Pessoal'!$S$7:$S$106)+1,1)))} -> 370.25352 | E31: {=SUM((E$1>='Gastos com Pessoal'!$F$7:$F$106)*(E$1<='Gastos com Pessoal'!$G$7:$G$106)*INDIRECT(CONCATENATE("'Encargos e Benefícios'!",$AX31))*(IF('Gastos com Pessoal'!$H$7:$H$106<=E$1,('Gastos com Pessoal'!$I$7:$I$106)+1,1))*(IF('Gastos com Pessoal'!$M$7:$M$106<=E$1,('Gastos com Pessoal'!$N$7:$N$106)+1,1))*(IF('Gastos com Pessoal'!$R$7:$R$106<=E$1,('Gastos com Pessoal'!$S$7:$S$106)+1,1)))} -> 370.25352 | F31: {=SUM((F$1>='Gastos com Pessoal'!$F$7:$F$106)*(F$1<='Gastos com Pessoal'!$G$7:$G$106)*INDIRECT(CONCATENATE("'Encargos e Benefícios'!",$AX31))*(IF('Gastos com Pessoal'!$H$7:$H$106<=F$1,('Gastos com Pessoal'!$I$7:$I$106)+1,1))*(IF('Gastos com Pessoal'!$M$7:$M$106<=F$1,('Gastos com Pessoal'!$N$7:$N$106)+1,1))*(IF('Gastos com Pessoal'!$R$7:$R$106<=F$1,('Gastos com Pessoal'!$S$7:$S$106)+1,1)))} -> 370.25352 | G31: {=SUM((G$1>='Gastos com Pessoal'!$F$7:$F$106)*(G$1<='Gastos com Pessoal'!$G$7:$G$106)*INDIRECT(CONCATENATE("'Encargos e Benefícios'!",$AX31))*(IF('Gastos com Pessoal'!$H$7:$H$106<=G$1,('Gastos com Pessoal'!$I$7:$I$106)+1,1))*(IF('Gastos com Pessoal'!$M$7:$M$106<=G$1,('Gastos com Pessoal'!$N$7:$N$106)+1,1))*(IF('Gastos com Pessoal'!$R$7:$R$106<=G$1,('Gastos com Pessoal'!$S$7:$S$106)+1,1)))} -> 373.95606 | H31: {=SUM((H$1>='Gastos com Pessoal'!$F$7:$F$106)*(H$1<='Gastos com Pessoal'!$G$7:$G$106)*INDIRECT(CONCATENATE("'Encargos e Benefícios'!",$AX31))*(IF('Gastos com Pessoal'!$H$7:$H$106<=H$1,('Gastos com Pessoal'!$I$7:$I$106)+1,1))*(IF('Gastos com Pessoal'!$M$7:$M$106<=H$1,('Gastos com Pessoal'!$N$7:$N$106)+1,1))*(IF('Gastos com Pessoal'!$R$7:$R$106<=H$1,('Gastos com Pessoal'!$S$7:$S$106)+1,1)))} -> 373.95606 | I31: {=SUM((I$1>='Gastos com Pessoal'!$F$7:$F$106)*(I$1<='Gastos com Pessoal'!$G$7:$G$106)*INDIRECT(CONCATENATE("'Encargos e Benefícios'!",$AX31))*(IF('Gastos com Pessoal'!$H$7:$H$106<=I$1,('Gastos com Pessoal'!$I$7:$I$106)+1,1))*(IF('Gastos com Pessoal'!$M$7:$M$106<=I$1,('Gastos com Pessoal'!$N$7:$N$106)+1,1))*(IF('Gastos com Pessoal'!$R$7:$R$106<=I$1,('Gastos com Pessoal'!$S$7:$S$106)+1,1)))} -> 373.95606 | J31: {=SUM((J$1>='Gastos com Pessoal'!$F$7:$F$106)*(J$1<='Gastos com Pessoal'!$G$7:$G$106)*INDIRECT(CONCATENATE("'Encargos e Benefícios'!",$AX31))*(IF('Gastos com Pessoal'!$H$7:$H$106<=J$1,('Gastos com Pessoal'!$I$7:$I$106)+1,1))*(IF('Gastos com Pessoal'!$M$7:$M$106<=J$1,('Gastos com Pessoal'!$N$7:$N$106)+1,1))*(IF('Gastos com Pessoal'!$R$7:$R$106<=J$1,('Gastos com Pessoal'!$S$7:$S$106)+1,1)))} -> 373.95606 | ... AL31: {=SUM((AL$1>='Gastos com Pessoal'!$F$7:$F$106)*(AL$1<='Gastos com Pessoal'!$G$7:$G$106)*INDIRECT(CONCATENATE("'Encargos e Benefícios'!",$AX31))*(IF('Gastos com Pessoal'!$H$7:$H$106<=AL$1,('Gastos com Pessoal'!$I$7:$I$106)+1,1))*(IF('Gastos com Pessoal'!$M$7:$M$106<=AL$1,('Gastos com Pessoal'!$N$7:$N$106)+1,1))*(IF('Gastos com Pessoal'!$R$7:$R$106<=AL$1,('Gastos com Pessoal'!$S$7:$S$106)+1,1)))} -> 0 | AM31: =SUM(C31:AL31) -> 8990.0517 | AN31: =IF($AM$133=0,0,AM31/$AM$133) -> 0.0023417678 | AW31: Padrao | AX31: $G$6:$G$105
A32: 2.1.3.3 | B32: FGTS | C32: {=SUM((C$1>='Gastos com Pessoal'!$F$7:$F$106)*(C$1<='Gastos com Pessoal'!$G$7:$G$106)*INDIRECT(CONCATENATE("'Encargos e Benefícios'!",$AX32))*(IF('Gastos com Pessoal'!$H$7:$H$106<=C$1,('Gastos com Pessoal'!$I$7:$I$106)+1,1))*(IF('Gastos com Pessoal'!$M$7:$M$106<=C$1,('Gastos com Pessoal'!$N$7:$N$106)+1,1))*(IF('Gastos com Pessoal'!$R$7:$R$106<=C$1,('Gastos com Pessoal'!$S$7:$S$106)+1,1)))} -> 2962.0282 | D32: {=SUM((D$1>='Gastos com Pessoal'!$F$7:$F$106)*(D$1<='Gastos com Pessoal'!$G$7:$G$106)*INDIRECT(CONCATENATE("'Encargos e Benefícios'!",$AX32))*(IF('Gastos com Pessoal'!$H$7:$H$106<=D$1,('Gastos com Pessoal'!$I$7:$I$106)+1,1))*(IF('Gastos com Pessoal'!$M$7:$M$106<=D$1,('Gastos com Pessoal'!$N$7:$N$106)+1,1))*(IF('Gastos com Pessoal'!$R$7:$R$106<=D$1,('Gastos com Pessoal'!$S$7:$S$106)+1,1)))} -> 2962.0282 | E32: {=SUM((E$1>='Gastos com Pessoal'!$F$7:$F$106)*(E$1<='Gastos com Pessoal'!$G$7:$G$106)*INDIRECT(CONCATENATE("'Encargos e Benefícios'!",$AX32))*(IF('Gastos com Pessoal'!$H$7:$H$106<=E$1,('Gastos com Pessoal'!$I$7:$I$106)+1,1))*(IF('Gastos com Pessoal'!$M$7:$M$106<=E$1,('Gastos com Pessoal'!$N$7:$N$106)+1,1))*(IF('Gastos com Pessoal'!$R$7:$R$106<=E$1,('Gastos com Pessoal'!$S$7:$S$106)+1,1)))} -> 2962.0282 | F32: {=SUM((F$1>='Gastos com Pessoal'!$F$7:$F$106)*(F$1<='Gastos com Pessoal'!$G$7:$G$106)*INDIRECT(CONCATENATE("'Encargos e Benefícios'!",$AX32))*(IF('Gastos com Pessoal'!$H$7:$H$106<=F$1,('Gastos com Pessoal'!$I$7:$I$106)+1,1))*(IF('Gastos com Pessoal'!$M$7:$M$106<=F$1,('Gastos com Pessoal'!$N$7:$N$106)+1,1))*(IF('Gastos com Pessoal'!$R$7:$R$106<=F$1,('Gastos com Pessoal'!$S$7:$S$106)+1,1)))} -> 2962.0282 | G32: {=SUM((G$1>='Gastos com Pessoal'!$F$7:$F$106)*(G$1<='Gastos com Pessoal'!$G$7:$G$106)*INDIRECT(CONCATENATE("'Encargos e Benefícios'!",$AX32))*(IF('Gastos com Pessoal'!$H$7:$H$106<=G$1,('Gastos com Pessoal'!$I$7:$I$106)+1,1))*(IF('Gastos com Pessoal'!$M$7:$M$106<=G$1,('Gastos com Pessoal'!$N$7:$N$106)+1,1))*(IF('Gastos com Pessoal'!$R$7:$R$106<=G$1,('Gastos com Pessoal'!$S$7:$S$106)+1,1)))} -> 2991.6485 | H32: {=SUM((H$1>='Gastos com Pessoal'!$F$7:$F$106)*(H$1<='Gastos com Pessoal'!$G$7:$G$106)*INDIRECT(CONCATENATE("'Encargos e Benefícios'!",$AX32))*(IF('Gastos com Pessoal'!$H$7:$H$106<=H$1,('Gastos com Pessoal'!$I$7:$I$106)+1,1))*(IF('Gastos com Pessoal'!$M$7:$M$106<=H$1,('Gastos com Pessoal'!$N$7:$N$106)+1,1))*(IF('Gastos com Pessoal'!$R$7:$R$106<=H$1,('Gastos com Pessoal'!$S$7:$S$106)+1,1)))} -> 2991.6485 | I32: {=SUM((I$1>='Gastos com Pessoal'!$F$7:$F$106)*(I$1<='Gastos com Pessoal'!$G$7:$G$106)*INDIRECT(CONCATENATE("'Encargos e Benefícios'!",$AX32))*(IF('Gastos com Pessoal'!$H$7:$H$106<=I$1,('Gastos com Pessoal'!$I$7:$I$106)+1,1))*(IF('Gastos com Pessoal'!$M$7:$M$106<=I$1,('Gastos com Pessoal'!$N$7:$N$106)+1,1))*(IF('Gastos com Pessoal'!$R$7:$R$106<=I$1,('Gastos com Pessoal'!$S$7:$S$106)+1,1)))} -> 2991.6485 | J32: {=SUM((J$1>='Gastos com Pessoal'!$F$7:$F$106)*(J$1<='Gastos com Pessoal'!$G$7:$G$106)*INDIRECT(CONCATENATE("'Encargos e Benefícios'!",$AX32))*(IF('Gastos com Pessoal'!$H$7:$H$106<=J$1,('Gastos com Pessoal'!$I$7:$I$106)+1,1))*(IF('Gastos com Pessoal'!$M$7:$M$106<=J$1,('Gastos com Pessoal'!$N$7:$N$106)+1,1))*(IF('Gastos com Pessoal'!$R$7:$R$106<=J$1,('Gastos com Pessoal'!$S$7:$S$106)+1,1)))} -> 2991.6485 | ... AL32: {=SUM((AL$1>='Gastos com Pessoal'!$F$7:$F$106)*(AL$1<='Gastos com Pessoal'!$G$7:$G$106)*INDIRECT(CONCATENATE("'Encargos e Benefícios'!",$AX32))*(IF('Gastos com Pessoal'!$H$7:$H$106<=AL$1,('Gastos com Pessoal'!$I$7:$I$106)+1,1))*(IF('Gastos com Pessoal'!$M$7:$M$106<=AL$1,('Gastos com Pessoal'!$N$7:$N$106)+1,1))*(IF('Gastos com Pessoal'!$R$7:$R$106<=AL$1,('Gastos com Pessoal'!$S$7:$S$106)+1,1)))} -> 0 | AM32: =SUM(C32:AL32) -> 71920.414 | AN32: =IF($AM$133=0,0,AM32/$AM$133) -> 0.018734142 | AW32: Padrao | AX32: $H$6:$H$105
A33: 2.1.3.4 | B33: FGTS Multa Rescisória | C33: {=SUM((C$1>='Gastos com Pessoal'!$F$7:$F$106)*(C$1<='Gastos com Pessoal'!$G$7:$G$106)*INDIRECT(CONCATENATE("'Encargos e Benefícios'!",$AX33))*(IF('Gastos com Pessoal'!$H$7:$H$106<=C$1,('Gastos com Pessoal'!$I$7:$I$106)+1,1))*(IF('Gastos com Pessoal'!$M$7:$M$106<=C$1,('Gastos com Pessoal'!$N$7:$N$106)+1,1))*(IF('Gastos com Pessoal'!$R$7:$R$106<=C$1,('Gastos com Pessoal'!$S$7:$S$106)+1,1)))} -> 1481.0141 | D33: {=SUM((D$1>='Gastos com Pessoal'!$F$7:$F$106)*(D$1<='Gastos com Pessoal'!$G$7:$G$106)*INDIRECT(CONCATENATE("'Encargos e Benefícios'!",$AX33))*(IF('Gastos com Pessoal'!$H$7:$H$106<=D$1,('Gastos com Pessoal'!$I$7:$I$106)+1,1))*(IF('Gastos com Pessoal'!$M$7:$M$106<=D$1,('Gastos com Pessoal'!$N$7:$N$106)+1,1))*(IF('Gastos com Pessoal'!$R$7:$R$106<=D$1,('Gastos com Pessoal'!$S$7:$S$106)+1,1)))} -> 1481.0141 | E33: {=SUM((E$1>='Gastos com Pessoal'!$F$7:$F$106)*(E$1<='Gastos com Pessoal'!$G$7:$G$106)*INDIRECT(CONCATENATE("'Encargos e Benefícios'!",$AX33))*(IF('Gastos com Pessoal'!$H$7:$H$106<=E$1,('Gastos com Pessoal'!$I$7:$I$106)+1,1))*(IF('Gastos com Pessoal'!$M$7:$M$106<=E$1,('Gastos com Pessoal'!$N$7:$N$106)+1,1))*(IF('Gastos com Pessoal'!$R$7:$R$106<=E$1,('Gastos com Pessoal'!$S$7:$S$106)+1,1)))} -> 1481.0141 | F33: {=SUM((F$1>='Gastos com Pessoal'!$F$7:$F$106)*(F$1<='Gastos com Pessoal'!$G$7:$G$106)*INDIRECT(CONCATENATE("'Encargos e Benefícios'!",$AX33))*(IF('Gastos com Pessoal'!$H$7:$H$106<=F$1,('Gastos com Pessoal'!$I$7:$I$106)+1,1))*(IF('Gastos com Pessoal'!$M$7:$M$106<=F$1,('Gastos com Pessoal'!$N$7:$N$106)+1,1))*(IF('Gastos com Pessoal'!$R$7:$R$106<=F$1,('Gastos com Pessoal'!$S$7:$S$106)+1,1)))} -> 1481.0141 | G33: {=SUM((G$1>='Gastos com Pessoal'!$F$7:$F$106)*(G$1<='Gastos com Pessoal'!$G$7:$G$106)*INDIRECT(CONCATENATE("'Encargos e Benefícios'!",$AX33))*(IF('Gastos com Pessoal'!$H$7:$H$106<=G$1,('Gastos com Pessoal'!$I$7:$I$106)+1,1))*(IF('Gastos com Pessoal'!$M$7:$M$106<=G$1,('Gastos com Pessoal'!$N$7:$N$106)+1,1))*(IF('Gastos com Pessoal'!$R$7:$R$106<=G$1,('Gastos com Pessoal'!$S$7:$S$106)+1,1)))} -> 1495.8242 | H33: {=SUM((H$1>='Gastos com Pessoal'!$F$7:$F$106)*(H$1<='Gastos com Pessoal'!$G$7:$G$106)*INDIRECT(CONCATENATE("'Encargos e Benefícios'!",$AX33))*(IF('Gastos com Pessoal'!$H$7:$H$106<=H$1,('Gastos com Pessoal'!$I$7:$I$106)+1,1))*(IF('Gastos com Pessoal'!$M$7:$M$106<=H$1,('Gastos com Pessoal'!$N$7:$N$106)+1,1))*(IF('Gastos com Pessoal'!$R$7:$R$106<=H$1,('Gastos com Pessoal'!$S$7:$S$106)+1,1)))} -> 1495.8242 | I33: {=SUM((I$1>='Gastos com Pessoal'!$F$7:$F$106)*(I$1<='Gastos com Pessoal'!$G$7:$G$106)*INDIRECT(CONCATENATE("'Encargos e Benefícios'!",$AX33))*(IF('Gastos com Pessoal'!$H$7:$H$106<=I$1,('Gastos com Pessoal'!$I$7:$I$106)+1,1))*(IF('Gastos com Pessoal'!$M$7:$M$106<=I$1,('Gastos com Pessoal'!$N$7:$N$106)+1,1))*(IF('Gastos com Pessoal'!$R$7:$R$106<=I$1,('Gastos com Pessoal'!$S$7:$S$106)+1,1)))} -> 1495.8242 | J33: {=SUM((J$1>='Gastos com Pessoal'!$F$7:$F$106)*(J$1<='Gastos com Pessoal'!$G$7:$G$106)*INDIRECT(CONCATENATE("'Encargos e Benefícios'!",$AX33))*(IF('Gastos com Pessoal'!$H$7:$H$106<=J$1,('Gastos com Pessoal'!$I$7:$I$106)+1,1))*(IF('Gastos com Pessoal'!$M$7:$M$106<=J$1,('Gastos com Pessoal'!$N$7:$N$106)+1,1))*(IF('Gastos com Pessoal'!$R$7:$R$106<=J$1,('Gastos com Pessoal'!$S$7:$S$106)+1,1)))} -> 1495.8242 | ... AL33: {=SUM((AL$1>='Gastos com Pessoal'!$F$7:$F$106)*(AL$1<='Gastos com Pessoal'!$G$7:$G$106)*INDIRECT(CONCATENATE("'Encargos e Benefícios'!",$AX33))*(IF('Gastos com Pessoal'!$H$7:$H$106<=AL$1,('Gastos com Pessoal'!$I$7:$I$106)+1,1))*(IF('Gastos com Pessoal'!$M$7:$M$106<=AL$1,('Gastos com Pessoal'!$N$7:$N$106)+1,1))*(IF('Gastos com Pessoal'!$R$7:$R$106<=AL$1,('Gastos com Pessoal'!$S$7:$S$106)+1,1)))} -> 0 | AM33: =SUM(C33:AL33) -> 35960.207 | AN33: =IF($AM$133=0,0,AM33/$AM$133) -> 0.0093670712 | AW33: Padrao | AX33: $I$6:$I$105
A34: 2.1.3.5 | B34: 13º Salário | C34: {=SUM((C$1>='Gastos com Pessoal'!$F$7:$F$106)*(C$1<='Gastos com Pessoal'!$G$7:$G$106)*INDIRECT(CONCATENATE("'Encargos e Benefícios'!",$AX34))*(IF('Gastos com Pessoal'!$H$7:$H$106<=C$1,('Gastos com Pessoal'!$I$7:$I$106)+1,1))*(IF('Gastos com Pessoal'!$M$7:$M$106<=C$1,('Gastos com Pessoal'!$N$7:$N$106)+1,1))*(IF('Gastos com Pessoal'!$R$7:$R$106<=C$1,('Gastos com Pessoal'!$S$7:$S$106)+1,1)))} -> 2582.2938 | D34: {=SUM((D$1>='Gastos com Pessoal'!$F$7:$F$106)*(D$1<='Gastos com Pessoal'!$G$7:$G$106)*INDIRECT(CONCATENATE("'Encargos e Benefícios'!",$AX34))*(IF('Gastos com Pessoal'!$H$7:$H$106<=D$1,('Gastos com Pessoal'!$I$7:$I$106)+1,1))*(IF('Gastos com Pessoal'!$M$7:$M$106<=D$1,('Gastos com Pessoal'!$N$7:$N$106)+1,1))*(IF('Gastos com Pessoal'!$R$7:$R$106<=D$1,('Gastos com Pessoal'!$S$7:$S$106)+1,1)))} -> 2582.2938 | E34: {=SUM((E$1>='Gastos com Pessoal'!$F$7:$F$106)*(E$1<='Gastos com Pessoal'!$G$7:$G$106)*INDIRECT(CONCATENATE("'Encargos e Benefícios'!",$AX34))*(IF('Gastos com Pessoal'!$H$7:$H$106<=E$1,('Gastos com Pessoal'!$I$7:$I$106)+1,1))*(IF('Gastos com Pessoal'!$M$7:$M$106<=E$1,('Gastos com Pessoal'!$N$7:$N$106)+1,1))*(IF('Gastos com Pessoal'!$R$7:$R$106<=E$1,('Gastos com Pessoal'!$S$7:$S$106)+1,1)))} -> 2582.2938 | F34: {=SUM((F$1>='Gastos com Pessoal'!$F$7:$F$106)*(F$1<='Gastos com Pessoal'!$G$7:$G$106)*INDIRECT(CONCATENATE("'Encargos e Benefícios'!",$AX34))*(IF('Gastos com Pessoal'!$H$7:$H$106<=F$1,('Gastos com Pessoal'!$I$7:$I$106)+1,1))*(IF('Gastos com Pessoal'!$M$7:$M$106<=F$1,('Gastos com Pessoal'!$N$7:$N$106)+1,1))*(IF('Gastos com Pessoal'!$R$7:$R$106<=F$1,('Gastos com Pessoal'!$S$7:$S$106)+1,1)))} -> 2582.2938 | G34: {=SUM((G$1>='Gastos com Pessoal'!$F$7:$F$106)*(G$1<='Gastos com Pessoal'!$G$7:$G$106)*INDIRECT(CONCATENATE("'Encargos e Benefícios'!",$AX34))*(IF('Gastos com Pessoal'!$H$7:$H$106<=G$1,('Gastos com Pessoal'!$I$7:$I$106)+1,1))*(IF('Gastos com Pessoal'!$M$7:$M$106<=G$1,('Gastos com Pessoal'!$N$7:$N$106)+1,1))*(IF('Gastos com Pessoal'!$R$7:$R$106<=G$1,('Gastos com Pessoal'!$S$7:$S$106)+1,1)))} -> 2608.1167 | H34: {=SUM((H$1>='Gastos com Pessoal'!$F$7:$F$106)*(H$1<='Gastos com Pessoal'!$G$7:$G$106)*INDIRECT(CONCATENATE("'Encargos e Benefícios'!",$AX34))*(IF('Gastos com Pessoal'!$H$7:$H$106<=H$1,('Gastos com Pessoal'!$I$7:$I$106)+1,1))*(IF('Gastos com Pessoal'!$M$7:$M$106<=H$1,('Gastos com Pessoal'!$N$7:$N$106)+1,1))*(IF('Gastos com Pessoal'!$R$7:$R$106<=H$1,('Gastos com Pessoal'!$S$7:$S$106)+1,1)))} -> 2608.1167 | I34: {=SUM((I$1>='Gastos com Pessoal'!$F$7:$F$106)*(I$1<='Gastos com Pessoal'!$G$7:$G$106)*INDIRECT(CONCATENATE("'Encargos e Benefícios'!",$AX34))*(IF('Gastos com Pessoal'!$H$7:$H$106<=I$1,('Gastos com Pessoal'!$I$7:$I$106)+1,1))*(IF('Gastos com Pessoal'!$M$7:$M$106<=I$1,('Gastos com Pessoal'!$N$7:$N$106)+1,1))*(IF('Gastos com Pessoal'!$R$7:$R$106<=I$1,('Gastos com Pessoal'!$S$7:$S$106)+1,1)))} -> 2608.1167 | J34: {=SUM((J$1>='Gastos com Pessoal'!$F$7:$F$106)*(J$1<='Gastos com Pessoal'!$G$7:$G$106)*INDIRECT(CONCATENATE("'Encargos e Benefícios'!",$AX34))*(IF('Gastos com Pessoal'!$H$7:$H$106<=J$1,('Gastos com Pessoal'!$I$7:$I$106)+1,1))*(IF('Gastos com Pessoal'!$M$7:$M$106<=J$1,('Gastos com Pessoal'!$N$7:$N$106)+1,1))*(IF('Gastos com Pessoal'!$R$7:$R$106<=J$1,('Gastos com Pessoal'!$S$7:$S$106)+1,1)))} -> 2608.1167 | ... AL34: {=SUM((AL$1>='Gastos com Pessoal'!$F$7:$F$106)*(AL$1<='Gastos com Pessoal'!$G$7:$G$106)*INDIRECT(CONCATENATE("'Encargos e Benefícios'!",$AX34))*(IF('Gastos com Pessoal'!$H$7:$H$106<=AL$1,('Gastos com Pessoal'!$I$7:$I$106)+1,1))*(IF('Gastos com Pessoal'!$M$7:$M$106<=AL$1,('Gastos com Pessoal'!$N$7:$N$106)+1,1))*(IF('Gastos com Pessoal'!$R$7:$R$106<=AL$1,('Gastos com Pessoal'!$S$7:$S$106)+1,1)))} -> 0 | AM34: =SUM(C34:AL34) -> 62700.159 | AN34: =IF($AM$133=0,0,AM34/$AM$133) -> 0.01633241 | AW34: Padrao | AX34: $J$6:$J$105 | AY34: Invervalo dos Estagiarios
A35: 2.1.3.6 | B35: Férias | C35: {=SUM((C$1>='Gastos com Pessoal'!$F$7:$F$106)*(C$1<='Gastos com Pessoal'!$G$7:$G$106)*INDIRECT(CONCATENATE("'Encargos e Benefícios'!",$AX35))*(IF('Gastos com Pessoal'!$H$7:$H$106<=C$1,('Gastos com Pessoal'!$I$7:$I$106)+1,1))*(IF('Gastos com Pessoal'!$M$7:$M$106<=C$1,('Gastos com Pessoal'!$N$7:$N$106)+1,1))*(IF('Gastos com Pessoal'!$R$7:$R$106<=C$1,('Gastos com Pessoal'!$S$7:$S$106)+1,1)))+SUM((C$1>='Gastos com Pessoal'!$F$113:$F$122)*(C$1<='Gastos com Pessoal'!$G$113:$G$122)*INDIRECT(CONCATENATE("'Encargos e Benefícios'!",$AY35))*(IF('Gastos com Pessoal'!$H$113:$H$122<=C$1,('Gastos com Pessoal'!$I$113:$I$122)+1,1))*(IF('Gastos com Pessoal'!$M$113:$M$122<=C$1,('Gastos com Pessoal'!$N$113:$N$122)+1,1))*(IF('Gastos com Pessoal'!$R$113:$R$122<=C$1,('Gastos com Pessoal'!$S$113:$S$122)+1,1)))} -> 2582.2938 | D35: {=SUM((D$1>='Gastos com Pessoal'!$F$7:$F$106)*(D$1<='Gastos com Pessoal'!$G$7:$G$106)*INDIRECT(CONCATENATE("'Encargos e Benefícios'!",$AX35))*(IF('Gastos com Pessoal'!$H$7:$H$106<=D$1,('Gastos com Pessoal'!$I$7:$I$106)+1,1))*(IF('Gastos com Pessoal'!$M$7:$M$106<=D$1,('Gastos com Pessoal'!$N$7:$N$106)+1,1))*(IF('Gastos com Pessoal'!$R$7:$R$106<=D$1,('Gastos com Pessoal'!$S$7:$S$106)+1,1)))+SUM((D$1>='Gastos com Pessoal'!$F$113:$F$122)*(D$1<='Gastos com Pessoal'!$G$113:$G$122)*INDIRECT(CONCATENATE("'Encargos e Benefícios'!",$AY35))*(IF('Gastos com Pessoal'!$H$113:$H$122<=D$1,('Gastos com Pessoal'!$I$113:$I$122)+1,1))*(IF('Gastos com Pessoal'!$M$113:$M$122<=D$1,('Gastos com Pessoal'!$N$113:$N$122)+1,1))*(IF('Gastos com Pessoal'!$R$113:$R$122<=D$1,('Gastos com Pessoal'!$S$113:$S$122)+1,1)))} -> 2582.2938 | E35: {=SUM((E$1>='Gastos com Pessoal'!$F$7:$F$106)*(E$1<='Gastos com Pessoal'!$G$7:$G$106)*INDIRECT(CONCATENATE("'Encargos e Benefícios'!",$AX35))*(IF('Gastos com Pessoal'!$H$7:$H$106<=E$1,('Gastos com Pessoal'!$I$7:$I$106)+1,1))*(IF('Gastos com Pessoal'!$M$7:$M$106<=E$1,('Gastos com Pessoal'!$N$7:$N$106)+1,1))*(IF('Gastos com Pessoal'!$R$7:$R$106<=E$1,('Gastos com Pessoal'!$S$7:$S$106)+1,1)))+SUM((E$1>='Gastos com Pessoal'!$F$113:$F$122)*(E$1<='Gastos com Pessoal'!$G$113:$G$122)*INDIRECT(CONCATENATE("'Encargos e Benefícios'!",$AY35))*(IF('Gastos com Pessoal'!$H$113:$H$122<=E$1,('Gastos com Pessoal'!$I$113:$I$122)+1,1))*(IF('Gastos com Pessoal'!$M$113:$M$122<=E$1,('Gastos com Pessoal'!$N$113:$N$122)+1,1))*(IF('Gastos com Pessoal'!$R$113:$R$122<=E$1,('Gastos com Pessoal'!$S$113:$S$122)+1,1)))} -> 2582.2938 | F35: {=SUM((F$1>='Gastos com Pessoal'!$F$7:$F$106)*(F$1<='Gastos com Pessoal'!$G$7:$G$106)*INDIRECT(CONCATENATE("'Encargos e Benefícios'!",$AX35))*(IF('Gastos com Pessoal'!$H$7:$H$106<=F$1,('Gastos com Pessoal'!$I$7:$I$106)+1,1))*(IF('Gastos com Pessoal'!$M$7:$M$106<=F$1,('Gastos com Pessoal'!$N$7:$N$106)+1,1))*(IF('Gastos com Pessoal'!$R$7:$R$106<=F$1,('Gastos com Pessoal'!$S$7:$S$106)+1,1)))+SUM((F$1>='Gastos com Pessoal'!$F$113:$F$122)*(F$1<='Gastos com Pessoal'!$G$113:$G$122)*INDIRECT(CONCATENATE("'Encargos e Benefícios'!",$AY35))*(IF('Gastos com Pessoal'!$H$113:$H$122<=F$1,('Gastos com Pessoal'!$I$113:$I$122)+1,1))*(IF('Gastos com Pessoal'!$M$113:$M$122<=F$1,('Gastos com Pessoal'!$N$113:$N$122)+1,1))*(IF('Gastos com Pessoal'!$R$113:$R$122<=F$1,('Gastos com Pessoal'!$S$113:$S$122)+1,1)))} -> 2582.2938 | G35: {=SUM((G$1>='Gastos com Pessoal'!$F$7:$F$106)*(G$1<='Gastos com Pessoal'!$G$7:$G$106)*INDIRECT(CONCATENATE("'Encargos e Benefícios'!",$AX35))*(IF('Gastos com Pessoal'!$H$7:$H$106<=G$1,('Gastos com Pessoal'!$I$7:$I$106)+1,1))*(IF('Gastos com Pessoal'!$M$7:$M$106<=G$1,('Gastos com Pessoal'!$N$7:$N$106)+1,1))*(IF('Gastos com Pessoal'!$R$7:$R$106<=G$1,('Gastos com Pessoal'!$S$7:$S$106)+1,1)))+SUM((G$1>='Gastos com Pessoal'!$F$113:$F$122)*(G$1<='Gastos com Pessoal'!$G$113:$G$122)*INDIRECT(CONCATENATE("'Encargos e Benefícios'!",$AY35))*(IF('Gastos com Pessoal'!$H$113:$H$122<=G$1,('Gastos com Pessoal'!$I$113:$I$122)+1,1))*(IF('Gastos com Pessoal'!$M$113:$M$122<=G$1,('Gastos com Pessoal'!$N$113:$N$122)+1,1))*(IF('Gastos com Pessoal'!$R$113:$R$122<=G$1,('Gastos com Pessoal'!$S$113:$S$122)+1,1)))} -> 2608.1167 | H35: {=SUM((H$1>='Gastos com Pessoal'!$F$7:$F$106)*(H$1<='Gastos com Pessoal'!$G$7:$G$106)*INDIRECT(CONCATENATE("'Encargos e Benefícios'!",$AX35))*(IF('Gastos com Pessoal'!$H$7:$H$106<=H$1,('Gastos com Pessoal'!$I$7:$I$106)+1,1))*(IF('Gastos com Pessoal'!$M$7:$M$106<=H$1,('Gastos com Pessoal'!$N$7:$N$106)+1,1))*(IF('Gastos com Pessoal'!$R$7:$R$106<=H$1,('Gastos com Pessoal'!$S$7:$S$106)+1,1)))+SUM((H$1>='Gastos com Pessoal'!$F$113:$F$122)*(H$1<='Gastos com Pessoal'!$G$113:$G$122)*INDIRECT(CONCATENATE("'Encargos e Benefícios'!",$AY35))*(IF('Gastos com Pessoal'!$H$113:$H$122<=H$1,('Gastos com Pessoal'!$I$113:$I$122)+1,1))*(IF('Gastos com Pessoal'!$M$113:$M$122<=H$1,('Gastos com Pessoal'!$N$113:$N$122)+1,1))*(IF('Gastos com Pessoal'!$R$113:$R$122<=H$1,('Gastos com Pessoal'!$S$113:$S$122)+1,1)))} -> 2608.1167 | I35: {=SUM((I$1>='Gastos com Pessoal'!$F$7:$F$106)*(I$1<='Gastos com Pessoal'!$G$7:$G$106)*INDIRECT(CONCATENATE("'Encargos e Benefícios'!",$AX35))*(IF('Gastos com Pessoal'!$H$7:$H$106<=I$1,('Gastos com Pessoal'!$I$7:$I$106)+1,1))*(IF('Gastos com Pessoal'!$M$7:$M$106<=I$1,('Gastos com Pessoal'!$N$7:$N$106)+1,1))*(IF('Gastos com Pessoal'!$R$7:$R$106<=I$1,('Gastos com Pessoal'!$S$7:$S$106)+1,1)))+SUM((I$1>='Gastos com Pessoal'!$F$113:$F$122)*(I$1<='Gastos com Pessoal'!$G$113:$G$122)*INDIRECT(CONCATENATE("'Encargos e Benefícios'!",$AY35))*(IF('Gastos com Pessoal'!$H$113:$H$122<=I$1,('Gastos com Pessoal'!$I$113:$I$122)+1,1))*(IF('Gastos com Pessoal'!$M$113:$M$122<=I$1,('Gastos com Pessoal'!$N$113:$N$122)+1,1))*(IF('Gastos com Pessoal'!$R$113:$R$122<=I$1,('Gastos com Pessoal'!$S$113:$S$122)+1,1)))} -> 2608.1167 | J35: {=SUM((J$1>='Gastos com Pessoal'!$F$7:$F$106)*(J$1<='Gastos com Pessoal'!$G$7:$G$106)*INDIRECT(CONCATENATE("'Encargos e Benefícios'!",$AX35))*(IF('Gastos com Pessoal'!$H$7:$H$106<=J$1,('Gastos com Pessoal'!$I$7:$I$106)+1,1))*(IF('Gastos com Pessoal'!$M$7:$M$106<=J$1,('Gastos com Pessoal'!$N$7:$N$106)+1,1))*(IF('Gastos com Pessoal'!$R$7:$R$106<=J$1,('Gastos com Pessoal'!$S$7:$S$106)+1,1)))+SUM((J$1>='Gastos com Pessoal'!$F$113:$F$122)*(J$1<='Gastos com Pessoal'!$G$113:$G$122)*INDIRECT(CONCATENATE("'Encargos e Benefícios'!",$AY35))*(IF('Gastos com Pessoal'!$H$113:$H$122<=J$1,('Gastos com Pessoal'!$I$113:$I$122)+1,1))*(IF('Gastos com Pessoal'!$M$113:$M$122<=J$1,('Gastos com Pessoal'!$N$113:$N$122)+1,1))*(IF('Gastos com Pessoal'!$R$113:$R$122<=J$1,('Gastos com Pessoal'!$S$113:$S$122)+1,1)))} -> 2608.1167 | ... N35: {=SUM((N$1>='Gastos com Pessoal'!$F$7:$F$106)*(N$1<='Gastos com Pessoal'!$G$7:$G$106)*INDIRECT(CONCATENATE("'Encargos e Benefícios'!",$AX35))*(IF('Gastos com Pessoal'!$H$7:$H$106<=N$1,('Gastos com Pessoal'!$I$7:$I$106)+1,1))*(IF('Gastos com Pessoal'!$M$7:$M$106<=N$1,('Gastos com Pessoal'!$N$7:$N$106)+1,1))*(IF('Gastos com Pessoal'!$R$7:$R$106<=N$1,('Gastos com Pessoal'!$S$7:$S$106)+1,1)))+SUM((N$1>='Gastos com Pessoal'!$F$113:$F$122)*(N$1<='Gastos com Pessoal'!$G$113:$G$122)*INDIRECT(CONCATENATE("'Encargos e Benefícios'!",$AY35))*(IF('Gastos com Pessoal'!$H$113:$H$122<=N$1,('Gastos com Pessoal'!$I$113:$I$122)+1,1))*(IF('Gastos com Pessoal'!$M$113:$M$122<=N$1,('Gastos com Pessoal'!$N$113:$N$122)+1,1))*(IF('Gastos com Pessoal'!$R$113:$R$122<=N$1,('Gastos com Pessoal'!$S$113:$S$122)+1,1)))} -> 2608.1167 | O35: 0 | P35: 0 | Q35: 0 | R35: 0 | S35: 0 | T35: 0 | U35: 0 | V35: 0 | W35: 0 | X35: 0 | Y35: 0 | Z35: 0 | AA35: 0 | AB35: 0 | AC35: 0 | AD35: 0 | AE35: 0 | AF35: 0 | AG35: 0 | AH35: 0 | AI35: 0 | AJ35: 0 | AK35: 0 | AL35: 0 | AM35: =SUM(C35:AL35) -> 31194.109 | AN35: =IF($AM$133=0,0,AM35/$AM$133) -> 0.0081255773 | AW35: Dobrada | AX35: $K$6:$K$105 | AY35: $F$112:$F$121
A36: 2.1.3.7 | B36: 1/3 de Férias | C36: {=SUM((C$1>='Gastos com Pessoal'!$F$7:$F$106)*(C$1<='Gastos com Pessoal'!$G$7:$G$106)*INDIRECT(CONCATENATE("'Encargos e Benefícios'!",$AX36))*(IF('Gastos com Pessoal'!$H$7:$H$106<=C$1,('Gastos com Pessoal'!$I$7:$I$106)+1,1))*(IF('Gastos com Pessoal'!$M$7:$M$106<=C$1,('Gastos com Pessoal'!$N$7:$N$106)+1,1))*(IF('Gastos com Pessoal'!$R$7:$R$106<=C$1,('Gastos com Pessoal'!$S$7:$S$106)+1,1)))} -> 860.7646 | D36: {=SUM((D$1>='Gastos com Pessoal'!$F$7:$F$106)*(D$1<='Gastos com Pessoal'!$G$7:$G$106)*INDIRECT(CONCATENATE("'Encargos e Benefícios'!",$AX36))*(IF('Gastos com Pessoal'!$H$7:$H$106<=D$1,('Gastos com Pessoal'!$I$7:$I$106)+1,1))*(IF('Gastos com Pessoal'!$M$7:$M$106<=D$1,('Gastos com Pessoal'!$N$7:$N$106)+1,1))*(IF('Gastos com Pessoal'!$R$7:$R$106<=D$1,('Gastos com Pessoal'!$S$7:$S$106)+1,1)))} -> 860.7646 | E36: {=SUM((E$1>='Gastos com Pessoal'!$F$7:$F$106)*(E$1<='Gastos com Pessoal'!$G$7:$G$106)*INDIRECT(CONCATENATE("'Encargos e Benefícios'!",$AX36))*(IF('Gastos com Pessoal'!$H$7:$H$106<=E$1,('Gastos com Pessoal'!$I$7:$I$106)+1,1))*(IF('Gastos com Pessoal'!$M$7:$M$106<=E$1,('Gastos com Pessoal'!$N$7:$N$106)+1,1))*(IF('Gastos com Pessoal'!$R$7:$R$106<=E$1,('Gastos com Pessoal'!$S$7:$S$106)+1,1)))} -> 860.7646 | F36: {=SUM((F$1>='Gastos com Pessoal'!$F$7:$F$106)*(F$1<='Gastos com Pessoal'!$G$7:$G$106)*INDIRECT(CONCATENATE("'Encargos e Benefícios'!",$AX36))*(IF('Gastos com Pessoal'!$H$7:$H$106<=F$1,('Gastos com Pessoal'!$I$7:$I$106)+1,1))*(IF('Gastos com Pessoal'!$M$7:$M$106<=F$1,('Gastos com Pessoal'!$N$7:$N$106)+1,1))*(IF('Gastos com Pessoal'!$R$7:$R$106<=F$1,('Gastos com Pessoal'!$S$7:$S$106)+1,1)))} -> 860.7646 | G36: {=SUM((G$1>='Gastos com Pessoal'!$F$7:$F$106)*(G$1<='Gastos com Pessoal'!$G$7:$G$106)*INDIRECT(CONCATENATE("'Encargos e Benefícios'!",$AX36))*(IF('Gastos com Pessoal'!$H$7:$H$106<=G$1,('Gastos com Pessoal'!$I$7:$I$106)+1,1))*(IF('Gastos com Pessoal'!$M$7:$M$106<=G$1,('Gastos com Pessoal'!$N$7:$N$106)+1,1))*(IF('Gastos com Pessoal'!$R$7:$R$106<=G$1,('Gastos com Pessoal'!$S$7:$S$106)+1,1)))} -> 869.37225 | H36: {=SUM((H$1>='Gastos com Pessoal'!$F$7:$F$106)*(H$1<='Gastos com Pessoal'!$G$7:$G$106)*INDIRECT(CONCATENATE("'Encargos e Benefícios'!",$AX36))*(IF('Gastos com Pessoal'!$H$7:$H$106<=H$1,('Gastos com Pessoal'!$I$7:$I$106)+1,1))*(IF('Gastos com Pessoal'!$M$7:$M$106<=H$1,('Gastos com Pessoal'!$N$7:$N$106)+1,1))*(IF('Gastos com Pessoal'!$R$7:$R$106<=H$1,('Gastos com Pessoal'!$S$7:$S$106)+1,1)))} -> 869.37225 | I36: {=SUM((I$1>='Gastos com Pessoal'!$F$7:$F$106)*(I$1<='Gastos com Pessoal'!$G$7:$G$106)*INDIRECT(CONCATENATE("'Encargos e Benefícios'!",$AX36))*(IF('Gastos com Pessoal'!$H$7:$H$106<=I$1,('Gastos com Pessoal'!$I$7:$I$106)+1,1))*(IF('Gastos com Pessoal'!$M$7:$M$106<=I$1,('Gastos com Pessoal'!$N$7:$N$106)+1,1))*(IF('Gastos com Pessoal'!$R$7:$R$106<=I$1,('Gastos com Pessoal'!$S$7:$S$106)+1,1)))} -> 869.37225 | J36: {=SUM((J$1>='Gastos com Pessoal'!$F$7:$F$106)*(J$1<='Gastos com Pessoal'!$G$7:$G$106)*INDIRECT(CONCATENATE("'Encargos e Benefícios'!",$AX36))*(IF('Gastos com Pessoal'!$H$7:$H$106<=J$1,('Gastos com Pessoal'!$I$7:$I$106)+1,1))*(IF('Gastos com Pessoal'!$M$7:$M$106<=J$1,('Gastos com Pessoal'!$N$7:$N$106)+1,1))*(IF('Gastos com Pessoal'!$R$7:$R$106<=J$1,('Gastos com Pessoal'!$S$7:$S$106)+1,1)))} -> 869.37225 | ... AL36: {=SUM((AL$1>='Gastos com Pessoal'!$F$7:$F$106)*(AL$1<='Gastos com Pessoal'!$G$7:$G$106)*INDIRECT(CONCATENATE("'Encargos e Benefícios'!",$AX36))*(IF('Gastos com Pessoal'!$H$7:$H$106<=AL$1,('Gastos com Pessoal'!$I$7:$I$106)+1,1))*(IF('Gastos com Pessoal'!$M$7:$M$106<=AL$1,('Gastos com Pessoal'!$N$7:$N$106)+1,1))*(IF('Gastos com Pessoal'!$R$7:$R$106<=AL$1,('Gastos com Pessoal'!$S$7:$S$106)+1,1)))} -> 0 | AM36: =SUM(C36:AL36) -> 20900.053 | AN36: =IF($AM$133=0,0,AM36/$AM$133) -> 0.0054441368 | AW36: Padrao | AX36: $L$6:$L$105 | AY36: Coluna dos Estagiarios
A37: 2.1.3.8 | B37: Rescisão de Trabalho | C37: {=SUM((C$1>='Gastos com Pessoal'!$F$7:$F$106)*(C$1<='Gastos com Pessoal'!$G$7:$G$106)*INDIRECT(CONCATENATE("'Encargos e Benefícios'!",$AX37))*(IF('Gastos com Pessoal'!$H$7:$H$106<=C$1,('Gastos com Pessoal'!$I$7:$I$106)+1,1))*(IF('Gastos com Pessoal'!$M$7:$M$106<=C$1,('Gastos com Pessoal'!$N$7:$N$106)+1,1))*(IF('Gastos com Pessoal'!$R$7:$R$106<=C$1,('Gastos com Pessoal'!$S$7:$S$106)+1,1)))} -> 0 | D37: {=SUM((D$1>='Gastos com Pessoal'!$F$7:$F$106)*(D$1<='Gastos com Pessoal'!$G$7:$G$106)*INDIRECT(CONCATENATE("'Encargos e Benefícios'!",$AX37))*(IF('Gastos com Pessoal'!$H$7:$H$106<=D$1,('Gastos com Pessoal'!$I$7:$I$106)+1,1))*(IF('Gastos com Pessoal'!$M$7:$M$106<=D$1,('Gastos com Pessoal'!$N$7:$N$106)+1,1))*(IF('Gastos com Pessoal'!$R$7:$R$106<=D$1,('Gastos com Pessoal'!$S$7:$S$106)+1,1)))} -> 0 | E37: {=SUM((E$1>='Gastos com Pessoal'!$F$7:$F$106)*(E$1<='Gastos com Pessoal'!$G$7:$G$106)*INDIRECT(CONCATENATE("'Encargos e Benefícios'!",$AX37))*(IF('Gastos com Pessoal'!$H$7:$H$106<=E$1,('Gastos com Pessoal'!$I$7:$I$106)+1,1))*(IF('Gastos com Pessoal'!$M$7:$M$106<=E$1,('Gastos com Pessoal'!$N$7:$N$106)+1,1))*(IF('Gastos com Pessoal'!$R$7:$R$106<=E$1,('Gastos com Pessoal'!$S$7:$S$106)+1,1)))} -> 0 | F37: {=SUM((F$1>='Gastos com Pessoal'!$F$7:$F$106)*(F$1<='Gastos com Pessoal'!$G$7:$G$106)*INDIRECT(CONCATENATE("'Encargos e Benefícios'!",$AX37))*(IF('Gastos com Pessoal'!$H$7:$H$106<=F$1,('Gastos com Pessoal'!$I$7:$I$106)+1,1))*(IF('Gastos com Pessoal'!$M$7:$M$106<=F$1,('Gastos com Pessoal'!$N$7:$N$106)+1,1))*(IF('Gastos com Pessoal'!$R$7:$R$106<=F$1,('Gastos com Pessoal'!$S$7:$S$106)+1,1)))} -> 0 | G37: {=SUM((G$1>='Gastos com Pessoal'!$F$7:$F$106)*(G$1<='Gastos com Pessoal'!$G$7:$G$106)*INDIRECT(CONCATENATE("'Encargos e Benefícios'!",$AX37))*(IF('Gastos com Pessoal'!$H$7:$H$106<=G$1,('Gastos com Pessoal'!$I$7:$I$106)+1,1))*(IF('Gastos com Pessoal'!$M$7:$M$106<=G$1,('Gastos com Pessoal'!$N$7:$N$106)+1,1))*(IF('Gastos com Pessoal'!$R$7:$R$106<=G$1,('Gastos com Pessoal'!$S$7:$S$106)+1,1)))} -> 0 | H37: {=SUM((H$1>='Gastos com Pessoal'!$F$7:$F$106)*(H$1<='Gastos com Pessoal'!$G$7:$G$106)*INDIRECT(CONCATENATE("'Encargos e Benefícios'!",$AX37))*(IF('Gastos com Pessoal'!$H$7:$H$106<=H$1,('Gastos com Pessoal'!$I$7:$I$106)+1,1))*(IF('Gastos com Pessoal'!$M$7:$M$106<=H$1,('Gastos com Pessoal'!$N$7:$N$106)+1,1))*(IF('Gastos com Pessoal'!$R$7:$R$106<=H$1,('Gastos com Pessoal'!$S$7:$S$106)+1,1)))} -> 0 | I37: {=SUM((I$1>='Gastos com Pessoal'!$F$7:$F$106)*(I$1<='Gastos com Pessoal'!$G$7:$G$106)*INDIRECT(CONCATENATE("'Encargos e Benefícios'!",$AX37))*(IF('Gastos com Pessoal'!$H$7:$H$106<=I$1,('Gastos com Pessoal'!$I$7:$I$106)+1,1))*(IF('Gastos com Pessoal'!$M$7:$M$106<=I$1,('Gastos com Pessoal'!$N$7:$N$106)+1,1))*(IF('Gastos com Pessoal'!$R$7:$R$106<=I$1,('Gastos com Pessoal'!$S$7:$S$106)+1,1)))} -> 0 | J37: {=SUM((J$1>='Gastos com Pessoal'!$F$7:$F$106)*(J$1<='Gastos com Pessoal'!$G$7:$G$106)*INDIRECT(CONCATENATE("'Encargos e Benefícios'!",$AX37))*(IF('Gastos com Pessoal'!$H$7:$H$106<=J$1,('Gastos com Pessoal'!$I$7:$I$106)+1,1))*(IF('Gastos com Pessoal'!$M$7:$M$106<=J$1,('Gastos com Pessoal'!$N$7:$N$106)+1,1))*(IF('Gastos com Pessoal'!$R$7:$R$106<=J$1,('Gastos com Pessoal'!$S$7:$S$106)+1,1)))} -> 0 | ... N37: {=SUM((N$1>='Gastos com Pessoal'!$F$7:$F$106)*(N$1<='Gastos com Pessoal'!$G$7:$G$106)*INDIRECT(CONCATENATE("'Encargos e Benefícios'!",$AX37))*(IF('Gastos com Pessoal'!$H$7:$H$106<=N$1,('Gastos com Pessoal'!$I$7:$I$106)+1,1))*(IF('Gastos com Pessoal'!$M$7:$M$106<=N$1,('Gastos com Pessoal'!$N$7:$N$106)+1,1))*(IF('Gastos com Pessoal'!$R$7:$R$106<=N$1,('Gastos com Pessoal'!$S$7:$S$106)+1,1)))} -> 0 | O37: 0 | P37: 0 | Q37: 0 | R37: 0 | S37: 0 | T37: 0 | U37: 0 | V37: 0 | W37: 0 | X37: 0 | Y37: 0 | Z37: 0 | AA37: 0 | AB37: 0 | AC37: 0 | AD37: 0 | AE37: 0 | AF37: 0 | AG37: 0 | AH37: 0 | AI37: 0 | AJ37: 0 | AK37: 0 | AL37: 0 | AM37: =SUM(C37:AL37) -> 0 | AN37: =IF($AM$133=0,0,AM37/$AM$133) -> 0 | AW37: Padrao | AX37: $M$6:$M$105
A38: 2.1.3.9 | B38: Medicina e Segurança do Trabalho | C38: 0 | D38: 0 | E38: 0 | F38: 0 | G38: 0 | H38: 0 | I38: 0 | J38: 0 | K38: 0 | L38: 0 | M38: 0 | N38: 0 | O38: 0 | P38: 0 | Q38: 0 | R38: 0 | S38: 0 | T38: 0 | U38: 0 | V38: 0 | W38: 0 | X38: 0 | Y38: 0 | Z38: 0 | AA38: 0 | AB38: 0 | AC38: 0 | AD38: 0 | AE38: 0 | AF38: 0 | AG38: 0 | AH38: 0 | AI38: 0 | AJ38: 0 | AK38: 0 | AL38: 0 | AM38: =SUM(C38:AL38) -> 0 | AN38: =IF($AM$133=0,0,AM38/$AM$133) -> 0 | AX38: Coluna Manual
A39: 2.1.3.10 | B39: Custas com Justiça do Trabalho | C39: 0 | D39: 0 | E39: 0 | F39: 0 | G39: 0 | H39: 0 | I39: 0 | J39: 0 | K39: 0 | L39: 0 | M39: 0 | N39: 0 | O39: 0 | P39: 0 | Q39: 0 | R39: 0 | S39: 0 | T39: 0 | U39: 0 | V39: 0 | W39: 0 | X39: 0 | Y39: 0 | Z39: 0 | AA39: 0 | AB39: 0 | AC39: 0 | AD39: 0 | AE39: 0 | AF39: 0 | AG39: 0 | AH39: 0 | AI39: 0 | AJ39: 0 | AK39: 0 | AL39: 0 | AM39: =SUM(C39:AL39) -> 0 | AN39: =IF($AM$133=0,0,AM39/$AM$133) -> 0
A40: 2.1.3.11 | B40: Despesas Sindicais | C40: 0 | D40: 0 | E40: 0 | F40: 0 | G40: 0 | H40: 0 | I40: 0 | J40: 0 | K40: 0 | L40: 0 | M40: 0 | N40: 0 | O40: 0 | P40: 0 | Q40: 0 | R40: 0 | S40: 0 | T40: 0 | U40: 0 | V40: 0 | W40: 0 | X40: 0 | Y40: 0 | Z40: 0 | AA40: 0 | AB40: 0 | AC40: 0 | AD40: 0 | AE40: 0 | AF40: 0 | AG40: 0 | AH40: 0 | AI40: 0 | AJ40: 0 | AK40: 0 | AL40: 0 | AM40: =SUM(C40:AL40) -> 0 | AN40: =IF($AM$133=0,0,AM40/$AM$133) -> 0
A41: 2.1.3.12 | B41: Outros Encargos Trabalhistas | C41: 0 | D41: 0 | E41: 0 | F41: 0 | G41: 0 | H41: 0 | I41: 0 | J41: 0 | K41: 0 | L41: 0 | M41: 0 | N41: 0 | O41: 0 | P41: 0 | Q41: 0 | R41: 0 | S41: 0 | T41: 0 | U41: 0 | V41: 0 | W41: 0 | X41: 0 | Y41: 0 | Z41: 0 | AA41: 0 | AB41: 0 | AC41: 0 | AD41: 0 | AE41: 0 | AF41: 0 | AG41: 0 | AH41: 0 | AI41: 0 | AJ41: 0 | AK41: 0 | AL41: 0 | AM41: =SUM(C41:AL41) -> 0 | AN41: =IF($AM$133=0,0,AM41/$AM$133) -> 0
B42: Subtotal Encargos Trabalhistas: | C42: =SUBTOTAL(109,C30:C41) -> 20650.366 | D42: =SUBTOTAL(109,D30:D41) -> 20650.366 | E42: =SUBTOTAL(109,E30:E41) -> 20650.366 | F42: =SUBTOTAL(109,F30:F41) -> 20650.366 | G42: =SUBTOTAL(109,G30:G41) -> 20856.87 | H42: =SUBTOTAL(109,H30:H41) -> 20856.87 | I42: =SUBTOTAL(109,I30:I41) -> 20856.87 | J42: =SUBTOTAL(109,J30:J41) -> 20856.87 | ... AM42: =SUBTOTAL(109,AM30:AM41) -> 469901.36 | AN42: =IF($AM$133=0,0,AM42/$AM$133) -> 0.12240195 | AX42: Beneficios | AY42: Beneficios | AZ42: Reajuste dos Beneficios | BA42: Reajuste dos Beneficios | BB42: Reajuste2 dos Beneficios | BC42: Reajuste2 dos Beneficios | BD42: Reajuste3 dos Beneficios | BE42: Reajuste3 dos Beneficios
A43: 2.1.4 | B43: Benefícios | AX43: Celetistas | AY43: Estagiários | AZ43: Celetistas | BA43: Estagiários | BB43: Celetistas | BC43: Estagiários | BD43: Celetistas | BE43: Estagiários
A44: 2.1.4.1 | B44: Vale Transporte | C44: {=SUM((C$1>='Gastos com Pessoal'!$F$7:$F$106)*(C$1<='Gastos com Pessoal'!$G$7:$G$106)*INDIRECT(CONCATENATE("'Encargos e Benefícios'!",$AX44)))+SUM((C$1>='Gastos com Pessoal'!$F$7:$F$106)*(C$1<='Gastos com Pessoal'!$G$7:$G$106)*(IF('Gastos com Pessoal'!$H$7:$H$106<=C$1,1,0))*INDIRECT(CONCATENATE("'Gastos com Pessoal'!",$AZ44)))+SUM((C$1>='Gastos com Pessoal'!$F$7:$F$106)*(C$1<='Gastos com Pessoal'!$G$7:$G$106)*(IF('Gastos com Pessoal'!$M$7:$M$106<=C$1,1,0))*INDIRECT(CONCATENATE("'Gastos com Pessoal'!",$BB44)))+SUM((C$1>='Gastos com Pessoal'!$F$7:$F$106)*(C$1<='Gastos com Pessoal'!$G$7:$G$106)*(IF('Gastos com Pessoal'!$R$7:$R$106<=C$1,1,0))*INDIRECT(CONCATENATE("'Gastos com Pessoal'!",$BD44)))} -> 288.32 | D44: {=SUM((D$1>='Gastos com Pessoal'!$F$7:$F$106)*(D$1<='Gastos com Pessoal'!$G$7:$G$106)*INDIRECT(CONCATENATE("'Encargos e Benefícios'!",$AX44)))+SUM((D$1>='Gastos com Pessoal'!$F$7:$F$106)*(D$1<='Gastos com Pessoal'!$G$7:$G$106)*(IF('Gastos com Pessoal'!$H$7:$H$106<=D$1,1,0))*INDIRECT(CONCATENATE("'Gastos com Pessoal'!",$AZ44)))+SUM((D$1>='Gastos com Pessoal'!$F$7:$F$106)*(D$1<='Gastos com Pessoal'!$G$7:$G$106)*(IF('Gastos com Pessoal'!$M$7:$M$106<=D$1,1,0))*INDIRECT(CONCATENATE("'Gastos com Pessoal'!",$BB44)))+SUM((D$1>='Gastos com Pessoal'!$F$7:$F$106)*(D$1<='Gastos com Pessoal'!$G$7:$G$106)*(IF('Gastos com Pessoal'!$R$7:$R$106<=D$1,1,0))*INDIRECT(CONCATENATE("'Gastos com Pessoal'!",$BD44)))} -> 288.32 | E44: {=SUM((E$1>='Gastos com Pessoal'!$F$7:$F$106)*(E$1<='Gastos com Pessoal'!$G$7:$G$106)*INDIRECT(CONCATENATE("'Encargos e Benefícios'!",$AX44)))+SUM((E$1>='Gastos com Pessoal'!$F$7:$F$106)*(E$1<='Gastos com Pessoal'!$G$7:$G$106)*(IF('Gastos com Pessoal'!$H$7:$H$106<=E$1,1,0))*INDIRECT(CONCATENATE("'Gastos com Pessoal'!",$AZ44)))+SUM((E$1>='Gastos com Pessoal'!$F$7:$F$106)*(E$1<='Gastos com Pessoal'!$G$7:$G$106)*(IF('Gastos com Pessoal'!$M$7:$M$106<=E$1,1,0))*INDIRECT(CONCATENATE("'Gastos com Pessoal'!",$BB44)))+SUM((E$1>='Gastos com Pessoal'!$F$7:$F$106)*(E$1<='Gastos com Pessoal'!$G$7:$G$106)*(IF('Gastos com Pessoal'!$R$7:$R$106<=E$1,1,0))*INDIRECT(CONCATENATE("'Gastos com Pessoal'!",$BD44)))} -> 288.32 | F44: {=SUM((F$1>='Gastos com Pessoal'!$F$7:$F$106)*(F$1<='Gastos com Pessoal'!$G$7:$G$106)*INDIRECT(CONCATENATE("'Encargos e Benefícios'!",$AX44)))+SUM((F$1>='Gastos com Pessoal'!$F$7:$F$106)*(F$1<='Gastos com Pessoal'!$G$7:$G$106)*(IF('Gastos com Pessoal'!$H$7:$H$106<=F$1,1,0))*INDIRECT(CONCATENATE("'Gastos com Pessoal'!",$AZ44)))+SUM((F$1>='Gastos com Pessoal'!$F$7:$F$106)*(F$1<='Gastos com Pessoal'!$G$7:$G$106)*(IF('Gastos com Pessoal'!$M$7:$M$106<=F$1,1,0))*INDIRECT(CONCATENATE("'Gastos com Pessoal'!",$BB44)))+SUM((F$1>='Gastos com Pessoal'!$F$7:$F$106)*(F$1<='Gastos com Pessoal'!$G$7:$G$106)*(IF('Gastos com Pessoal'!$R$7:$R$106<=F$1,1,0))*INDIRECT(CONCATENATE("'Gastos com Pessoal'!",$BD44)))} -> 288.32 | G44: {=SUM((G$1>='Gastos com Pessoal'!$F$7:$F$106)*(G$1<='Gastos com Pessoal'!$G$7:$G$106)*INDIRECT(CONCATENATE("'Encargos e Benefícios'!",$AX44)))+SUM((G$1>='Gastos com Pessoal'!$F$7:$F$106)*(G$1<='Gastos com Pessoal'!$G$7:$G$106)*(IF('Gastos com Pessoal'!$H$7:$H$106<=G$1,1,0))*INDIRECT(CONCATENATE("'Gastos com Pessoal'!",$AZ44)))+SUM((G$1>='Gastos com Pessoal'!$F$7:$F$106)*(G$1<='Gastos com Pessoal'!$G$7:$G$106)*(IF('Gastos com Pessoal'!$M$7:$M$106<=G$1,1,0))*INDIRECT(CONCATENATE("'Gastos com Pessoal'!",$BB44)))+SUM((G$1>='Gastos com Pessoal'!$F$7:$F$106)*(G$1<='Gastos com Pessoal'!$G$7:$G$106)*(IF('Gastos com Pessoal'!$R$7:$R$106<=G$1,1,0))*INDIRECT(CONCATENATE("'Gastos com Pessoal'!",$BD44)))} -> 291.2032 | H44: {=SUM((H$1>='Gastos com Pessoal'!$F$7:$F$106)*(H$1<='Gastos com Pessoal'!$G$7:$G$106)*INDIRECT(CONCATENATE("'Encargos e Benefícios'!",$AX44)))+SUM((H$1>='Gastos com Pessoal'!$F$7:$F$106)*(H$1<='Gastos com Pessoal'!$G$7:$G$106)*(IF('Gastos com Pessoal'!$H$7:$H$106<=H$1,1,0))*INDIRECT(CONCATENATE("'Gastos com Pessoal'!",$AZ44)))+SUM((H$1>='Gastos com Pessoal'!$F$7:$F$106)*(H$1<='Gastos com Pessoal'!$G$7:$G$106)*(IF('Gastos com Pessoal'!$M$7:$M$106<=H$1,1,0))*INDIRECT(CONCATENATE("'Gastos com Pessoal'!",$BB44)))+SUM((H$1>='Gastos com Pessoal'!$F$7:$F$106)*(H$1<='Gastos com Pessoal'!$G$7:$G$106)*(IF('Gastos com Pessoal'!$R$7:$R$106<=H$1,1,0))*INDIRECT(CONCATENATE("'Gastos com Pessoal'!",$BD44)))} -> 291.2032 | I44: {=SUM((I$1>='Gastos com Pessoal'!$F$7:$F$106)*(I$1<='Gastos com Pessoal'!$G$7:$G$106)*INDIRECT(CONCATENATE("'Encargos e Benefícios'!",$AX44)))+SUM((I$1>='Gastos com Pessoal'!$F$7:$F$106)*(I$1<='Gastos com Pessoal'!$G$7:$G$106)*(IF('Gastos com Pessoal'!$H$7:$H$106<=I$1,1,0))*INDIRECT(CONCATENATE("'Gastos com Pessoal'!",$AZ44)))+SUM((I$1>='Gastos com Pessoal'!$F$7:$F$106)*(I$1<='Gastos com Pessoal'!$G$7:$G$106)*(IF('Gastos com Pessoal'!$M$7:$M$106<=I$1,1,0))*INDIRECT(CONCATENATE("'Gastos com Pessoal'!",$BB44)))+SUM((I$1>='Gastos com Pessoal'!$F$7:$F$106)*(I$1<='Gastos com Pessoal'!$G$7:$G$106)*(IF('Gastos com Pessoal'!$R$7:$R$106<=I$1,1,0))*INDIRECT(CONCATENATE("'Gastos com Pessoal'!",$BD44)))} -> 291.2032 | J44: {=SUM((J$1>='Gastos com Pessoal'!$F$7:$F$106)*(J$1<='Gastos com Pessoal'!$G$7:$G$106)*INDIRECT(CONCATENATE("'Encargos e Benefícios'!",$AX44)))+SUM((J$1>='Gastos com Pessoal'!$F$7:$F$106)*(J$1<='Gastos com Pessoal'!$G$7:$G$106)*(IF('Gastos com Pessoal'!$H$7:$H$106<=J$1,1,0))*INDIRECT(CONCATENATE("'Gastos com Pessoal'!",$AZ44)))+SUM((J$1>='Gastos com Pessoal'!$F$7:$F$106)*(J$1<='Gastos com Pessoal'!$G$7:$G$106)*(IF('Gastos com Pessoal'!$M$7:$M$106<=J$1,1,0))*INDIRECT(CONCATENATE("'Gastos com Pessoal'!",$BB44)))+SUM((J$1>='Gastos com Pessoal'!$F$7:$F$106)*(J$1<='Gastos com Pessoal'!$G$7:$G$106)*(IF('Gastos com Pessoal'!$R$7:$R$106<=J$1,1,0))*INDIRECT(CONCATENATE("'Gastos com Pessoal'!",$BD44)))} -> 291.2032 | ... AL44: {=SUM((AL$1>='Gastos com Pessoal'!$F$7:$F$106)*(AL$1<='Gastos com Pessoal'!$G$7:$G$106)*INDIRECT(CONCATENATE("'Encargos e Benefícios'!",$AX44)))+SUM((AL$1>='Gastos com Pessoal'!$F$7:$F$106)*(AL$1<='Gastos com Pessoal'!$G$7:$G$106)*(IF('Gastos com Pessoal'!$H$7:$H$106<=AL$1,1,0))*INDIRECT(CONCATENATE("'Gastos com Pessoal'!",$AZ44)))+SUM((AL$1>='Gastos com Pessoal'!$F$7:$F$106)*(AL$1<='Gastos com Pessoal'!$G$7:$G$106)*(IF('Gastos com Pessoal'!$M$7:$M$106<=AL$1,1,0))*INDIRECT(CONCATENATE("'Gastos com Pessoal'!",$BB44)))+SUM((AL$1>='Gastos com Pessoal'!$F$7:$F$106)*(AL$1<='Gastos com Pessoal'!$G$7:$G$106)*(IF('Gastos com Pessoal'!$R$7:$R$106<=AL$1,1,0))*INDIRECT(CONCATENATE("'Gastos com Pessoal'!",$BD44)))} -> 0 | AM44: =SUM(C44:AL44) -> 7000.6403 | AN44: =IF($AM$133=0,0,AM44/$AM$133) -> 0.0018235572 | AX44: =IF(ISNA('Encargos e Benefícios'!AA1),"$ZZ$6:$ZZ$105",'Encargos e Benefícios'!AA1) -> $Q$6:$Q$105 | AZ44: =IF(ISNA('Gastos com Pessoal'!AU1),"$ZZ$6:$ZZ$105",'Gastos com Pessoal'!AU1) -> $K$7:$K$106 | BB44: =IF(ISNA('Gastos com Pessoal'!AY1),"$ZZ$6:$ZZ$105",'Gastos com Pessoal'!AY1) -> $P$7:$P$106 | BD44: =IF(ISNA('Gastos com Pessoal'!BC1),"$ZZ$6:$ZZ$105",'Gastos com Pessoal'!BC1) -> $ZZ$6:$ZZ$105
A45: 2.1.4.2 | B45: Vale Alimentação | C45: {=SUM((C$1>='Gastos com Pessoal'!$F$7:$F$106)*(C$1<='Gastos com Pessoal'!$G$7:$G$106)*INDIRECT(CONCATENATE("'Encargos e Benefícios'!",$AX45)))+SUM((C$1>='Gastos com Pessoal'!$F$113:$F$122)*(C$1<='Gastos com Pessoal'!$G$113:$G$122)*INDIRECT(CONCATENATE("'Encargos e Benefícios'!",$AY45)))+SUM((C$1>='Gastos com Pessoal'!$F$7:$F$106)*(C$1<='Gastos com Pessoal'!$G$7:$G$106)*(IF('Gastos com Pessoal'!$H$7:$H$106<=C$1,1,0))*INDIRECT(CONCATENATE("'Gastos com Pessoal'!",$AZ45)))+SUM((C$1>='Gastos com Pessoal'!$F$113:$F$122)*(C$1<='Gastos com Pessoal'!$G$113:$G$122)*(IF('Gastos com Pessoal'!$H$113:$H$122<=C$1,1,0))*INDIRECT(CONCATENATE("'Gastos com Pessoal'!",$BA45)))+SUM((C$1>='Gastos com Pessoal'!$F$7:$F$106)*(C$1<='Gastos com Pessoal'!$G$7:$G$106)*(IF('Gastos com Pessoal'!$M$7:$M$106<=C$1,1,0))*INDIRECT(CONCATENATE("'Gastos com Pessoal'!",$BB45)))+SUM((C$1>='Gastos com Pessoal'!$F$113:$F$122)*(C$1<='Gastos com Pessoal'!$G$113:$G$122)*(IF('Gastos com Pessoal'!$M$113:$M$122<=C$1,1,0))*INDIRECT(CONCATENATE("'Gastos com Pessoal'!",$BC45)))+SUM((C$1>='Gastos com Pessoal'!$F$7:$F$106)*(C$1<='Gastos com Pessoal'!$G$7:$G$106)*(IF('Gastos com Pessoal'!$R$7:$R$106<=C$1,1,0))*INDIRECT(CONCATENATE("'Gastos com Pessoal'!",$BD45)))+SUM((C$1>='Gastos com Pessoal'!$F$113:$F$122)*(C$1<='Gastos com Pessoal'!$G$113:$G$122)*(IF('Gastos com Pessoal'!$R$113:$R$122<=C$1,1,0))*INDIRECT(CONCATENATE("'Gastos com Pessoal'!",$BE45)))} -> 3287.68 | D45: {=SUM((D$1>='Gastos com Pessoal'!$F$7:$F$106)*(D$1<='Gastos com Pessoal'!$G$7:$G$106)*INDIRECT(CONCATENATE("'Encargos e Benefícios'!",$AX45)))+SUM((D$1>='Gastos com Pessoal'!$F$113:$F$122)*(D$1<='Gastos com Pessoal'!$G$113:$G$122)*INDIRECT(CONCATENATE("'Encargos e Benefícios'!",$AY45)))+SUM((D$1>='Gastos com Pessoal'!$F$7:$F$106)*(D$1<='Gastos com Pessoal'!$G$7:$G$106)*(IF('Gastos com Pessoal'!$H$7:$H$106<=D$1,1,0))*INDIRECT(CONCATENATE("'Gastos com Pessoal'!",$AZ45)))+SUM((D$1>='Gastos com Pessoal'!$F$113:$F$122)*(D$1<='Gastos com Pessoal'!$G$113:$G$122)*(IF('Gastos com Pessoal'!$H$113:$H$122<=D$1,1,0))*INDIRECT(CONCATENATE("'Gastos com Pessoal'!",$BA45)))+SUM((D$1>='Gastos com Pessoal'!$F$7:$F$106)*(D$1<='Gastos com Pessoal'!$G$7:$G$106)*(IF('Gastos com Pessoal'!$M$7:$M$106<=D$1,1,0))*INDIRECT(CONCATENATE("'Gastos com Pessoal'!",$BB45)))+SUM((D$1>='Gastos com Pessoal'!$F$113:$F$122)*(D$1<='Gastos com Pessoal'!$G$113:$G$122)*(IF('Gastos com Pessoal'!$M$113:$M$122<=D$1,1,0))*INDIRECT(CONCATENATE("'Gastos com Pessoal'!",$BC45)))+SUM((D$1>='Gastos com Pessoal'!$F$7:$F$106)*(D$1<='Gastos com Pessoal'!$G$7:$G$106)*(IF('Gastos com Pessoal'!$R$7:$R$106<=D$1,1,0))*INDIRECT(CONCATENATE("'Gastos com Pessoal'!",$BD45)))+SUM((D$1>='Gastos com Pessoal'!$F$113:$F$122)*(D$1<='Gastos com Pessoal'!$G$113:$G$122)*(IF('Gastos com Pessoal'!$R$113:$R$122<=D$1,1,0))*INDIRECT(CONCATENATE("'Gastos com Pessoal'!",$BE45)))} -> 3287.68 | E45: {=SUM((E$1>='Gastos com Pessoal'!$F$7:$F$106)*(E$1<='Gastos com Pessoal'!$G$7:$G$106)*INDIRECT(CONCATENATE("'Encargos e Benefícios'!",$AX45)))+SUM((E$1>='Gastos com Pessoal'!$F$113:$F$122)*(E$1<='Gastos com Pessoal'!$G$113:$G$122)*INDIRECT(CONCATENATE("'Encargos e Benefícios'!",$AY45)))+SUM((E$1>='Gastos com Pessoal'!$F$7:$F$106)*(E$1<='Gastos com Pessoal'!$G$7:$G$106)*(IF('Gastos com Pessoal'!$H$7:$H$106<=E$1,1,0))*INDIRECT(CONCATENATE("'Gastos com Pessoal'!",$AZ45)))+SUM((E$1>='Gastos com Pessoal'!$F$113:$F$122)*(E$1<='Gastos com Pessoal'!$G$113:$G$122)*(IF('Gastos com Pessoal'!$H$113:$H$122<=E$1,1,0))*INDIRECT(CONCATENATE("'Gastos com Pessoal'!",$BA45)))+SUM((E$1>='Gastos com Pessoal'!$F$7:$F$106)*(E$1<='Gastos com Pessoal'!$G$7:$G$106)*(IF('Gastos com Pessoal'!$M$7:$M$106<=E$1,1,0))*INDIRECT(CONCATENATE("'Gastos com Pessoal'!",$BB45)))+SUM((E$1>='Gastos com Pessoal'!$F$113:$F$122)*(E$1<='Gastos com Pessoal'!$G$113:$G$122)*(IF('Gastos com Pessoal'!$M$113:$M$122<=E$1,1,0))*INDIRECT(CONCATENATE("'Gastos com Pessoal'!",$BC45)))+SUM((E$1>='Gastos com Pessoal'!$F$7:$F$106)*(E$1<='Gastos com Pessoal'!$G$7:$G$106)*(IF('Gastos com Pessoal'!$R$7:$R$106<=E$1,1,0))*INDIRECT(CONCATENATE("'Gastos com Pessoal'!",$BD45)))+SUM((E$1>='Gastos com Pessoal'!$F$113:$F$122)*(E$1<='Gastos com Pessoal'!$G$113:$G$122)*(IF('Gastos com Pessoal'!$R$113:$R$122<=E$1,1,0))*INDIRECT(CONCATENATE("'Gastos com Pessoal'!",$BE45)))} -> 3287.68 | F45: {=SUM((F$1>='Gastos com Pessoal'!$F$7:$F$106)*(F$1<='Gastos com Pessoal'!$G$7:$G$106)*INDIRECT(CONCATENATE("'Encargos e Benefícios'!",$AX45)))+SUM((F$1>='Gastos com Pessoal'!$F$113:$F$122)*(F$1<='Gastos com Pessoal'!$G$113:$G$122)*INDIRECT(CONCATENATE("'Encargos e Benefícios'!",$AY45)))+SUM((F$1>='Gastos com Pessoal'!$F$7:$F$106)*(F$1<='Gastos com Pessoal'!$G$7:$G$106)*(IF('Gastos com Pessoal'!$H$7:$H$106<=F$1,1,0))*INDIRECT(CONCATENATE("'Gastos com Pessoal'!",$AZ45)))+SUM((F$1>='Gastos com Pessoal'!$F$113:$F$122)*(F$1<='Gastos com Pessoal'!$G$113:$G$122)*(IF('Gastos com Pessoal'!$H$113:$H$122<=F$1,1,0))*INDIRECT(CONCATENATE("'Gastos com Pessoal'!",$BA45)))+SUM((F$1>='Gastos com Pessoal'!$F$7:$F$106)*(F$1<='Gastos com Pessoal'!$G$7:$G$106)*(IF('Gastos com Pessoal'!$M$7:$M$106<=F$1,1,0))*INDIRECT(CONCATENATE("'Gastos com Pessoal'!",$BB45)))+SUM((F$1>='Gastos com Pessoal'!$F$113:$F$122)*(F$1<='Gastos com Pessoal'!$G$113:$G$122)*(IF('Gastos com Pessoal'!$M$113:$M$122<=F$1,1,0))*INDIRECT(CONCATENATE("'Gastos com Pessoal'!",$BC45)))+SUM((F$1>='Gastos com Pessoal'!$F$7:$F$106)*(F$1<='Gastos com Pessoal'!$G$7:$G$106)*(IF('Gastos com Pessoal'!$R$7:$R$106<=F$1,1,0))*INDIRECT(CONCATENATE("'Gastos com Pessoal'!",$BD45)))+SUM((F$1>='Gastos com Pessoal'!$F$113:$F$122)*(F$1<='Gastos com Pessoal'!$G$113:$G$122)*(IF('Gastos com Pessoal'!$R$113:$R$122<=F$1,1,0))*INDIRECT(CONCATENATE("'Gastos com Pessoal'!",$BE45)))} -> 3287.68 | G45: {=SUM((G$1>='Gastos com Pessoal'!$F$7:$F$106)*(G$1<='Gastos com Pessoal'!$G$7:$G$106)*INDIRECT(CONCATENATE("'Encargos e Benefícios'!",$AX45)))+SUM((G$1>='Gastos com Pessoal'!$F$113:$F$122)*(G$1<='Gastos com Pessoal'!$G$113:$G$122)*INDIRECT(CONCATENATE("'Encargos e Benefícios'!",$AY45)))+SUM((G$1>='Gastos com Pessoal'!$F$7:$F$106)*(G$1<='Gastos com Pessoal'!$G$7:$G$106)*(IF('Gastos com Pessoal'!$H$7:$H$106<=G$1,1,0))*INDIRECT(CONCATENATE("'Gastos com Pessoal'!",$AZ45)))+SUM((G$1>='Gastos com Pessoal'!$F$113:$F$122)*(G$1<='Gastos com Pessoal'!$G$113:$G$122)*(IF('Gastos com Pessoal'!$H$113:$H$122<=G$1,1,0))*INDIRECT(CONCATENATE("'Gastos com Pessoal'!",$BA45)))+SUM((G$1>='Gastos com Pessoal'!$F$7:$F$106)*(G$1<='Gastos com Pessoal'!$G$7:$G$106)*(IF('Gastos com Pessoal'!$M$7:$M$106<=G$1,1,0))*INDIRECT(CONCATENATE("'Gastos com Pessoal'!",$BB45)))+SUM((G$1>='Gastos com Pessoal'!$F$113:$F$122)*(G$1<='Gastos com Pessoal'!$G$113:$G$122)*(IF('Gastos com Pessoal'!$M$113:$M$122<=G$1,1,0))*INDIRECT(CONCATENATE("'Gastos com Pessoal'!",$BC45)))+SUM((G$1>='Gastos com Pessoal'!$F$7:$F$106)*(G$1<='Gastos com Pessoal'!$G$7:$G$106)*(IF('Gastos com Pessoal'!$R$7:$R$106<=G$1,1,0))*INDIRECT(CONCATENATE("'Gastos com Pessoal'!",$BD45)))+SUM((G$1>='Gastos com Pessoal'!$F$113:$F$122)*(G$1<='Gastos com Pessoal'!$G$113:$G$122)*(IF('Gastos com Pessoal'!$R$113:$R$122<=G$1,1,0))*INDIRECT(CONCATENATE("'Gastos com Pessoal'!",$BE45)))} -> 3320.5568 | H45: {=SUM((H$1>='Gastos com Pessoal'!$F$7:$F$106)*(H$1<='Gastos com Pessoal'!$G$7:$G$106)*INDIRECT(CONCATENATE("'Encargos e Benefícios'!",$AX45)))+SUM((H$1>='Gastos com Pessoal'!$F$113:$F$122)*(H$1<='Gastos com Pessoal'!$G$113:$G$122)*INDIRECT(CONCATENATE("'Encargos e Benefícios'!",$AY45)))+SUM((H$1>='Gastos com Pessoal'!$F$7:$F$106)*(H$1<='Gastos com Pessoal'!$G$7:$G$106)*(IF('Gastos com Pessoal'!$H$7:$H$106<=H$1,1,0))*INDIRECT(CONCATENATE("'Gastos com Pessoal'!",$AZ45)))+SUM((H$1>='Gastos com Pessoal'!$F$113:$F$122)*(H$1<='Gastos com Pessoal'!$G$113:$G$122)*(IF('Gastos com Pessoal'!$H$113:$H$122<=H$1,1,0))*INDIRECT(CONCATENATE("'Gastos com Pessoal'!",$BA45)))+SUM((H$1>='Gastos com Pessoal'!$F$7:$F$106)*(H$1<='Gastos com Pessoal'!$G$7:$G$106)*(IF('Gastos com Pessoal'!$M$7:$M$106<=H$1,1,0))*INDIRECT(CONCATENATE("'Gastos com Pessoal'!",$BB45)))+SUM((H$1>='Gastos com Pessoal'!$F$113:$F$122)*(H$1<='Gastos com Pessoal'!$G$113:$G$122)*(IF('Gastos com Pessoal'!$M$113:$M$122<=H$1,1,0))*INDIRECT(CONCATENATE("'Gastos com Pessoal'!",$BC45)))+SUM((H$1>='Gastos com Pessoal'!$F$7:$F$106)*(H$1<='Gastos com Pessoal'!$G$7:$G$106)*(IF('Gastos com Pessoal'!$R$7:$R$106<=H$1,1,0))*INDIRECT(CONCATENATE("'Gastos com Pessoal'!",$BD45)))+SUM((H$1>='Gastos com Pessoal'!$F$113:$F$122)*(H$1<='Gastos com Pessoal'!$G$113:$G$122)*(IF('Gastos com Pessoal'!$R$113:$R$122<=H$1,1,0))*INDIRECT(CONCATENATE("'Gastos com Pessoal'!",$BE45)))} -> 3320.5568 | I45: {=SUM((I$1>='Gastos com Pessoal'!$F$7:$F$106)*(I$1<='Gastos com Pessoal'!$G$7:$G$106)*INDIRECT(CONCATENATE("'Encargos e Benefícios'!",$AX45)))+SUM((I$1>='Gastos com Pessoal'!$F$113:$F$122)*(I$1<='Gastos com Pessoal'!$G$113:$G$122)*INDIRECT(CONCATENATE("'Encargos e Benefícios'!",$AY45)))+SUM((I$1>='Gastos com Pessoal'!$F$7:$F$106)*(I$1<='Gastos com Pessoal'!$G$7:$G$106)*(IF('Gastos com Pessoal'!$H$7:$H$106<=I$1,1,0))*INDIRECT(CONCATENATE("'Gastos com Pessoal'!",$AZ45)))+SUM((I$1>='Gastos com Pessoal'!$F$113:$F$122)*(I$1<='Gastos com Pessoal'!$G$113:$G$122)*(IF('Gastos com Pessoal'!$H$113:$H$122<=I$1,1,0))*INDIRECT(CONCATENATE("'Gastos com Pessoal'!",$BA45)))+SUM((I$1>='Gastos com Pessoal'!$F$7:$F$106)*(I$1<='Gastos com Pessoal'!$G$7:$G$106)*(IF('Gastos com Pessoal'!$M$7:$M$106<=I$1,1,0))*INDIRECT(CONCATENATE("'Gastos com Pessoal'!",$BB45)))+SUM((I$1>='Gastos com Pessoal'!$F$113:$F$122)*(I$1<='Gastos com Pessoal'!$G$113:$G$122)*(IF('Gastos com Pessoal'!$M$113:$M$122<=I$1,1,0))*INDIRECT(CONCATENATE("'Gastos com Pessoal'!",$BC45)))+SUM((I$1>='Gastos com Pessoal'!$F$7:$F$106)*(I$1<='Gastos com Pessoal'!$G$7:$G$106)*(IF('Gastos com Pessoal'!$R$7:$R$106<=I$1,1,0))*INDIRECT(CONCATENATE("'Gastos com Pessoal'!",$BD45)))+SUM((I$1>='Gastos com Pessoal'!$F$113:$F$122)*(I$1<='Gastos com Pessoal'!$G$113:$G$122)*(IF('Gastos com Pessoal'!$R$113:$R$122<=I$1,1,0))*INDIRECT(CONCATENATE("'Gastos com Pessoal'!",$BE45)))} -> 3320.5568 | J45: {=SUM((J$1>='Gastos com Pessoal'!$F$7:$F$106)*(J$1<='Gastos com Pessoal'!$G$7:$G$106)*INDIRECT(CONCATENATE("'Encargos e Benefícios'!",$AX45)))+SUM((J$1>='Gastos com Pessoal'!$F$113:$F$122)*(J$1<='Gastos com Pessoal'!$G$113:$G$122)*INDIRECT(CONCATENATE("'Encargos e Benefícios'!",$AY45)))+SUM((J$1>='Gastos com Pessoal'!$F$7:$F$106)*(J$1<='Gastos com Pessoal'!$G$7:$G$106)*(IF('Gastos com Pessoal'!$H$7:$H$106<=J$1,1,0))*INDIRECT(CONCATENATE("'Gastos com Pessoal'!",$AZ45)))+SUM((J$1>='Gastos com Pessoal'!$F$113:$F$122)*(J$1<='Gastos com Pessoal'!$G$113:$G$122)*(IF('Gastos com Pessoal'!$H$113:$H$122<=J$1,1,0))*INDIRECT(CONCATENATE("'Gastos com Pessoal'!",$BA45)))+SUM((J$1>='Gastos com Pessoal'!$F$7:$F$106)*(J$1<='Gastos com Pessoal'!$G$7:$G$106)*(IF('Gastos com Pessoal'!$M$7:$M$106<=J$1,1,0))*INDIRECT(CONCATENATE("'Gastos com Pessoal'!",$BB45)))+SUM((J$1>='Gastos com Pessoal'!$F$113:$F$122)*(J$1<='Gastos com Pessoal'!$G$113:$G$122)*(IF('Gastos com Pessoal'!$M$113:$M$122<=J$1,1,0))*INDIRECT(CONCATENATE("'Gastos com Pessoal'!",$BC45)))+SUM((J$1>='Gastos com Pessoal'!$F$7:$F$106)*(J$1<='Gastos com Pessoal'!$G$7:$G$106)*(IF('Gastos com Pessoal'!$R$7:$R$106<=J$1,1,0))*INDIRECT(CONCATENATE("'Gastos com Pessoal'!",$BD45)))+SUM((J$1>='Gastos com Pessoal'!$F$113:$F$122)*(J$1<='Gastos com Pessoal'!$G$113:$G$122)*(IF('Gastos com Pessoal'!$R$113:$R$122<=J$1,1,0))*INDIRECT(CONCATENATE("'Gastos com Pessoal'!",$BE45)))} -> 3320.5568 | ... AL45: {=SUM((AL$1>='Gastos com Pessoal'!$F$7:$F$106)*(AL$1<='Gastos com Pessoal'!$G$7:$G$106)*INDIRECT(CONCATENATE("'Encargos e Benefícios'!",$AX45)))+SUM((AL$1>='Gastos com Pessoal'!$F$113:$F$122)*(AL$1<='Gastos com Pessoal'!$G$113:$G$122)*INDIRECT(CONCATENATE("'Encargos e Benefícios'!",$AY45)))+SUM((AL$1>='Gastos com Pessoal'!$F$7:$F$106)*(AL$1<='Gastos com Pessoal'!$G$7:$G$106)*(IF('Gastos com Pessoal'!$H$7:$H$106<=AL$1,1,0))*INDIRECT(CONCATENATE("'Gastos com Pessoal'!",$AZ45)))+SUM((AL$1>='Gastos com Pessoal'!$F$113:$F$122)*(AL$1<='Gastos com Pessoal'!$G$113:$G$122)*(IF('Gastos com Pessoal'!$H$113:$H$122<=AL$1,1,0))*INDIRECT(CONCATENATE("'Gastos com Pessoal'!",$BA45)))+SUM((AL$1>='Gastos com Pessoal'!$F$7:$F$106)*(AL$1<='Gastos com Pessoal'!$G$7:$G$106)*(IF('Gastos com Pessoal'!$M$7:$M$106<=AL$1,1,0))*INDIRECT(CONCATENATE("'Gastos com Pessoal'!",$BB45)))+SUM((AL$1>='Gastos com Pessoal'!$F$113:$F$122)*(AL$1<='Gastos com Pessoal'!$G$113:$G$122)*(IF('Gastos com Pessoal'!$M$113:$M$122<=AL$1,1,0))*INDIRECT(CONCATENATE("'Gastos com Pessoal'!",$BC45)))+SUM((AL$1>='Gastos com Pessoal'!$F$7:$F$106)*(AL$1<='Gastos com Pessoal'!$G$7:$G$106)*(IF('Gastos com Pessoal'!$R$7:$R$106<=AL$1,1,0))*INDIRECT(CONCATENATE("'Gastos com Pessoal'!",$BD45)))+SUM((AL$1>='Gastos com Pessoal'!$F$113:$F$122)*(AL$1<='Gastos com Pessoal'!$G$113:$G$122)*(IF('Gastos com Pessoal'!$R$113:$R$122<=AL$1,1,0))*INDIRECT(CONCATENATE("'Gastos com Pessoal'!",$BE45)))} -> 0 | AM45: =SUM(C45:AL45) -> 79827.501 | AN45: =IF($AM$133=0,0,AM45/$AM$133) -> 0.020793815 | AW45: Quadruplicada | AX45: =IF(ISNA('Encargos e Benefícios'!AA2),"$ZZ$6:$ZZ$105",'Encargos e Benefícios'!AA2) -> $P$6:$P$105 | AY45: =IF(ISNA('Encargos e Benefícios'!AC2),"$ZZ$112:$ZZ$121",'Encargos e Benefícios'!AC2) -> $ZZ$112:$ZZ$121 | AZ45: =IF(ISNA('Gastos com Pessoal'!AU2),"$ZZ$6:$ZZ$105",'Gastos com Pessoal'!AU2) -> $J$7:$J$106 | BA45: =IF(ISNA('Gastos com Pessoal'!AW2),"$ZZ$112:$ZZ$121",'Gastos com Pessoal'!AW2) -> $ZZ$112:$ZZ$121 | BB45: =IF(ISNA('Gastos com Pessoal'!AY2),"$ZZ$6:$ZZ$105",'Gastos com Pessoal'!AY2) -> $O$7:$O$106 | BC45: =IF(ISNA('Gastos com Pessoal'!BA2),"$ZZ$112:$ZZ$121",'Gastos com Pessoal'!BA2) -> $ZZ$112:$ZZ$121 | BD45: =IF(ISNA('Gastos com Pessoal'!BC2),"$ZZ$6:$ZZ$105",'Gastos com Pessoal'!BC2) -> $ZZ$6:$ZZ$105 | BE45: =IF(ISNA('Gastos com Pessoal'!BE2),"$ZZ$112:$ZZ$121",'Gastos com Pessoal'!BE2) -> $ZZ$112:$ZZ$121
A46: 2.1.4.3 | B46: Plano de Saúde | C46: {=SUM((C$1>='Gastos com Pessoal'!$F$7:$F$106)*(C$1<='Gastos com Pessoal'!$G$7:$G$106)*INDIRECT(CONCATENATE("'Encargos e Benefícios'!",$AX46)))+SUM((C$1>='Gastos com Pessoal'!$F$113:$F$122)*(C$1<='Gastos com Pessoal'!$G$113:$G$122)*INDIRECT(CONCATENATE("'Encargos e Benefícios'!",$AY46)))+SUM((C$1>='Gastos com Pessoal'!$F$7:$F$106)*(C$1<='Gastos com Pessoal'!$G$7:$G$106)*(IF('Gastos com Pessoal'!$H$7:$H$106<=C$1,1,0))*INDIRECT(CONCATENATE("'Gastos com Pessoal'!",$AZ46)))+SUM((C$1>='Gastos com Pessoal'!$F$113:$F$122)*(C$1<='Gastos com Pessoal'!$G$113:$G$122)*(IF('Gastos com Pessoal'!$H$113:$H$122<=C$1,1,0))*INDIRECT(CONCATENATE("'Gastos com Pessoal'!",$BA46)))+SUM((C$1>='Gastos com Pessoal'!$F$7:$F$106)*(C$1<='Gastos com Pessoal'!$G$7:$G$106)*(IF('Gastos com Pessoal'!$M$7:$M$106<=C$1,1,0))*INDIRECT(CONCATENATE("'Gastos com Pessoal'!",$BB46)))+SUM((C$1>='Gastos com Pessoal'!$F$113:$F$122)*(C$1<='Gastos com Pessoal'!$G$113:$G$122)*(IF('Gastos com Pessoal'!$M$113:$M$122<=C$1,1,0))*INDIRECT(CONCATENATE("'Gastos com Pessoal'!",$BC46)))+SUM((C$1>='Gastos com Pessoal'!$F$7:$F$106)*(C$1<='Gastos com Pessoal'!$G$7:$G$106)*(IF('Gastos com Pessoal'!$R$7:$R$106<=C$1,1,0))*INDIRECT(CONCATENATE("'Gastos com Pessoal'!",$BD46)))+SUM((C$1>='Gastos com Pessoal'!$F$113:$F$122)*(C$1<='Gastos com Pessoal'!$G$113:$G$122)*(IF('Gastos com Pessoal'!$R$113:$R$122<=C$1,1,0))*INDIRECT(CONCATENATE("'Gastos com Pessoal'!",$BE46)))} -> 0 | D46: {=SUM((D$1>='Gastos com Pessoal'!$F$7:$F$106)*(D$1<='Gastos com Pessoal'!$G$7:$G$106)*INDIRECT(CONCATENATE("'Encargos e Benefícios'!",$AX46)))+SUM((D$1>='Gastos com Pessoal'!$F$113:$F$122)*(D$1<='Gastos com Pessoal'!$G$113:$G$122)*INDIRECT(CONCATENATE("'Encargos e Benefícios'!",$AY46)))+SUM((D$1>='Gastos com Pessoal'!$F$7:$F$106)*(D$1<='Gastos com Pessoal'!$G$7:$G$106)*(IF('Gastos com Pessoal'!$H$7:$H$106<=D$1,1,0))*INDIRECT(CONCATENATE("'Gastos com Pessoal'!",$AZ46)))+SUM((D$1>='Gastos com Pessoal'!$F$113:$F$122)*(D$1<='Gastos com Pessoal'!$G$113:$G$122)*(IF('Gastos com Pessoal'!$H$113:$H$122<=D$1,1,0))*INDIRECT(CONCATENATE("'Gastos com Pessoal'!",$BA46)))+SUM((D$1>='Gastos com Pessoal'!$F$7:$F$106)*(D$1<='Gastos com Pessoal'!$G$7:$G$106)*(IF('Gastos com Pessoal'!$M$7:$M$106<=D$1,1,0))*INDIRECT(CONCATENATE("'Gastos com Pessoal'!",$BB46)))+SUM((D$1>='Gastos com Pessoal'!$F$113:$F$122)*(D$1<='Gastos com Pessoal'!$G$113:$G$122)*(IF('Gastos com Pessoal'!$M$113:$M$122<=D$1,1,0))*INDIRECT(CONCATENATE("'Gastos com Pessoal'!",$BC46)))+SUM((D$1>='Gastos com Pessoal'!$F$7:$F$106)*(D$1<='Gastos com Pessoal'!$G$7:$G$106)*(IF('Gastos com Pessoal'!$R$7:$R$106<=D$1,1,0))*INDIRECT(CONCATENATE("'Gastos com Pessoal'!",$BD46)))+SUM((D$1>='Gastos com Pessoal'!$F$113:$F$122)*(D$1<='Gastos com Pessoal'!$G$113:$G$122)*(IF('Gastos com Pessoal'!$R$113:$R$122<=D$1,1,0))*INDIRECT(CONCATENATE("'Gastos com Pessoal'!",$BE46)))} -> 0 | E46: {=SUM((E$1>='Gastos com Pessoal'!$F$7:$F$106)*(E$1<='Gastos com Pessoal'!$G$7:$G$106)*INDIRECT(CONCATENATE("'Encargos e Benefícios'!",$AX46)))+SUM((E$1>='Gastos com Pessoal'!$F$113:$F$122)*(E$1<='Gastos com Pessoal'!$G$113:$G$122)*INDIRECT(CONCATENATE("'Encargos e Benefícios'!",$AY46)))+SUM((E$1>='Gastos com Pessoal'!$F$7:$F$106)*(E$1<='Gastos com Pessoal'!$G$7:$G$106)*(IF('Gastos com Pessoal'!$H$7:$H$106<=E$1,1,0))*INDIRECT(CONCATENATE("'Gastos com Pessoal'!",$AZ46)))+SUM((E$1>='Gastos com Pessoal'!$F$113:$F$122)*(E$1<='Gastos com Pessoal'!$G$113:$G$122)*(IF('Gastos com Pessoal'!$H$113:$H$122<=E$1,1,0))*INDIRECT(CONCATENATE("'Gastos com Pessoal'!",$BA46)))+SUM((E$1>='Gastos com Pessoal'!$F$7:$F$106)*(E$1<='Gastos com Pessoal'!$G$7:$G$106)*(IF('Gastos com Pessoal'!$M$7:$M$106<=E$1,1,0))*INDIRECT(CONCATENATE("'Gastos com Pessoal'!",$BB46)))+SUM((E$1>='Gastos com Pessoal'!$F$113:$F$122)*(E$1<='Gastos com Pessoal'!$G$113:$G$122)*(IF('Gastos com Pessoal'!$M$113:$M$122<=E$1,1,0))*INDIRECT(CONCATENATE("'Gastos com Pessoal'!",$BC46)))+SUM((E$1>='Gastos com Pessoal'!$F$7:$F$106)*(E$1<='Gastos com Pessoal'!$G$7:$G$106)*(IF('Gastos com Pessoal'!$R$7:$R$106<=E$1,1,0))*INDIRECT(CONCATENATE("'Gastos com Pessoal'!",$BD46)))+SUM((E$1>='Gastos com Pessoal'!$F$113:$F$122)*(E$1<='Gastos com Pessoal'!$G$113:$G$122)*(IF('Gastos com Pessoal'!$R$113:$R$122<=E$1,1,0))*INDIRECT(CONCATENATE("'Gastos com Pessoal'!",$BE46)))} -> 0 | F46: {=SUM((F$1>='Gastos com Pessoal'!$F$7:$F$106)*(F$1<='Gastos com Pessoal'!$G$7:$G$106)*INDIRECT(CONCATENATE("'Encargos e Benefícios'!",$AX46)))+SUM((F$1>='Gastos com Pessoal'!$F$113:$F$122)*(F$1<='Gastos com Pessoal'!$G$113:$G$122)*INDIRECT(CONCATENATE("'Encargos e Benefícios'!",$AY46)))+SUM((F$1>='Gastos com Pessoal'!$F$7:$F$106)*(F$1<='Gastos com Pessoal'!$G$7:$G$106)*(IF('Gastos com Pessoal'!$H$7:$H$106<=F$1,1,0))*INDIRECT(CONCATENATE("'Gastos com Pessoal'!",$AZ46)))+SUM((F$1>='Gastos com Pessoal'!$F$113:$F$122)*(F$1<='Gastos com Pessoal'!$G$113:$G$122)*(IF('Gastos com Pessoal'!$H$113:$H$122<=F$1,1,0))*INDIRECT(CONCATENATE("'Gastos com Pessoal'!",$BA46)))+SUM((F$1>='Gastos com Pessoal'!$F$7:$F$106)*(F$1<='Gastos com Pessoal'!$G$7:$G$106)*(IF('Gastos com Pessoal'!$M$7:$M$106<=F$1,1,0))*INDIRECT(CONCATENATE("'Gastos com Pessoal'!",$BB46)))+SUM((F$1>='Gastos com Pessoal'!$F$113:$F$122)*(F$1<='Gastos com Pessoal'!$G$113:$G$122)*(IF('Gastos com Pessoal'!$M$113:$M$122<=F$1,1,0))*INDIRECT(CONCATENATE("'Gastos com Pessoal'!",$BC46)))+SUM((F$1>='Gastos com Pessoal'!$F$7:$F$106)*(F$1<='Gastos com Pessoal'!$G$7:$G$106)*(IF('Gastos com Pessoal'!$R$7:$R$106<=F$1,1,0))*INDIRECT(CONCATENATE("'Gastos com Pessoal'!",$BD46)))+SUM((F$1>='Gastos com Pessoal'!$F$113:$F$122)*(F$1<='Gastos com Pessoal'!$G$113:$G$122)*(IF('Gastos com Pessoal'!$R$113:$R$122<=F$1,1,0))*INDIRECT(CONCATENATE("'Gastos com Pessoal'!",$BE46)))} -> 0 | G46: {=SUM((G$1>='Gastos com Pessoal'!$F$7:$F$106)*(G$1<='Gastos com Pessoal'!$G$7:$G$106)*INDIRECT(CONCATENATE("'Encargos e Benefícios'!",$AX46)))+SUM((G$1>='Gastos com Pessoal'!$F$113:$F$122)*(G$1<='Gastos com Pessoal'!$G$113:$G$122)*INDIRECT(CONCATENATE("'Encargos e Benefícios'!",$AY46)))+SUM((G$1>='Gastos com Pessoal'!$F$7:$F$106)*(G$1<='Gastos com Pessoal'!$G$7:$G$106)*(IF('Gastos com Pessoal'!$H$7:$H$106<=G$1,1,0))*INDIRECT(CONCATENATE("'Gastos com Pessoal'!",$AZ46)))+SUM((G$1>='Gastos com Pessoal'!$F$113:$F$122)*(G$1<='Gastos com Pessoal'!$G$113:$G$122)*(IF('Gastos com Pessoal'!$H$113:$H$122<=G$1,1,0))*INDIRECT(CONCATENATE("'Gastos com Pessoal'!",$BA46)))+SUM((G$1>='Gastos com Pessoal'!$F$7:$F$106)*(G$1<='Gastos com Pessoal'!$G$7:$G$106)*(IF('Gastos com Pessoal'!$M$7:$M$106<=G$1,1,0))*INDIRECT(CONCATENATE("'Gastos com Pessoal'!",$BB46)))+SUM((G$1>='Gastos com Pessoal'!$F$113:$F$122)*(G$1<='Gastos com Pessoal'!$G$113:$G$122)*(IF('Gastos com Pessoal'!$M$113:$M$122<=G$1,1,0))*INDIRECT(CONCATENATE("'Gastos com Pessoal'!",$BC46)))+SUM((G$1>='Gastos com Pessoal'!$F$7:$F$106)*(G$1<='Gastos com Pessoal'!$G$7:$G$106)*(IF('Gastos com Pessoal'!$R$7:$R$106<=G$1,1,0))*INDIRECT(CONCATENATE("'Gastos com Pessoal'!",$BD46)))+SUM((G$1>='Gastos com Pessoal'!$F$113:$F$122)*(G$1<='Gastos com Pessoal'!$G$113:$G$122)*(IF('Gastos com Pessoal'!$R$113:$R$122<=G$1,1,0))*INDIRECT(CONCATENATE("'Gastos com Pessoal'!",$BE46)))} -> 0 | H46: {=SUM((H$1>='Gastos com Pessoal'!$F$7:$F$106)*(H$1<='Gastos com Pessoal'!$G$7:$G$106)*INDIRECT(CONCATENATE("'Encargos e Benefícios'!",$AX46)))+SUM((H$1>='Gastos com Pessoal'!$F$113:$F$122)*(H$1<='Gastos com Pessoal'!$G$113:$G$122)*INDIRECT(CONCATENATE("'Encargos e Benefícios'!",$AY46)))+SUM((H$1>='Gastos com Pessoal'!$F$7:$F$106)*(H$1<='Gastos com Pessoal'!$G$7:$G$106)*(IF('Gastos com Pessoal'!$H$7:$H$106<=H$1,1,0))*INDIRECT(CONCATENATE("'Gastos com Pessoal'!",$AZ46)))+SUM((H$1>='Gastos com Pessoal'!$F$113:$F$122)*(H$1<='Gastos com Pessoal'!$G$113:$G$122)*(IF('Gastos com Pessoal'!$H$113:$H$122<=H$1,1,0))*INDIRECT(CONCATENATE("'Gastos com Pessoal'!",$BA46)))+SUM((H$1>='Gastos com Pessoal'!$F$7:$F$106)*(H$1<='Gastos com Pessoal'!$G$7:$G$106)*(IF('Gastos com Pessoal'!$M$7:$M$106<=H$1,1,0))*INDIRECT(CONCATENATE("'Gastos com Pessoal'!",$BB46)))+SUM((H$1>='Gastos com Pessoal'!$F$113:$F$122)*(H$1<='Gastos com Pessoal'!$G$113:$G$122)*(IF('Gastos com Pessoal'!$M$113:$M$122<=H$1,1,0))*INDIRECT(CONCATENATE("'Gastos com Pessoal'!",$BC46)))+SUM((H$1>='Gastos com Pessoal'!$F$7:$F$106)*(H$1<='Gastos com Pessoal'!$G$7:$G$106)*(IF('Gastos com Pessoal'!$R$7:$R$106<=H$1,1,0))*INDIRECT(CONCATENATE("'Gastos com Pessoal'!",$BD46)))+SUM((H$1>='Gastos com Pessoal'!$F$113:$F$122)*(H$1<='Gastos com Pessoal'!$G$113:$G$122)*(IF('Gastos com Pessoal'!$R$113:$R$122<=H$1,1,0))*INDIRECT(CONCATENATE("'Gastos com Pessoal'!",$BE46)))} -> 0 | I46: {=SUM((I$1>='Gastos com Pessoal'!$F$7:$F$106)*(I$1<='Gastos com Pessoal'!$G$7:$G$106)*INDIRECT(CONCATENATE("'Encargos e Benefícios'!",$AX46)))+SUM((I$1>='Gastos com Pessoal'!$F$113:$F$122)*(I$1<='Gastos com Pessoal'!$G$113:$G$122)*INDIRECT(CONCATENATE("'Encargos e Benefícios'!",$AY46)))+SUM((I$1>='Gastos com Pessoal'!$F$7:$F$106)*(I$1<='Gastos com Pessoal'!$G$7:$G$106)*(IF('Gastos com Pessoal'!$H$7:$H$106<=I$1,1,0))*INDIRECT(CONCATENATE("'Gastos com Pessoal'!",$AZ46)))+SUM((I$1>='Gastos com Pessoal'!$F$113:$F$122)*(I$1<='Gastos com Pessoal'!$G$113:$G$122)*(IF('Gastos com Pessoal'!$H$113:$H$122<=I$1,1,0))*INDIRECT(CONCATENATE("'Gastos com Pessoal'!",$BA46)))+SUM((I$1>='Gastos com Pessoal'!$F$7:$F$106)*(I$1<='Gastos com Pessoal'!$G$7:$G$106)*(IF('Gastos com Pessoal'!$M$7:$M$106<=I$1,1,0))*INDIRECT(CONCATENATE("'Gastos com Pessoal'!",$BB46)))+SUM((I$1>='Gastos com Pessoal'!$F$113:$F$122)*(I$1<='Gastos com Pessoal'!$G$113:$G$122)*(IF('Gastos com Pessoal'!$M$113:$M$122<=I$1,1,0))*INDIRECT(CONCATENATE("'Gastos com Pessoal'!",$BC46)))+SUM((I$1>='Gastos com Pessoal'!$F$7:$F$106)*(I$1<='Gastos com Pessoal'!$G$7:$G$106)*(IF('Gastos com Pessoal'!$R$7:$R$106<=I$1,1,0))*INDIRECT(CONCATENATE("'Gastos com Pessoal'!",$BD46)))+SUM((I$1>='Gastos com Pessoal'!$F$113:$F$122)*(I$1<='Gastos com Pessoal'!$G$113:$G$122)*(IF('Gastos com Pessoal'!$R$113:$R$122<=I$1,1,0))*INDIRECT(CONCATENATE("'Gastos com Pessoal'!",$BE46)))} -> 0 | J46: {=SUM((J$1>='Gastos com Pessoal'!$F$7:$F$106)*(J$1<='Gastos com Pessoal'!$G$7:$G$106)*INDIRECT(CONCATENATE("'Encargos e Benefícios'!",$AX46)))+SUM((J$1>='Gastos com Pessoal'!$F$113:$F$122)*(J$1<='Gastos com Pessoal'!$G$113:$G$122)*INDIRECT(CONCATENATE("'Encargos e Benefícios'!",$AY46)))+SUM((J$1>='Gastos com Pessoal'!$F$7:$F$106)*(J$1<='Gastos com Pessoal'!$G$7:$G$106)*(IF('Gastos com Pessoal'!$H$7:$H$106<=J$1,1,0))*INDIRECT(CONCATENATE("'Gastos com Pessoal'!",$AZ46)))+SUM((J$1>='Gastos com Pessoal'!$F$113:$F$122)*(J$1<='Gastos com Pessoal'!$G$113:$G$122)*(IF('Gastos com Pessoal'!$H$113:$H$122<=J$1,1,0))*INDIRECT(CONCATENATE("'Gastos com Pessoal'!",$BA46)))+SUM((J$1>='Gastos com Pessoal'!$F$7:$F$106)*(J$1<='Gastos com Pessoal'!$G$7:$G$106)*(IF('Gastos com Pessoal'!$M$7:$M$106<=J$1,1,0))*INDIRECT(CONCATENATE("'Gastos com Pessoal'!",$BB46)))+SUM((J$1>='Gastos com Pessoal'!$F$113:$F$122)*(J$1<='Gastos com Pessoal'!$G$113:$G$122)*(IF('Gastos com Pessoal'!$M$113:$M$122<=J$1,1,0))*INDIRECT(CONCATENATE("'Gastos com Pessoal'!",$BC46)))+SUM((J$1>='Gastos com Pessoal'!$F$7:$F$106)*(J$1<='Gastos com Pessoal'!$G$7:$G$106)*(IF('Gastos com Pessoal'!$R$7:$R$106<=J$1,1,0))*INDIRECT(CONCATENATE("'Gastos com Pessoal'!",$BD46)))+SUM((J$1>='Gastos com Pessoal'!$F$113:$F$122)*(J$1<='Gastos com Pessoal'!$G$113:$G$122)*(IF('Gastos com Pessoal'!$R$113:$R$122<=J$1,1,0))*INDIRECT(CONCATENATE("'Gastos com Pessoal'!",$BE46)))} -> 0 | ... AL46: {=SUM((AL$1>='Gastos com Pessoal'!$F$7:$F$106)*(AL$1<='Gastos com Pessoal'!$G$7:$G$106)*INDIRECT(CONCATENATE("'Encargos e Benefícios'!",$AX46)))+SUM((AL$1>='Gastos com Pessoal'!$F$113:$F$122)*(AL$1<='Gastos com Pessoal'!$G$113:$G$122)*INDIRECT(CONCATENATE("'Encargos e Benefícios'!",$AY46)))+SUM((AL$1>='Gastos com Pessoal'!$F$7:$F$106)*(AL$1<='Gastos com Pessoal'!$G$7:$G$106)*(IF('Gastos com Pessoal'!$H$7:$H$106<=AL$1,1,0))*INDIRECT(CONCATENATE("'Gastos com Pessoal'!",$AZ46)))+SUM((AL$1>='Gastos com Pessoal'!$F$113:$F$122)*(AL$1<='Gastos com Pessoal'!$G$113:$G$122)*(IF('Gastos com Pessoal'!$H$113:$H$122<=AL$1,1,0))*INDIRECT(CONCATENATE("'Gastos com Pessoal'!",$BA46)))+SUM((AL$1>='Gastos com Pessoal'!$F$7:$F$106)*(AL$1<='Gastos com Pessoal'!$G$7:$G$106)*(IF('Gastos com Pessoal'!$M$7:$M$106<=AL$1,1,0))*INDIRECT(CONCATENATE("'Gastos com Pessoal'!",$BB46)))+SUM((AL$1>='Gastos com Pessoal'!$F$113:$F$122)*(AL$1<='Gastos com Pessoal'!$G$113:$G$122)*(IF('Gastos com Pessoal'!$M$113:$M$122<=AL$1,1,0))*INDIRECT(CONCATENATE("'Gastos com Pessoal'!",$BC46)))+SUM((AL$1>='Gastos com Pessoal'!$F$7:$F$106)*(AL$1<='Gastos com Pessoal'!$G$7:$G$106)*(IF('Gastos com Pessoal'!$R$7:$R$106<=AL$1,1,0))*INDIRECT(CONCATENATE("'Gastos com Pessoal'!",$BD46)))+SUM((AL$1>='Gastos com Pessoal'!$F$113:$F$122)*(AL$1<='Gastos com Pessoal'!$G$113:$G$122)*(IF('Gastos com Pessoal'!$R$113:$R$122<=AL$1,1,0))*INDIRECT(CONCATENATE("'Gastos com Pessoal'!",$BE46)))} -> 0 | AM46: =SUM(C46:AL46) -> 0 | AN46: =IF($AM$133=0,0,AM46/$AM$133) -> 0 | AW46: Quadruplicada | AX46: =IF(ISNA('Encargos e Benefícios'!AA3),"$ZZ$6:$ZZ$105",'Encargos e Benefícios'!AA3) -> $ZZ$6:$ZZ$105 | AY46: =IF(ISNA('Encargos e Benefícios'!AC3),"$ZZ$112:$ZZ$121",'Encargos e Benefícios'!AC3) -> $ZZ$112:$ZZ$121 | AZ46: =IF(ISNA('Gastos com Pessoal'!AU3),"$ZZ$6:$ZZ$105",'Gastos com Pessoal'!AU3) -> $ZZ$6:$ZZ$105 | BA46: =IF(ISNA('Gastos com Pessoal'!AW3),"$ZZ$112:$ZZ$121",'Gastos com Pessoal'!AW3) -> $ZZ$112:$ZZ$121 | BB46: =IF(ISNA('Gastos com Pessoal'!AY3),"$ZZ$6:$ZZ$105",'Gastos com Pessoal'!AY3) -> $ZZ$6:$ZZ$105 | BC46: =IF(ISNA('Gastos com Pessoal'!BA3),"$ZZ$112:$ZZ$121",'Gastos com Pessoal'!BA3) -> $ZZ$112:$ZZ$121 | BD46: =IF(ISNA('Gastos com Pessoal'!BC3),"$ZZ$6:$ZZ$105",'Gastos com Pessoal'!BC3) -> $ZZ$6:$ZZ$105 | BE46: =IF(ISNA('Gastos com Pessoal'!BE3),"$ZZ$112:$ZZ$121",'Gastos com Pessoal'!BE3) -> $ZZ$112:$ZZ$121
A47: 2.1.4.4 | B47: Seguro de Vida | C47: {=SUM((C$1>='Gastos com Pessoal'!$F$7:$F$106)*(C$1<='Gastos com Pessoal'!$G$7:$G$106)*INDIRECT(CONCATENATE("'Encargos e Benefícios'!",$AX47)))+SUM((C$1>='Gastos com Pessoal'!$F$113:$F$122)*(C$1<='Gastos com Pessoal'!$G$113:$G$122)*INDIRECT(CONCATENATE("'Encargos e Benefícios'!",$AY47)))+SUM((C$1>='Gastos com Pessoal'!$F$7:$F$106)*(C$1<='Gastos com Pessoal'!$G$7:$G$106)*(IF('Gastos com Pessoal'!$H$7:$H$106<=C$1,1,0))*INDIRECT(CONCATENATE("'Gastos com Pessoal'!",$AZ47)))+SUM((C$1>='Gastos com Pessoal'!$F$113:$F$122)*(C$1<='Gastos com Pessoal'!$G$113:$G$122)*(IF('Gastos com Pessoal'!$H$113:$H$122<=C$1,1,0))*INDIRECT(CONCATENATE("'Gastos com Pessoal'!",$BA47)))+SUM((C$1>='Gastos com Pessoal'!$F$7:$F$106)*(C$1<='Gastos com Pessoal'!$G$7:$G$106)*(IF('Gastos com Pessoal'!$M$7:$M$106<=C$1,1,0))*INDIRECT(CONCATENATE("'Gastos com Pessoal'!",$BB47)))+SUM((C$1>='Gastos com Pessoal'!$F$113:$F$122)*(C$1<='Gastos com Pessoal'!$G$113:$G$122)*(IF('Gastos com Pessoal'!$M$113:$M$122<=C$1,1,0))*INDIRECT(CONCATENATE("'Gastos com Pessoal'!",$BC47)))+SUM((C$1>='Gastos com Pessoal'!$F$7:$F$106)*(C$1<='Gastos com Pessoal'!$G$7:$G$106)*(IF('Gastos com Pessoal'!$R$7:$R$106<=C$1,1,0))*INDIRECT(CONCATENATE("'Gastos com Pessoal'!",$BD47)))+SUM((C$1>='Gastos com Pessoal'!$F$113:$F$122)*(C$1<='Gastos com Pessoal'!$G$113:$G$122)*(IF('Gastos com Pessoal'!$R$113:$R$122<=C$1,1,0))*INDIRECT(CONCATENATE("'Gastos com Pessoal'!",$BE47)))} -> 160 | D47: {=SUM((D$1>='Gastos com Pessoal'!$F$7:$F$106)*(D$1<='Gastos com Pessoal'!$G$7:$G$106)*INDIRECT(CONCATENATE("'Encargos e Benefícios'!",$AX47)))+SUM((D$1>='Gastos com Pessoal'!$F$113:$F$122)*(D$1<='Gastos com Pessoal'!$G$113:$G$122)*INDIRECT(CONCATENATE("'Encargos e Benefícios'!",$AY47)))+SUM((D$1>='Gastos com Pessoal'!$F$7:$F$106)*(D$1<='Gastos com Pessoal'!$G$7:$G$106)*(IF('Gastos com Pessoal'!$H$7:$H$106<=D$1,1,0))*INDIRECT(CONCATENATE("'Gastos com Pessoal'!",$AZ47)))+SUM((D$1>='Gastos com Pessoal'!$F$113:$F$122)*(D$1<='Gastos com Pessoal'!$G$113:$G$122)*(IF('Gastos com Pessoal'!$H$113:$H$122<=D$1,1,0))*INDIRECT(CONCATENATE("'Gastos com Pessoal'!",$BA47)))+SUM((D$1>='Gastos com Pessoal'!$F$7:$F$106)*(D$1<='Gastos com Pessoal'!$G$7:$G$106)*(IF('Gastos com Pessoal'!$M$7:$M$106<=D$1,1,0))*INDIRECT(CONCATENATE("'Gastos com Pessoal'!",$BB47)))+SUM((D$1>='Gastos com Pessoal'!$F$113:$F$122)*(D$1<='Gastos com Pessoal'!$G$113:$G$122)*(IF('Gastos com Pessoal'!$M$113:$M$122<=D$1,1,0))*INDIRECT(CONCATENATE("'Gastos com Pessoal'!",$BC47)))+SUM((D$1>='Gastos com Pessoal'!$F$7:$F$106)*(D$1<='Gastos com Pessoal'!$G$7:$G$106)*(IF('Gastos com Pessoal'!$R$7:$R$106<=D$1,1,0))*INDIRECT(CONCATENATE("'Gastos com Pessoal'!",$BD47)))+SUM((D$1>='Gastos com Pessoal'!$F$113:$F$122)*(D$1<='Gastos com Pessoal'!$G$113:$G$122)*(IF('Gastos com Pessoal'!$R$113:$R$122<=D$1,1,0))*INDIRECT(CONCATENATE("'Gastos com Pessoal'!",$BE47)))} -> 440 | E47: {=SUM((E$1>='Gastos com Pessoal'!$F$7:$F$106)*(E$1<='Gastos com Pessoal'!$G$7:$G$106)*INDIRECT(CONCATENATE("'Encargos e Benefícios'!",$AX47)))+SUM((E$1>='Gastos com Pessoal'!$F$113:$F$122)*(E$1<='Gastos com Pessoal'!$G$113:$G$122)*INDIRECT(CONCATENATE("'Encargos e Benefícios'!",$AY47)))+SUM((E$1>='Gastos com Pessoal'!$F$7:$F$106)*(E$1<='Gastos com Pessoal'!$G$7:$G$106)*(IF('Gastos com Pessoal'!$H$7:$H$106<=E$1,1,0))*INDIRECT(CONCATENATE("'Gastos com Pessoal'!",$AZ47)))+SUM((E$1>='Gastos com Pessoal'!$F$113:$F$122)*(E$1<='Gastos com Pessoal'!$G$113:$G$122)*(IF('Gastos com Pessoal'!$H$113:$H$122<=E$1,1,0))*INDIRECT(CONCATENATE("'Gastos com Pessoal'!",$BA47)))+SUM((E$1>='Gastos com Pessoal'!$F$7:$F$106)*(E$1<='Gastos com Pessoal'!$G$7:$G$106)*(IF('Gastos com Pessoal'!$M$7:$M$106<=E$1,1,0))*INDIRECT(CONCATENATE("'Gastos com Pessoal'!",$BB47)))+SUM((E$1>='Gastos com Pessoal'!$F$113:$F$122)*(E$1<='Gastos com Pessoal'!$G$113:$G$122)*(IF('Gastos com Pessoal'!$M$113:$M$122<=E$1,1,0))*INDIRECT(CONCATENATE("'Gastos com Pessoal'!",$BC47)))+SUM((E$1>='Gastos com Pessoal'!$F$7:$F$106)*(E$1<='Gastos com Pessoal'!$G$7:$G$106)*(IF('Gastos com Pessoal'!$R$7:$R$106<=E$1,1,0))*INDIRECT(CONCATENATE("'Gastos com Pessoal'!",$BD47)))+SUM((E$1>='Gastos com Pessoal'!$F$113:$F$122)*(E$1<='Gastos com Pessoal'!$G$113:$G$122)*(IF('Gastos com Pessoal'!$R$113:$R$122<=E$1,1,0))*INDIRECT(CONCATENATE("'Gastos com Pessoal'!",$BE47)))} -> 440 | F47: {=SUM((F$1>='Gastos com Pessoal'!$F$7:$F$106)*(F$1<='Gastos com Pessoal'!$G$7:$G$106)*INDIRECT(CONCATENATE("'Encargos e Benefícios'!",$AX47)))+SUM((F$1>='Gastos com Pessoal'!$F$113:$F$122)*(F$1<='Gastos com Pessoal'!$G$113:$G$122)*INDIRECT(CONCATENATE("'Encargos e Benefícios'!",$AY47)))+SUM((F$1>='Gastos com Pessoal'!$F$7:$F$106)*(F$1<='Gastos com Pessoal'!$G$7:$G$106)*(IF('Gastos com Pessoal'!$H$7:$H$106<=F$1,1,0))*INDIRECT(CONCATENATE("'Gastos com Pessoal'!",$AZ47)))+SUM((F$1>='Gastos com Pessoal'!$F$113:$F$122)*(F$1<='Gastos com Pessoal'!$G$113:$G$122)*(IF('Gastos com Pessoal'!$H$113:$H$122<=F$1,1,0))*INDIRECT(CONCATENATE("'Gastos com Pessoal'!",$BA47)))+SUM((F$1>='Gastos com Pessoal'!$F$7:$F$106)*(F$1<='Gastos com Pessoal'!$G$7:$G$106)*(IF('Gastos com Pessoal'!$M$7:$M$106<=F$1,1,0))*INDIRECT(CONCATENATE("'Gastos com Pessoal'!",$BB47)))+SUM((F$1>='Gastos com Pessoal'!$F$113:$F$122)*(F$1<='Gastos com Pessoal'!$G$113:$G$122)*(IF('Gastos com Pessoal'!$M$113:$M$122<=F$1,1,0))*INDIRECT(CONCATENATE("'Gastos com Pessoal'!",$BC47)))+SUM((F$1>='Gastos com Pessoal'!$F$7:$F$106)*(F$1<='Gastos com Pessoal'!$G$7:$G$106)*(IF('Gastos com Pessoal'!$R$7:$R$106<=F$1,1,0))*INDIRECT(CONCATENATE("'Gastos com Pessoal'!",$BD47)))+SUM((F$1>='Gastos com Pessoal'!$F$113:$F$122)*(F$1<='Gastos com Pessoal'!$G$113:$G$122)*(IF('Gastos com Pessoal'!$R$113:$R$122<=F$1,1,0))*INDIRECT(CONCATENATE("'Gastos com Pessoal'!",$BE47)))} -> 520 | G47: {=SUM((G$1>='Gastos com Pessoal'!$F$7:$F$106)*(G$1<='Gastos com Pessoal'!$G$7:$G$106)*INDIRECT(CONCATENATE("'Encargos e Benefícios'!",$AX47)))+SUM((G$1>='Gastos com Pessoal'!$F$113:$F$122)*(G$1<='Gastos com Pessoal'!$G$113:$G$122)*INDIRECT(CONCATENATE("'Encargos e Benefícios'!",$AY47)))+SUM((G$1>='Gastos com Pessoal'!$F$7:$F$106)*(G$1<='Gastos com Pessoal'!$G$7:$G$106)*(IF('Gastos com Pessoal'!$H$7:$H$106<=G$1,1,0))*INDIRECT(CONCATENATE("'Gastos com Pessoal'!",$AZ47)))+SUM((G$1>='Gastos com Pessoal'!$F$113:$F$122)*(G$1<='Gastos com Pessoal'!$G$113:$G$122)*(IF('Gastos com Pessoal'!$H$113:$H$122<=G$1,1,0))*INDIRECT(CONCATENATE("'Gastos com Pessoal'!",$BA47)))+SUM((G$1>='Gastos com Pessoal'!$F$7:$F$106)*(G$1<='Gastos com Pessoal'!$G$7:$G$106)*(IF('Gastos com Pessoal'!$M$7:$M$106<=G$1,1,0))*INDIRECT(CONCATENATE("'Gastos com Pessoal'!",$BB47)))+SUM((G$1>='Gastos com Pessoal'!$F$113:$F$122)*(G$1<='Gastos com Pessoal'!$G$113:$G$122)*(IF('Gastos com Pessoal'!$M$113:$M$122<=G$1,1,0))*INDIRECT(CONCATENATE("'Gastos com Pessoal'!",$BC47)))+SUM((G$1>='Gastos com Pessoal'!$F$7:$F$106)*(G$1<='Gastos com Pessoal'!$G$7:$G$106)*(IF('Gastos com Pessoal'!$R$7:$R$106<=G$1,1,0))*INDIRECT(CONCATENATE("'Gastos com Pessoal'!",$BD47)))+SUM((G$1>='Gastos com Pessoal'!$F$113:$F$122)*(G$1<='Gastos com Pessoal'!$G$113:$G$122)*(IF('Gastos com Pessoal'!$R$113:$R$122<=G$1,1,0))*INDIRECT(CONCATENATE("'Gastos com Pessoal'!",$BE47)))} -> 520 | H47: {=SUM((H$1>='Gastos com Pessoal'!$F$7:$F$106)*(H$1<='Gastos com Pessoal'!$G$7:$G$106)*INDIRECT(CONCATENATE("'Encargos e Benefícios'!",$AX47)))+SUM((H$1>='Gastos com Pessoal'!$F$113:$F$122)*(H$1<='Gastos com Pessoal'!$G$113:$G$122)*INDIRECT(CONCATENATE("'Encargos e Benefícios'!",$AY47)))+SUM((H$1>='Gastos com Pessoal'!$F$7:$F$106)*(H$1<='Gastos com Pessoal'!$G$7:$G$106)*(IF('Gastos com Pessoal'!$H$7:$H$106<=H$1,1,0))*INDIRECT(CONCATENATE("'Gastos com Pessoal'!",$AZ47)))+SUM((H$1>='Gastos com Pessoal'!$F$113:$F$122)*(H$1<='Gastos com Pessoal'!$G$113:$G$122)*(IF('Gastos com Pessoal'!$H$113:$H$122<=H$1,1,0))*INDIRECT(CONCATENATE("'Gastos com Pessoal'!",$BA47)))+SUM((H$1>='Gastos com Pessoal'!$F$7:$F$106)*(H$1<='Gastos com Pessoal'!$G$7:$G$106)*(IF('Gastos com Pessoal'!$M$7:$M$106<=H$1,1,0))*INDIRECT(CONCATENATE("'Gastos com Pessoal'!",$BB47)))+SUM((H$1>='Gastos com Pessoal'!$F$113:$F$122)*(H$1<='Gastos com Pessoal'!$G$113:$G$122)*(IF('Gastos com Pessoal'!$M$113:$M$122<=H$1,1,0))*INDIRECT(CONCATENATE("'Gastos com Pessoal'!",$BC47)))+SUM((H$1>='Gastos com Pessoal'!$F$7:$F$106)*(H$1<='Gastos com Pessoal'!$G$7:$G$106)*(IF('Gastos com Pessoal'!$R$7:$R$106<=H$1,1,0))*INDIRECT(CONCATENATE("'Gastos com Pessoal'!",$BD47)))+SUM((H$1>='Gastos com Pessoal'!$F$113:$F$122)*(H$1<='Gastos com Pessoal'!$G$113:$G$122)*(IF('Gastos com Pessoal'!$R$113:$R$122<=H$1,1,0))*INDIRECT(CONCATENATE("'Gastos com Pessoal'!",$BE47)))} -> 520 | I47: {=SUM((I$1>='Gastos com Pessoal'!$F$7:$F$106)*(I$1<='Gastos com Pessoal'!$G$7:$G$106)*INDIRECT(CONCATENATE("'Encargos e Benefícios'!",$AX47)))+SUM((I$1>='Gastos com Pessoal'!$F$113:$F$122)*(I$1<='Gastos com Pessoal'!$G$113:$G$122)*INDIRECT(CONCATENATE("'Encargos e Benefícios'!",$AY47)))+SUM((I$1>='Gastos com Pessoal'!$F$7:$F$106)*(I$1<='Gastos com Pessoal'!$G$7:$G$106)*(IF('Gastos com Pessoal'!$H$7:$H$106<=I$1,1,0))*INDIRECT(CONCATENATE("'Gastos com Pessoal'!",$AZ47)))+SUM((I$1>='Gastos com Pessoal'!$F$113:$F$122)*(I$1<='Gastos com Pessoal'!$G$113:$G$122)*(IF('Gastos com Pessoal'!$H$113:$H$122<=I$1,1,0))*INDIRECT(CONCATENATE("'Gastos com Pessoal'!",$BA47)))+SUM((I$1>='Gastos com Pessoal'!$F$7:$F$106)*(I$1<='Gastos com Pessoal'!$G$7:$G$106)*(IF('Gastos com Pessoal'!$M$7:$M$106<=I$1,1,0))*INDIRECT(CONCATENATE("'Gastos com Pessoal'!",$BB47)))+SUM((I$1>='Gastos com Pessoal'!$F$113:$F$122)*(I$1<='Gastos com Pessoal'!$G$113:$G$122)*(IF('Gastos com Pessoal'!$M$113:$M$122<=I$1,1,0))*INDIRECT(CONCATENATE("'Gastos com Pessoal'!",$BC47)))+SUM((I$1>='Gastos com Pessoal'!$F$7:$F$106)*(I$1<='Gastos com Pessoal'!$G$7:$G$106)*(IF('Gastos com Pessoal'!$R$7:$R$106<=I$1,1,0))*INDIRECT(CONCATENATE("'Gastos com Pessoal'!",$BD47)))+SUM((I$1>='Gastos com Pessoal'!$F$113:$F$122)*(I$1<='Gastos com Pessoal'!$G$113:$G$122)*(IF('Gastos com Pessoal'!$R$113:$R$122<=I$1,1,0))*INDIRECT(CONCATENATE("'Gastos com Pessoal'!",$BE47)))} -> 520 | J47: {=SUM((J$1>='Gastos com Pessoal'!$F$7:$F$106)*(J$1<='Gastos com Pessoal'!$G$7:$G$106)*INDIRECT(CONCATENATE("'Encargos e Benefícios'!",$AX47)))+SUM((J$1>='Gastos com Pessoal'!$F$113:$F$122)*(J$1<='Gastos com Pessoal'!$G$113:$G$122)*INDIRECT(CONCATENATE("'Encargos e Benefícios'!",$AY47)))+SUM((J$1>='Gastos com Pessoal'!$F$7:$F$106)*(J$1<='Gastos com Pessoal'!$G$7:$G$106)*(IF('Gastos com Pessoal'!$H$7:$H$106<=J$1,1,0))*INDIRECT(CONCATENATE("'Gastos com Pessoal'!",$AZ47)))+SUM((J$1>='Gastos com Pessoal'!$F$113:$F$122)*(J$1<='Gastos com Pessoal'!$G$113:$G$122)*(IF('Gastos com Pessoal'!$H$113:$H$122<=J$1,1,0))*INDIRECT(CONCATENATE("'Gastos com Pessoal'!",$BA47)))+SUM((J$1>='Gastos com Pessoal'!$F$7:$F$106)*(J$1<='Gastos com Pessoal'!$G$7:$G$106)*(IF('Gastos com Pessoal'!$M$7:$M$106<=J$1,1,0))*INDIRECT(CONCATENATE("'Gastos com Pessoal'!",$BB47)))+SUM((J$1>='Gastos com Pessoal'!$F$113:$F$122)*(J$1<='Gastos com Pessoal'!$G$113:$G$122)*(IF('Gastos com Pessoal'!$M$113:$M$122<=J$1,1,0))*INDIRECT(CONCATENATE("'Gastos com Pessoal'!",$BC47)))+SUM((J$1>='Gastos com Pessoal'!$F$7:$F$106)*(J$1<='Gastos com Pessoal'!$G$7:$G$106)*(IF('Gastos com Pessoal'!$R$7:$R$106<=J$1,1,0))*INDIRECT(CONCATENATE("'Gastos com Pessoal'!",$BD47)))+SUM((J$1>='Gastos com Pessoal'!$F$113:$F$122)*(J$1<='Gastos com Pessoal'!$G$113:$G$122)*(IF('Gastos com Pessoal'!$R$113:$R$122<=J$1,1,0))*INDIRECT(CONCATENATE("'Gastos com Pessoal'!",$BE47)))} -> 520 | ... AL47: {=SUM((AL$1>='Gastos com Pessoal'!$F$7:$F$106)*(AL$1<='Gastos com Pessoal'!$G$7:$G$106)*INDIRECT(CONCATENATE("'Encargos e Benefícios'!",$AX47)))+SUM((AL$1>='Gastos com Pessoal'!$F$113:$F$122)*(AL$1<='Gastos com Pessoal'!$G$113:$G$122)*INDIRECT(CONCATENATE("'Encargos e Benefícios'!",$AY47)))+SUM((AL$1>='Gastos com Pessoal'!$F$7:$F$106)*(AL$1<='Gastos com Pessoal'!$G$7:$G$106)*(IF('Gastos com Pessoal'!$H$7:$H$106<=AL$1,1,0))*INDIRECT(CONCATENATE("'Gastos com Pessoal'!",$AZ47)))+SUM((AL$1>='Gastos com Pessoal'!$F$113:$F$122)*(AL$1<='Gastos com Pessoal'!$G$113:$G$122)*(IF('Gastos com Pessoal'!$H$113:$H$122<=AL$1,1,0))*INDIRECT(CONCATENATE("'Gastos com Pessoal'!",$BA47)))+SUM((AL$1>='Gastos com Pessoal'!$F$7:$F$106)*(AL$1<='Gastos com Pessoal'!$G$7:$G$106)*(IF('Gastos com Pessoal'!$M$7:$M$106<=AL$1,1,0))*INDIRECT(CONCATENATE("'Gastos com Pessoal'!",$BB47)))+SUM((AL$1>='Gastos com Pessoal'!$F$113:$F$122)*(AL$1<='Gastos com Pessoal'!$G$113:$G$122)*(IF('Gastos com Pessoal'!$M$113:$M$122<=AL$1,1,0))*INDIRECT(CONCATENATE("'Gastos com Pessoal'!",$BC47)))+SUM((AL$1>='Gastos com Pessoal'!$F$7:$F$106)*(AL$1<='Gastos com Pessoal'!$G$7:$G$106)*(IF('Gastos com Pessoal'!$R$7:$R$106<=AL$1,1,0))*INDIRECT(CONCATENATE("'Gastos com Pessoal'!",$BD47)))+SUM((AL$1>='Gastos com Pessoal'!$F$113:$F$122)*(AL$1<='Gastos com Pessoal'!$G$113:$G$122)*(IF('Gastos com Pessoal'!$R$113:$R$122<=AL$1,1,0))*INDIRECT(CONCATENATE("'Gastos com Pessoal'!",$BE47)))} -> 0 | AM47: =SUM(C47:AL47) -> 11960 | AN47: =IF($AM$133=0,0,AM47/$AM$133) -> 0.0031153928 | AW47: Quadruplicada | AX47: =IF(ISNA('Encargos e Benefícios'!AA4),"$ZZ$6:$ZZ$105",'Encargos e Benefícios'!AA4) -> $S$6:$S$105 | AY47: =IF(ISNA('Encargos e Benefícios'!AC4),"$ZZ$112:$ZZ$121",'Encargos e Benefícios'!AC4) -> $H$112:$H$121 | AZ47: =IF(ISNA('Gastos com Pessoal'!AU4),"$ZZ$6:$ZZ$105",'Gastos com Pessoal'!AU4) -> $ZZ$6:$ZZ$105 | BA47: =IF(ISNA('Gastos com Pessoal'!AW4),"$ZZ$112:$ZZ$121",'Gastos com Pessoal'!AW4) -> $ZZ$112:$ZZ$121 | BB47: =IF(ISNA('Gastos com Pessoal'!AY4),"$ZZ$6:$ZZ$105",'Gastos com Pessoal'!AY4) -> $ZZ$6:$ZZ$105 | BC47: =IF(ISNA('Gastos com Pessoal'!BA4),"$ZZ$112:$ZZ$121",'Gastos com Pessoal'!BA4) -> $ZZ$112:$ZZ$121 | BD47: =IF(ISNA('Gastos com Pessoal'!BC4),"$ZZ$6:$ZZ$105",'Gastos com Pessoal'!BC4) -> $ZZ$6:$ZZ$105 | BE47: =IF(ISNA('Gastos com Pessoal'!BE4),"$ZZ$112:$ZZ$121",'Gastos com Pessoal'!BE4) -> $ZZ$112:$ZZ$121
A48: 2.1.4.5 | B48: Plano Odontológico | C48: {=SUM((C$1>='Gastos com Pessoal'!$F$7:$F$106)*(C$1<='Gastos com Pessoal'!$G$7:$G$106)*INDIRECT(CONCATENATE("'Encargos e Benefícios'!",$AX48)))+SUM((C$1>='Gastos com Pessoal'!$F$113:$F$122)*(C$1<='Gastos com Pessoal'!$G$113:$G$122)*INDIRECT(CONCATENATE("'Encargos e Benefícios'!",$AY48)))+SUM((C$1>='Gastos com Pessoal'!$F$7:$F$106)*(C$1<='Gastos com Pessoal'!$G$7:$G$106)*(IF('Gastos com Pessoal'!$H$7:$H$106<=C$1,1,0))*INDIRECT(CONCATENATE("'Gastos com Pessoal'!",$AZ48)))+SUM((C$1>='Gastos com Pessoal'!$F$113:$F$122)*(C$1<='Gastos com Pessoal'!$G$113:$G$122)*(IF('Gastos com Pessoal'!$H$113:$H$122<=C$1,1,0))*INDIRECT(CONCATENATE("'Gastos com Pessoal'!",$BA48)))+SUM((C$1>='Gastos com Pessoal'!$F$7:$F$106)*(C$1<='Gastos com Pessoal'!$G$7:$G$106)*(IF('Gastos com Pessoal'!$M$7:$M$106<=C$1,1,0))*INDIRECT(CONCATENATE("'Gastos com Pessoal'!",$BB48)))+SUM((C$1>='Gastos com Pessoal'!$F$113:$F$122)*(C$1<='Gastos com Pessoal'!$G$113:$G$122)*(IF('Gastos com Pessoal'!$M$113:$M$122<=C$1,1,0))*INDIRECT(CONCATENATE("'Gastos com Pessoal'!",$BC48)))+SUM((C$1>='Gastos com Pessoal'!$F$7:$F$106)*(C$1<='Gastos com Pessoal'!$G$7:$G$106)*(IF('Gastos com Pessoal'!$R$7:$R$106<=C$1,1,0))*INDIRECT(CONCATENATE("'Gastos com Pessoal'!",$BD48)))+SUM((C$1>='Gastos com Pessoal'!$F$113:$F$122)*(C$1<='Gastos com Pessoal'!$G$113:$G$122)*(IF('Gastos com Pessoal'!$R$113:$R$122<=C$1,1,0))*INDIRECT(CONCATENATE("'Gastos com Pessoal'!",$BE48)))} -> 0 | D48: {=SUM((D$1>='Gastos com Pessoal'!$F$7:$F$106)*(D$1<='Gastos com Pessoal'!$G$7:$G$106)*INDIRECT(CONCATENATE("'Encargos e Benefícios'!",$AX48)))+SUM((D$1>='Gastos com Pessoal'!$F$113:$F$122)*(D$1<='Gastos com Pessoal'!$G$113:$G$122)*INDIRECT(CONCATENATE("'Encargos e Benefícios'!",$AY48)))+SUM((D$1>='Gastos com Pessoal'!$F$7:$F$106)*(D$1<='Gastos com Pessoal'!$G$7:$G$106)*(IF('Gastos com Pessoal'!$H$7:$H$106<=D$1,1,0))*INDIRECT(CONCATENATE("'Gastos com Pessoal'!",$AZ48)))+SUM((D$1>='Gastos com Pessoal'!$F$113:$F$122)*(D$1<='Gastos com Pessoal'!$G$113:$G$122)*(IF('Gastos com Pessoal'!$H$113:$H$122<=D$1,1,0))*INDIRECT(CONCATENATE("'Gastos com Pessoal'!",$BA48)))+SUM((D$1>='Gastos com Pessoal'!$F$7:$F$106)*(D$1<='Gastos com Pessoal'!$G$7:$G$106)*(IF('Gastos com Pessoal'!$M$7:$M$106<=D$1,1,0))*INDIRECT(CONCATENATE("'Gastos com Pessoal'!",$BB48)))+SUM((D$1>='Gastos com Pessoal'!$F$113:$F$122)*(D$1<='Gastos com Pessoal'!$G$113:$G$122)*(IF('Gastos com Pessoal'!$M$113:$M$122<=D$1,1,0))*INDIRECT(CONCATENATE("'Gastos com Pessoal'!",$BC48)))+SUM((D$1>='Gastos com Pessoal'!$F$7:$F$106)*(D$1<='Gastos com Pessoal'!$G$7:$G$106)*(IF('Gastos com Pessoal'!$R$7:$R$106<=D$1,1,0))*INDIRECT(CONCATENATE("'Gastos com Pessoal'!",$BD48)))+SUM((D$1>='Gastos com Pessoal'!$F$113:$F$122)*(D$1<='Gastos com Pessoal'!$G$113:$G$122)*(IF('Gastos com Pessoal'!$R$113:$R$122<=D$1,1,0))*INDIRECT(CONCATENATE("'Gastos com Pessoal'!",$BE48)))} -> 0 | E48: {=SUM((E$1>='Gastos com Pessoal'!$F$7:$F$106)*(E$1<='Gastos com Pessoal'!$G$7:$G$106)*INDIRECT(CONCATENATE("'Encargos e Benefícios'!",$AX48)))+SUM((E$1>='Gastos com Pessoal'!$F$113:$F$122)*(E$1<='Gastos com Pessoal'!$G$113:$G$122)*INDIRECT(CONCATENATE("'Encargos e Benefícios'!",$AY48)))+SUM((E$1>='Gastos com Pessoal'!$F$7:$F$106)*(E$1<='Gastos com Pessoal'!$G$7:$G$106)*(IF('Gastos com Pessoal'!$H$7:$H$106<=E$1,1,0))*INDIRECT(CONCATENATE("'Gastos com Pessoal'!",$AZ48)))+SUM((E$1>='Gastos com Pessoal'!$F$113:$F$122)*(E$1<='Gastos com Pessoal'!$G$113:$G$122)*(IF('Gastos com Pessoal'!$H$113:$H$122<=E$1,1,0))*INDIRECT(CONCATENATE("'Gastos com Pessoal'!",$BA48)))+SUM((E$1>='Gastos com Pessoal'!$F$7:$F$106)*(E$1<='Gastos com Pessoal'!$G$7:$G$106)*(IF('Gastos com Pessoal'!$M$7:$M$106<=E$1,1,0))*INDIRECT(CONCATENATE("'Gastos com Pessoal'!",$BB48)))+SUM((E$1>='Gastos com Pessoal'!$F$113:$F$122)*(E$1<='Gastos com Pessoal'!$G$113:$G$122)*(IF('Gastos com Pessoal'!$M$113:$M$122<=E$1,1,0))*INDIRECT(CONCATENATE("'Gastos com Pessoal'!",$BC48)))+SUM((E$1>='Gastos com Pessoal'!$F$7:$F$106)*(E$1<='Gastos com Pessoal'!$G$7:$G$106)*(IF('Gastos com Pessoal'!$R$7:$R$106<=E$1,1,0))*INDIRECT(CONCATENATE("'Gastos com Pessoal'!",$BD48)))+SUM((E$1>='Gastos com Pessoal'!$F$113:$F$122)*(E$1<='Gastos com Pessoal'!$G$113:$G$122)*(IF('Gastos com Pessoal'!$R$113:$R$122<=E$1,1,0))*INDIRECT(CONCATENATE("'Gastos com Pessoal'!",$BE48)))} -> 0 | F48: {=SUM((F$1>='Gastos com Pessoal'!$F$7:$F$106)*(F$1<='Gastos com Pessoal'!$G$7:$G$106)*INDIRECT(CONCATENATE("'Encargos e Benefícios'!",$AX48)))+SUM((F$1>='Gastos com Pessoal'!$F$113:$F$122)*(F$1<='Gastos com Pessoal'!$G$113:$G$122)*INDIRECT(CONCATENATE("'Encargos e Benefícios'!",$AY48)))+SUM((F$1>='Gastos com Pessoal'!$F$7:$F$106)*(F$1<='Gastos com Pessoal'!$G$7:$G$106)*(IF('Gastos com Pessoal'!$H$7:$H$106<=F$1,1,0))*INDIRECT(CONCATENATE("'Gastos com Pessoal'!",$AZ48)))+SUM((F$1>='Gastos com Pessoal'!$F$113:$F$122)*(F$1<='Gastos com Pessoal'!$G$113:$G$122)*(IF('Gastos com Pessoal'!$H$113:$H$122<=F$1,1,0))*INDIRECT(CONCATENATE("'Gastos com Pessoal'!",$BA48)))+SUM((F$1>='Gastos com Pessoal'!$F$7:$F$106)*(F$1<='Gastos com Pessoal'!$G$7:$G$106)*(IF('Gastos com Pessoal'!$M$7:$M$106<=F$1,1,0))*INDIRECT(CONCATENATE("'Gastos com Pessoal'!",$BB48)))+SUM((F$1>='Gastos com Pessoal'!$F$113:$F$122)*(F$1<='Gastos com Pessoal'!$G$113:$G$122)*(IF('Gastos com Pessoal'!$M$113:$M$122<=F$1,1,0))*INDIRECT(CONCATENATE("'Gastos com Pessoal'!",$BC48)))+SUM((F$1>='Gastos com Pessoal'!$F$7:$F$106)*(F$1<='Gastos com Pessoal'!$G$7:$G$106)*(IF('Gastos com Pessoal'!$R$7:$R$106<=F$1,1,0))*INDIRECT(CONCATENATE("'Gastos com Pessoal'!",$BD48)))+SUM((F$1>='Gastos com Pessoal'!$F$113:$F$122)*(F$1<='Gastos com Pessoal'!$G$113:$G$122)*(IF('Gastos com Pessoal'!$R$113:$R$122<=F$1,1,0))*INDIRECT(CONCATENATE("'Gastos com Pessoal'!",$BE48)))} -> 0 | G48: {=SUM((G$1>='Gastos com Pessoal'!$F$7:$F$106)*(G$1<='Gastos com Pessoal'!$G$7:$G$106)*INDIRECT(CONCATENATE("'Encargos e Benefícios'!",$AX48)))+SUM((G$1>='Gastos com Pessoal'!$F$113:$F$122)*(G$1<='Gastos com Pessoal'!$G$113:$G$122)*INDIRECT(CONCATENATE("'Encargos e Benefícios'!",$AY48)))+SUM((G$1>='Gastos com Pessoal'!$F$7:$F$106)*(G$1<='Gastos com Pessoal'!$G$7:$G$106)*(IF('Gastos com Pessoal'!$H$7:$H$106<=G$1,1,0))*INDIRECT(CONCATENATE("'Gastos com Pessoal'!",$AZ48)))+SUM((G$1>='Gastos com Pessoal'!$F$113:$F$122)*(G$1<='Gastos com Pessoal'!$G$113:$G$122)*(IF('Gastos com Pessoal'!$H$113:$H$122<=G$1,1,0))*INDIRECT(CONCATENATE("'Gastos com Pessoal'!",$BA48)))+SUM((G$1>='Gastos com Pessoal'!$F$7:$F$106)*(G$1<='Gastos com Pessoal'!$G$7:$G$106)*(IF('Gastos com Pessoal'!$M$7:$M$106<=G$1,1,0))*INDIRECT(CONCATENATE("'Gastos com Pessoal'!",$BB48)))+SUM((G$1>='Gastos com Pessoal'!$F$113:$F$122)*(G$1<='Gastos com Pessoal'!$G$113:$G$122)*(IF('Gastos com Pessoal'!$M$113:$M$122<=G$1,1,0))*INDIRECT(CONCATENATE("'Gastos com Pessoal'!",$BC48)))+SUM((G$1>='Gastos com Pessoal'!$F$7:$F$106)*(G$1<='Gastos com Pessoal'!$G$7:$G$106)*(IF('Gastos com Pessoal'!$R$7:$R$106<=G$1,1,0))*INDIRECT(CONCATENATE("'Gastos com Pessoal'!",$BD48)))+SUM((G$1>='Gastos com Pessoal'!$F$113:$F$122)*(G$1<='Gastos com Pessoal'!$G$113:$G$122)*(IF('Gastos com Pessoal'!$R$113:$R$122<=G$1,1,0))*INDIRECT(CONCATENATE("'Gastos com Pessoal'!",$BE48)))} -> 0 | H48: {=SUM((H$1>='Gastos com Pessoal'!$F$7:$F$106)*(H$1<='Gastos com Pessoal'!$G$7:$G$106)*INDIRECT(CONCATENATE("'Encargos e Benefícios'!",$AX48)))+SUM((H$1>='Gastos com Pessoal'!$F$113:$F$122)*(H$1<='Gastos com Pessoal'!$G$113:$G$122)*INDIRECT(CONCATENATE("'Encargos e Benefícios'!",$AY48)))+SUM((H$1>='Gastos com Pessoal'!$F$7:$F$106)*(H$1<='Gastos com Pessoal'!$G$7:$G$106)*(IF('Gastos com Pessoal'!$H$7:$H$106<=H$1,1,0))*INDIRECT(CONCATENATE("'Gastos com Pessoal'!",$AZ48)))+SUM((H$1>='Gastos com Pessoal'!$F$113:$F$122)*(H$1<='Gastos com Pessoal'!$G$113:$G$122)*(IF('Gastos com Pessoal'!$H$113:$H$122<=H$1,1,0))*INDIRECT(CONCATENATE("'Gastos com Pessoal'!",$BA48)))+SUM((H$1>='Gastos com Pessoal'!$F$7:$F$106)*(H$1<='Gastos com Pessoal'!$G$7:$G$106)*(IF('Gastos com Pessoal'!$M$7:$M$106<=H$1,1,0))*INDIRECT(CONCATENATE("'Gastos com Pessoal'!",$BB48)))+SUM((H$1>='Gastos com Pessoal'!$F$113:$F$122)*(H$1<='Gastos com Pessoal'!$G$113:$G$122)*(IF('Gastos com Pessoal'!$M$113:$M$122<=H$1,1,0))*INDIRECT(CONCATENATE("'Gastos com Pessoal'!",$BC48)))+SUM((H$1>='Gastos com Pessoal'!$F$7:$F$106)*(H$1<='Gastos com Pessoal'!$G$7:$G$106)*(IF('Gastos com Pessoal'!$R$7:$R$106<=H$1,1,0))*INDIRECT(CONCATENATE("'Gastos com Pessoal'!",$BD48)))+SUM((H$1>='Gastos com Pessoal'!$F$113:$F$122)*(H$1<='Gastos com Pessoal'!$G$113:$G$122)*(IF('Gastos com Pessoal'!$R$113:$R$122<=H$1,1,0))*INDIRECT(CONCATENATE("'Gastos com Pessoal'!",$BE48)))} -> 0 | I48: {=SUM((I$1>='Gastos com Pessoal'!$F$7:$F$106)*(I$1<='Gastos com Pessoal'!$G$7:$G$106)*INDIRECT(CONCATENATE("'Encargos e Benefícios'!",$AX48)))+SUM((I$1>='Gastos com Pessoal'!$F$113:$F$122)*(I$1<='Gastos com Pessoal'!$G$113:$G$122)*INDIRECT(CONCATENATE("'Encargos e Benefícios'!",$AY48)))+SUM((I$1>='Gastos com Pessoal'!$F$7:$F$106)*(I$1<='Gastos com Pessoal'!$G$7:$G$106)*(IF('Gastos com Pessoal'!$H$7:$H$106<=I$1,1,0))*INDIRECT(CONCATENATE("'Gastos com Pessoal'!",$AZ48)))+SUM((I$1>='Gastos com Pessoal'!$F$113:$F$122)*(I$1<='Gastos com Pessoal'!$G$113:$G$122)*(IF('Gastos com Pessoal'!$H$113:$H$122<=I$1,1,0))*INDIRECT(CONCATENATE("'Gastos com Pessoal'!",$BA48)))+SUM((I$1>='Gastos com Pessoal'!$F$7:$F$106)*(I$1<='Gastos com Pessoal'!$G$7:$G$106)*(IF('Gastos com Pessoal'!$M$7:$M$106<=I$1,1,0))*INDIRECT(CONCATENATE("'Gastos com Pessoal'!",$BB48)))+SUM((I$1>='Gastos com Pessoal'!$F$113:$F$122)*(I$1<='Gastos com Pessoal'!$G$113:$G$122)*(IF('Gastos com Pessoal'!$M$113:$M$122<=I$1,1,0))*INDIRECT(CONCATENATE("'Gastos com Pessoal'!",$BC48)))+SUM((I$1>='Gastos com Pessoal'!$F$7:$F$106)*(I$1<='Gastos com Pessoal'!$G$7:$G$106)*(IF('Gastos com Pessoal'!$R$7:$R$106<=I$1,1,0))*INDIRECT(CONCATENATE("'Gastos com Pessoal'!",$BD48)))+SUM((I$1>='Gastos com Pessoal'!$F$113:$F$122)*(I$1<='Gastos com Pessoal'!$G$113:$G$122)*(IF('Gastos com Pessoal'!$R$113:$R$122<=I$1,1,0))*INDIRECT(CONCATENATE("'Gastos com Pessoal'!",$BE48)))} -> 0 | J48: {=SUM((J$1>='Gastos com Pessoal'!$F$7:$F$106)*(J$1<='Gastos com Pessoal'!$G$7:$G$106)*INDIRECT(CONCATENATE("'Encargos e Benefícios'!",$AX48)))+SUM((J$1>='Gastos com Pessoal'!$F$113:$F$122)*(J$1<='Gastos com Pessoal'!$G$113:$G$122)*INDIRECT(CONCATENATE("'Encargos e Benefícios'!",$AY48)))+SUM((J$1>='Gastos com Pessoal'!$F$7:$F$106)*(J$1<='Gastos com Pessoal'!$G$7:$G$106)*(IF('Gastos com Pessoal'!$H$7:$H$106<=J$1,1,0))*INDIRECT(CONCATENATE("'Gastos com Pessoal'!",$AZ48)))+SUM((J$1>='Gastos com Pessoal'!$F$113:$F$122)*(J$1<='Gastos com Pessoal'!$G$113:$G$122)*(IF('Gastos com Pessoal'!$H$113:$H$122<=J$1,1,0))*INDIRECT(CONCATENATE("'Gastos com Pessoal'!",$BA48)))+SUM((J$1>='Gastos com Pessoal'!$F$7:$F$106)*(J$1<='Gastos com Pessoal'!$G$7:$G$106)*(IF('Gastos com Pessoal'!$M$7:$M$106<=J$1,1,0))*INDIRECT(CONCATENATE("'Gastos com Pessoal'!",$BB48)))+SUM((J$1>='Gastos com Pessoal'!$F$113:$F$122)*(J$1<='Gastos com Pessoal'!$G$113:$G$122)*(IF('Gastos com Pessoal'!$M$113:$M$122<=J$1,1,0))*INDIRECT(CONCATENATE("'Gastos com Pessoal'!",$BC48)))+SUM((J$1>='Gastos com Pessoal'!$F$7:$F$106)*(J$1<='Gastos com Pessoal'!$G$7:$G$106)*(IF('Gastos com Pessoal'!$R$7:$R$106<=J$1,1,0))*INDIRECT(CONCATENATE("'Gastos com Pessoal'!",$BD48)))+SUM((J$1>='Gastos com Pessoal'!$F$113:$F$122)*(J$1<='Gastos com Pessoal'!$G$113:$G$122)*(IF('Gastos com Pessoal'!$R$113:$R$122<=J$1,1,0))*INDIRECT(CONCATENATE("'Gastos com Pessoal'!",$BE48)))} -> 0 | ... AL48: {=SUM((AL$1>='Gastos com Pessoal'!$F$7:$F$106)*(AL$1<='Gastos com Pessoal'!$G$7:$G$106)*INDIRECT(CONCATENATE("'Encargos e Benefícios'!",$AX48)))+SUM((AL$1>='Gastos com Pessoal'!$F$113:$F$122)*(AL$1<='Gastos com Pessoal'!$G$113:$G$122)*INDIRECT(CONCATENATE("'Encargos e Benefícios'!",$AY48)))+SUM((AL$1>='Gastos com Pessoal'!$F$7:$F$106)*(AL$1<='Gastos com Pessoal'!$G$7:$G$106)*(IF('Gastos com Pessoal'!$H$7:$H$106<=AL$1,1,0))*INDIRECT(CONCATENATE("'Gastos com Pessoal'!",$AZ48)))+SUM((AL$1>='Gastos com Pessoal'!$F$113:$F$122)*(AL$1<='Gastos com Pessoal'!$G$113:$G$122)*(IF('Gastos com Pessoal'!$H$113:$H$122<=AL$1,1,0))*INDIRECT(CONCATENATE("'Gastos com Pessoal'!",$BA48)))+SUM((AL$1>='Gastos com Pessoal'!$F$7:$F$106)*(AL$1<='Gastos com Pessoal'!$G$7:$G$106)*(IF('Gastos com Pessoal'!$M$7:$M$106<=AL$1,1,0))*INDIRECT(CONCATENATE("'Gastos com Pessoal'!",$BB48)))+SUM((AL$1>='Gastos com Pessoal'!$F$113:$F$122)*(AL$1<='Gastos com Pessoal'!$G$113:$G$122)*(IF('Gastos com Pessoal'!$M$113:$M$122<=AL$1,1,0))*INDIRECT(CONCATENATE("'Gastos com Pessoal'!",$BC48)))+SUM((AL$1>='Gastos com Pessoal'!$F$7:$F$106)*(AL$1<='Gastos com Pessoal'!$G$7:$G$106)*(IF('Gastos com Pessoal'!$R$7:$R$106<=AL$1,1,0))*INDIRECT(CONCATENATE("'Gastos com Pessoal'!",$BD48)))+SUM((AL$1>='Gastos com Pessoal'!$F$113:$F$122)*(AL$1<='Gastos com Pessoal'!$G$113:$G$122)*(IF('Gastos com Pessoal'!$R$113:$R$122<=AL$1,1,0))*INDIRECT(CONCATENATE("'Gastos com Pessoal'!",$BE48)))} -> 0 | AM48: =SUM(C48:AL48) -> 0 | AN48: =IF($AM$133=0,0,AM48/$AM$133) -> 0 | AW48: Quadruplicada | AX48: =IF(ISNA('Encargos e Benefícios'!AA5),"$ZZ$6:$ZZ$105",'Encargos e Benefícios'!AA5) -> $ZZ$6:$ZZ$105 | AY48: =IF(ISNA('Encargos e Benefícios'!AC5),"$ZZ$112:$ZZ$121",'Encargos e Benefícios'!AC5) -> $ZZ$112:$ZZ$121 | AZ48: =IF(ISNA('Gastos com Pessoal'!AU5),"$ZZ$6:$ZZ$105",'Gastos com Pessoal'!AU5) -> $ZZ$6:$ZZ$105 | BA48: =IF(ISNA('Gastos com Pessoal'!AW5),"$ZZ$112:$ZZ$121",'Gastos com Pessoal'!AW5) -> $ZZ$112:$ZZ$121 | BB48: =IF(ISNA('Gastos com Pessoal'!AY5),"$ZZ$6:$ZZ$105",'Gastos com Pessoal'!AY5) -> $ZZ$6:$ZZ$105 | BC48: =IF(ISNA('Gastos com Pessoal'!BA5),"$ZZ$112:$ZZ$121",'Gastos com Pessoal'!BA5) -> $ZZ$112:$ZZ$121 | BD48: =IF(ISNA('Gastos com Pessoal'!BC5),"$ZZ$6:$ZZ$105",'Gastos com Pessoal'!BC5) -> $ZZ$6:$ZZ$105 | BE48: =IF(ISNA('Gastos com Pessoal'!BE5),"$ZZ$112:$ZZ$121",'Gastos com Pessoal'!BE5) -> $ZZ$112:$ZZ$121
A49: 2.1.4.6 | B49: Cesta Básica | C49: {=SUM((C$1>='Gastos com Pessoal'!$F$7:$F$106)*(C$1<='Gastos com Pessoal'!$G$7:$G$106)*INDIRECT(CONCATENATE("'Encargos e Benefícios'!",$AX49)))+SUM((C$1>='Gastos com Pessoal'!$F$113:$F$122)*(C$1<='Gastos com Pessoal'!$G$113:$G$122)*INDIRECT(CONCATENATE("'Encargos e Benefícios'!",$AY49)))+SUM((C$1>='Gastos com Pessoal'!$F$7:$F$106)*(C$1<='Gastos com Pessoal'!$G$7:$G$106)*(IF('Gastos com Pessoal'!$H$7:$H$106<=C$1,1,0))*INDIRECT(CONCATENATE("'Gastos com Pessoal'!",$AZ49)))+SUM((C$1>='Gastos com Pessoal'!$F$113:$F$122)*(C$1<='Gastos com Pessoal'!$G$113:$G$122)*(IF('Gastos com Pessoal'!$H$113:$H$122<=C$1,1,0))*INDIRECT(CONCATENATE("'Gastos com Pessoal'!",$BA49)))+SUM((C$1>='Gastos com Pessoal'!$F$7:$F$106)*(C$1<='Gastos com Pessoal'!$G$7:$G$106)*(IF('Gastos com Pessoal'!$M$7:$M$106<=C$1,1,0))*INDIRECT(CONCATENATE("'Gastos com Pessoal'!",$BB49)))+SUM((C$1>='Gastos com Pessoal'!$F$113:$F$122)*(C$1<='Gastos com Pessoal'!$G$113:$G$122)*(IF('Gastos com Pessoal'!$M$113:$M$122<=C$1,1,0))*INDIRECT(CONCATENATE("'Gastos com Pessoal'!",$BC49)))+SUM((C$1>='Gastos com Pessoal'!$F$7:$F$106)*(C$1<='Gastos com Pessoal'!$G$7:$G$106)*(IF('Gastos com Pessoal'!$R$7:$R$106<=C$1,1,0))*INDIRECT(CONCATENATE("'Gastos com Pessoal'!",$BD49)))+SUM((C$1>='Gastos com Pessoal'!$F$113:$F$122)*(C$1<='Gastos com Pessoal'!$G$113:$G$122)*(IF('Gastos com Pessoal'!$R$113:$R$122<=C$1,1,0))*INDIRECT(CONCATENATE("'Gastos com Pessoal'!",$BE49)))} -> 0 | D49: {=SUM((D$1>='Gastos com Pessoal'!$F$7:$F$106)*(D$1<='Gastos com Pessoal'!$G$7:$G$106)*INDIRECT(CONCATENATE("'Encargos e Benefícios'!",$AX49)))+SUM((D$1>='Gastos com Pessoal'!$F$113:$F$122)*(D$1<='Gastos com Pessoal'!$G$113:$G$122)*INDIRECT(CONCATENATE("'Encargos e Benefícios'!",$AY49)))+SUM((D$1>='Gastos com Pessoal'!$F$7:$F$106)*(D$1<='Gastos com Pessoal'!$G$7:$G$106)*(IF('Gastos com Pessoal'!$H$7:$H$106<=D$1,1,0))*INDIRECT(CONCATENATE("'Gastos com Pessoal'!",$AZ49)))+SUM((D$1>='Gastos com Pessoal'!$F$113:$F$122)*(D$1<='Gastos com Pessoal'!$G$113:$G$122)*(IF('Gastos com Pessoal'!$H$113:$H$122<=D$1,1,0))*INDIRECT(CONCATENATE("'Gastos com Pessoal'!",$BA49)))+SUM((D$1>='Gastos com Pessoal'!$F$7:$F$106)*(D$1<='Gastos com Pessoal'!$G$7:$G$106)*(IF('Gastos com Pessoal'!$M$7:$M$106<=D$1,1,0))*INDIRECT(CONCATENATE("'Gastos com Pessoal'!",$BB49)))+SUM((D$1>='Gastos com Pessoal'!$F$113:$F$122)*(D$1<='Gastos com Pessoal'!$G$113:$G$122)*(IF('Gastos com Pessoal'!$M$113:$M$122<=D$1,1,0))*INDIRECT(CONCATENATE("'Gastos com Pessoal'!",$BC49)))+SUM((D$1>='Gastos com Pessoal'!$F$7:$F$106)*(D$1<='Gastos com Pessoal'!$G$7:$G$106)*(IF('Gastos com Pessoal'!$R$7:$R$106<=D$1,1,0))*INDIRECT(CONCATENATE("'Gastos com Pessoal'!",$BD49)))+SUM((D$1>='Gastos com Pessoal'!$F$113:$F$122)*(D$1<='Gastos com Pessoal'!$G$113:$G$122)*(IF('Gastos com Pessoal'!$R$113:$R$122<=D$1,1,0))*INDIRECT(CONCATENATE("'Gastos com Pessoal'!",$BE49)))} -> 0 | E49: {=SUM((E$1>='Gastos com Pessoal'!$F$7:$F$106)*(E$1<='Gastos com Pessoal'!$G$7:$G$106)*INDIRECT(CONCATENATE("'Encargos e Benefícios'!",$AX49)))+SUM((E$1>='Gastos com Pessoal'!$F$113:$F$122)*(E$1<='Gastos com Pessoal'!$G$113:$G$122)*INDIRECT(CONCATENATE("'Encargos e Benefícios'!",$AY49)))+SUM((E$1>='Gastos com Pessoal'!$F$7:$F$106)*(E$1<='Gastos com Pessoal'!$G$7:$G$106)*(IF('Gastos com Pessoal'!$H$7:$H$106<=E$1,1,0))*INDIRECT(CONCATENATE("'Gastos com Pessoal'!",$AZ49)))+SUM((E$1>='Gastos com Pessoal'!$F$113:$F$122)*(E$1<='Gastos com Pessoal'!$G$113:$G$122)*(IF('Gastos com Pessoal'!$H$113:$H$122<=E$1,1,0))*INDIRECT(CONCATENATE("'Gastos com Pessoal'!",$BA49)))+SUM((E$1>='Gastos com Pessoal'!$F$7:$F$106)*(E$1<='Gastos com Pessoal'!$G$7:$G$106)*(IF('Gastos com Pessoal'!$M$7:$M$106<=E$1,1,0))*INDIRECT(CONCATENATE("'Gastos com Pessoal'!",$BB49)))+SUM((E$1>='Gastos com Pessoal'!$F$113:$F$122)*(E$1<='Gastos com Pessoal'!$G$113:$G$122)*(IF('Gastos com Pessoal'!$M$113:$M$122<=E$1,1,0))*INDIRECT(CONCATENATE("'Gastos com Pessoal'!",$BC49)))+SUM((E$1>='Gastos com Pessoal'!$F$7:$F$106)*(E$1<='Gastos com Pessoal'!$G$7:$G$106)*(IF('Gastos com Pessoal'!$R$7:$R$106<=E$1,1,0))*INDIRECT(CONCATENATE("'Gastos com Pessoal'!",$BD49)))+SUM((E$1>='Gastos com Pessoal'!$F$113:$F$122)*(E$1<='Gastos com Pessoal'!$G$113:$G$122)*(IF('Gastos com Pessoal'!$R$113:$R$122<=E$1,1,0))*INDIRECT(CONCATENATE("'Gastos com Pessoal'!",$BE49)))} -> 0 | F49: {=SUM((F$1>='Gastos com Pessoal'!$F$7:$F$106)*(F$1<='Gastos com Pessoal'!$G$7:$G$106)*INDIRECT(CONCATENATE("'Encargos e Benefícios'!",$AX49)))+SUM((F$1>='Gastos com Pessoal'!$F$113:$F$122)*(F$1<='Gastos com Pessoal'!$G$113:$G$122)*INDIRECT(CONCATENATE("'Encargos e Benefícios'!",$AY49)))+SUM((F$1>='Gastos com Pessoal'!$F$7:$F$106)*(F$1<='Gastos com Pessoal'!$G$7:$G$106)*(IF('Gastos com Pessoal'!$H$7:$H$106<=F$1,1,0))*INDIRECT(CONCATENATE("'Gastos com Pessoal'!",$AZ49)))+SUM((F$1>='Gastos com Pessoal'!$F$113:$F$122)*(F$1<='Gastos com Pessoal'!$G$113:$G$122)*(IF('Gastos com Pessoal'!$H$113:$H$122<=F$1,1,0))*INDIRECT(CONCATENATE("'Gastos com Pessoal'!",$BA49)))+SUM((F$1>='Gastos com Pessoal'!$F$7:$F$106)*(F$1<='Gastos com Pessoal'!$G$7:$G$106)*(IF('Gastos com Pessoal'!$M$7:$M$106<=F$1,1,0))*INDIRECT(CONCATENATE("'Gastos com Pessoal'!",$BB49)))+SUM((F$1>='Gastos com Pessoal'!$F$113:$F$122)*(F$1<='Gastos com Pessoal'!$G$113:$G$122)*(IF('Gastos com Pessoal'!$M$113:$M$122<=F$1,1,0))*INDIRECT(CONCATENATE("'Gastos com Pessoal'!",$BC49)))+SUM((F$1>='Gastos com Pessoal'!$F$7:$F$106)*(F$1<='Gastos com Pessoal'!$G$7:$G$106)*(IF('Gastos com Pessoal'!$R$7:$R$106<=F$1,1,0))*INDIRECT(CONCATENATE("'Gastos com Pessoal'!",$BD49)))+SUM((F$1>='Gastos com Pessoal'!$F$113:$F$122)*(F$1<='Gastos com Pessoal'!$G$113:$G$122)*(IF('Gastos com Pessoal'!$R$113:$R$122<=F$1,1,0))*INDIRECT(CONCATENATE("'Gastos com Pessoal'!",$BE49)))} -> 0 | G49: {=SUM((G$1>='Gastos com Pessoal'!$F$7:$F$106)*(G$1<='Gastos com Pessoal'!$G$7:$G$106)*INDIRECT(CONCATENATE("'Encargos e Benefícios'!",$AX49)))+SUM((G$1>='Gastos com Pessoal'!$F$113:$F$122)*(G$1<='Gastos com Pessoal'!$G$113:$G$122)*INDIRECT(CONCATENATE("'Encargos e Benefícios'!",$AY49)))+SUM((G$1>='Gastos com Pessoal'!$F$7:$F$106)*(G$1<='Gastos com Pessoal'!$G$7:$G$106)*(IF('Gastos com Pessoal'!$H$7:$H$106<=G$1,1,0))*INDIRECT(CONCATENATE("'Gastos com Pessoal'!",$AZ49)))+SUM((G$1>='Gastos com Pessoal'!$F$113:$F$122)*(G$1<='Gastos com Pessoal'!$G$113:$G$122)*(IF('Gastos com Pessoal'!$H$113:$H$122<=G$1,1,0))*INDIRECT(CONCATENATE("'Gastos com Pessoal'!",$BA49)))+SUM((G$1>='Gastos com Pessoal'!$F$7:$F$106)*(G$1<='Gastos com Pessoal'!$G$7:$G$106)*(IF('Gastos com Pessoal'!$M$7:$M$106<=G$1,1,0))*INDIRECT(CONCATENATE("'Gastos com Pessoal'!",$BB49)))+SUM((G$1>='Gastos com Pessoal'!$F$113:$F$122)*(G$1<='Gastos com Pessoal'!$G$113:$G$122)*(IF('Gastos com Pessoal'!$M$113:$M$122<=G$1,1,0))*INDIRECT(CONCATENATE("'Gastos com Pessoal'!",$BC49)))+SUM((G$1>='Gastos com Pessoal'!$F$7:$F$106)*(G$1<='Gastos com Pessoal'!$G$7:$G$106)*(IF('Gastos com Pessoal'!$R$7:$R$106<=G$1,1,0))*INDIRECT(CONCATENATE("'Gastos com Pessoal'!",$BD49)))+SUM((G$1>='Gastos com Pessoal'!$F$113:$F$122)*(G$1<='Gastos com Pessoal'!$G$113:$G$122)*(IF('Gastos com Pessoal'!$R$113:$R$122<=G$1,1,0))*INDIRECT(CONCATENATE("'Gastos com Pessoal'!",$BE49)))} -> 0 | H49: {=SUM((H$1>='Gastos com Pessoal'!$F$7:$F$106)*(H$1<='Gastos com Pessoal'!$G$7:$G$106)*INDIRECT(CONCATENATE("'Encargos e Benefícios'!",$AX49)))+SUM((H$1>='Gastos com Pessoal'!$F$113:$F$122)*(H$1<='Gastos com Pessoal'!$G$113:$G$122)*INDIRECT(CONCATENATE("'Encargos e Benefícios'!",$AY49)))+SUM((H$1>='Gastos com Pessoal'!$F$7:$F$106)*(H$1<='Gastos com Pessoal'!$G$7:$G$106)*(IF('Gastos com Pessoal'!$H$7:$H$106<=H$1,1,0))*INDIRECT(CONCATENATE("'Gastos com Pessoal'!",$AZ49)))+SUM((H$1>='Gastos com Pessoal'!$F$113:$F$122)*(H$1<='Gastos com Pessoal'!$G$113:$G$122)*(IF('Gastos com Pessoal'!$H$113:$H$122<=H$1,1,0))*INDIRECT(CONCATENATE("'Gastos com Pessoal'!",$BA49)))+SUM((H$1>='Gastos com Pessoal'!$F$7:$F$106)*(H$1<='Gastos com Pessoal'!$G$7:$G$106)*(IF('Gastos com Pessoal'!$M$7:$M$106<=H$1,1,0))*INDIRECT(CONCATENATE("'Gastos com Pessoal'!",$BB49)))+SUM((H$1>='Gastos com Pessoal'!$F$113:$F$122)*(H$1<='Gastos com Pessoal'!$G$113:$G$122)*(IF('Gastos com Pessoal'!$M$113:$M$122<=H$1,1,0))*INDIRECT(CONCATENATE("'Gastos com Pessoal'!",$BC49)))+SUM((H$1>='Gastos com Pessoal'!$F$7:$F$106)*(H$1<='Gastos com Pessoal'!$G$7:$G$106)*(IF('Gastos com Pessoal'!$R$7:$R$106<=H$1,1,0))*INDIRECT(CONCATENATE("'Gastos com Pessoal'!",$BD49)))+SUM((H$1>='Gastos com Pessoal'!$F$113:$F$122)*(H$1<='Gastos com Pessoal'!$G$113:$G$122)*(IF('Gastos com Pessoal'!$R$113:$R$122<=H$1,1,0))*INDIRECT(CONCATENATE("'Gastos com Pessoal'!",$BE49)))} -> 0 | I49: {=SUM((I$1>='Gastos com Pessoal'!$F$7:$F$106)*(I$1<='Gastos com Pessoal'!$G$7:$G$106)*INDIRECT(CONCATENATE("'Encargos e Benefícios'!",$AX49)))+SUM((I$1>='Gastos com Pessoal'!$F$113:$F$122)*(I$1<='Gastos com Pessoal'!$G$113:$G$122)*INDIRECT(CONCATENATE("'Encargos e Benefícios'!",$AY49)))+SUM((I$1>='Gastos com Pessoal'!$F$7:$F$106)*(I$1<='Gastos com Pessoal'!$G$7:$G$106)*(IF('Gastos com Pessoal'!$H$7:$H$106<=I$1,1,0))*INDIRECT(CONCATENATE("'Gastos com Pessoal'!",$AZ49)))+SUM((I$1>='Gastos com Pessoal'!$F$113:$F$122)*(I$1<='Gastos com Pessoal'!$G$113:$G$122)*(IF('Gastos com Pessoal'!$H$113:$H$122<=I$1,1,0))*INDIRECT(CONCATENATE("'Gastos com Pessoal'!",$BA49)))+SUM((I$1>='Gastos com Pessoal'!$F$7:$F$106)*(I$1<='Gastos com Pessoal'!$G$7:$G$106)*(IF('Gastos com Pessoal'!$M$7:$M$106<=I$1,1,0))*INDIRECT(CONCATENATE("'Gastos com Pessoal'!",$BB49)))+SUM((I$1>='Gastos com Pessoal'!$F$113:$F$122)*(I$1<='Gastos com Pessoal'!$G$113:$G$122)*(IF('Gastos com Pessoal'!$M$113:$M$122<=I$1,1,0))*INDIRECT(CONCATENATE("'Gastos com Pessoal'!",$BC49)))+SUM((I$1>='Gastos com Pessoal'!$F$7:$F$106)*(I$1<='Gastos com Pessoal'!$G$7:$G$106)*(IF('Gastos com Pessoal'!$R$7:$R$106<=I$1,1,0))*INDIRECT(CONCATENATE("'Gastos com Pessoal'!",$BD49)))+SUM((I$1>='Gastos com Pessoal'!$F$113:$F$122)*(I$1<='Gastos com Pessoal'!$G$113:$G$122)*(IF('Gastos com Pessoal'!$R$113:$R$122<=I$1,1,0))*INDIRECT(CONCATENATE("'Gastos com Pessoal'!",$BE49)))} -> 0 | J49: {=SUM((J$1>='Gastos com Pessoal'!$F$7:$F$106)*(J$1<='Gastos com Pessoal'!$G$7:$G$106)*INDIRECT(CONCATENATE("'Encargos e Benefícios'!",$AX49)))+SUM((J$1>='Gastos com Pessoal'!$F$113:$F$122)*(J$1<='Gastos com Pessoal'!$G$113:$G$122)*INDIRECT(CONCATENATE("'Encargos e Benefícios'!",$AY49)))+SUM((J$1>='Gastos com Pessoal'!$F$7:$F$106)*(J$1<='Gastos com Pessoal'!$G$7:$G$106)*(IF('Gastos com Pessoal'!$H$7:$H$106<=J$1,1,0))*INDIRECT(CONCATENATE("'Gastos com Pessoal'!",$AZ49)))+SUM((J$1>='Gastos com Pessoal'!$F$113:$F$122)*(J$1<='Gastos com Pessoal'!$G$113:$G$122)*(IF('Gastos com Pessoal'!$H$113:$H$122<=J$1,1,0))*INDIRECT(CONCATENATE("'Gastos com Pessoal'!",$BA49)))+SUM((J$1>='Gastos com Pessoal'!$F$7:$F$106)*(J$1<='Gastos com Pessoal'!$G$7:$G$106)*(IF('Gastos com Pessoal'!$M$7:$M$106<=J$1,1,0))*INDIRECT(CONCATENATE("'Gastos com Pessoal'!",$BB49)))+SUM((J$1>='Gastos com Pessoal'!$F$113:$F$122)*(J$1<='Gastos com Pessoal'!$G$113:$G$122)*(IF('Gastos com Pessoal'!$M$113:$M$122<=J$1,1,0))*INDIRECT(CONCATENATE("'Gastos com Pessoal'!",$BC49)))+SUM((J$1>='Gastos com Pessoal'!$F$7:$F$106)*(J$1<='Gastos com Pessoal'!$G$7:$G$106)*(IF('Gastos com Pessoal'!$R$7:$R$106<=J$1,1,0))*INDIRECT(CONCATENATE("'Gastos com Pessoal'!",$BD49)))+SUM((J$1>='Gastos com Pessoal'!$F$113:$F$122)*(J$1<='Gastos com Pessoal'!$G$113:$G$122)*(IF('Gastos com Pessoal'!$R$113:$R$122<=J$1,1,0))*INDIRECT(CONCATENATE("'Gastos com Pessoal'!",$BE49)))} -> 0 | ... AL49: {=SUM((AL$1>='Gastos com Pessoal'!$F$7:$F$106)*(AL$1<='Gastos com Pessoal'!$G$7:$G$106)*INDIRECT(CONCATENATE("'Encargos e Benefícios'!",$AX49)))+SUM((AL$1>='Gastos com Pessoal'!$F$113:$F$122)*(AL$1<='Gastos com Pessoal'!$G$113:$G$122)*INDIRECT(CONCATENATE("'Encargos e Benefícios'!",$AY49)))+SUM((AL$1>='Gastos com Pessoal'!$F$7:$F$106)*(AL$1<='Gastos com Pessoal'!$G$7:$G$106)*(IF('Gastos com Pessoal'!$H$7:$H$106<=AL$1,1,0))*INDIRECT(CONCATENATE("'Gastos com Pessoal'!",$AZ49)))+SUM((AL$1>='Gastos com Pessoal'!$F$113:$F$122)*(AL$1<='Gastos com Pessoal'!$G$113:$G$122)*(IF('Gastos com Pessoal'!$H$113:$H$122<=AL$1,1,0))*INDIRECT(CONCATENATE("'Gastos com Pessoal'!",$BA49)))+SUM((AL$1>='Gastos com Pessoal'!$F$7:$F$106)*(AL$1<='Gastos com Pessoal'!$G$7:$G$106)*(IF('Gastos com Pessoal'!$M$7:$M$106<=AL$1,1,0))*INDIRECT(CONCATENATE("'Gastos com Pessoal'!",$BB49)))+SUM((AL$1>='Gastos com Pessoal'!$F$113:$F$122)*(AL$1<='Gastos com Pessoal'!$G$113:$G$122)*(IF('Gastos com Pessoal'!$M$113:$M$122<=AL$1,1,0))*INDIRECT(CONCATENATE("'Gastos com Pessoal'!",$BC49)))+SUM((AL$1>='Gastos com Pessoal'!$F$7:$F$106)*(AL$1<='Gastos com Pessoal'!$G$7:$G$106)*(IF('Gastos com Pessoal'!$R$7:$R$106<=AL$1,1,0))*INDIRECT(CONCATENATE("'Gastos com Pessoal'!",$BD49)))+SUM((AL$1>='Gastos com Pessoal'!$F$113:$F$122)*(AL$1<='Gastos com Pessoal'!$G$113:$G$122)*(IF('Gastos com Pessoal'!$R$113:$R$122<=AL$1,1,0))*INDIRECT(CONCATENATE("'Gastos com Pessoal'!",$BE49)))} -> 0 | AM49: =SUM(C49:AL49) -> 0 | AN49: =IF($AM$133=0,0,AM49/$AM$133) -> 0 | AW49: Quadruplicada | AX49: =IF(ISNA('Encargos e Benefícios'!AA6),"$ZZ$6:$ZZ$105",'Encargos e Benefícios'!AA6) -> $ZZ$6:$ZZ$105 | AY49: =IF(ISNA('Encargos e Benefícios'!AC6),"$ZZ$112:$ZZ$121",'Encargos e Benefícios'!AC6) -> $ZZ$112:$ZZ$121 | AZ49: =IF(ISNA('Gastos com Pessoal'!AU6),"$ZZ$6:$ZZ$105",'Gastos com Pessoal'!AU6) -> $ZZ$6:$ZZ$105 | BA49: =IF(ISNA('Gastos com Pessoal'!AW6),"$ZZ$112:$ZZ$121",'Gastos com Pessoal'!AW6) -> $ZZ$112:$ZZ$121 | BB49: =IF(ISNA('Gastos com Pessoal'!AY6),"$ZZ$6:$ZZ$105",'Gastos com Pessoal'!AY6) -> $ZZ$6:$ZZ$105 | BC49: =IF(ISNA('Gastos com Pessoal'!BA6),"$ZZ$112:$ZZ$121",'Gastos com Pessoal'!BA6) -> $ZZ$112:$ZZ$121 | BD49: =IF(ISNA('Gastos com Pessoal'!BC6),"$ZZ$6:$ZZ$105",'Gastos com Pessoal'!BC6) -> $ZZ$6:$ZZ$105 | BE49: =IF(ISNA('Gastos com Pessoal'!BE6),"$ZZ$112:$ZZ$121",'Gastos com Pessoal'!BE6) -> $ZZ$112:$ZZ$121
